Workbook
Name In_Out_Both_No: '[1]Selection Options'!$A$15:$A$18
Name Yes_No: '[1]Selection Options'!$A$4:$A$5

Sheet Change Log
A1: File Version (Web Publish Date) | B1: Tab(s) | C1: Description | D1: Purpose | E1: Did change impact caclulations? | F1: Change incorporated? | G1: Initials & Date Performed
A2: 44256 | B2: Rate File | C2: Add this change log, as first tab (hidden from users) | D2: Maintain configuation control primarily for data | E2: No | F2: Yes | G2: DP - 3/4/21
A3: 44256 | B3: Space | C3: Add back Space tab into overall file | D3: Provide information helpful to SoM | E3: No | F3: Yes | G3: DP - 3/4/21
A4: 44256 | B4: All | C4: Unlock all cells | D4: To ensure overall ability for cell updates | E4: No | F4: Yes | G4: DP - 3/4/21
A5: 44256 | B5: Depreciation | C5: Add more rows for total of 50 | D5: Provide analysts more input capability | E5: Yes? | F5: Yes | G5: DP - 3/4/21
A6: 44256 | B6: Usage | C6: Add cell in column N for total prior year revenue | D6: Provide analysts automatic calculation | E6: Yes? | F6: Yes | G6: DP - 3/4/21
A7: 44276 | B7: Summary Yr 1& 2 | C7: Add comment to subsidy tab “Value for Subsidy Received should match the Add’l Costs tab, In Proposal column”. | D7: Clarify use of the Add'l cost sheet for analysts | E7: No | F7: Yes | G7: DP - 3/4/21
A8: 44256 | B8: Usage | C8: Lock ONLY calculation cells (highlighted purple) with appropriate password for this configuration, as documented on OneDoc | D8: Allow analysts flexibility to use other cells, as needed | E8: No | F8: Yes | G8: DP - 3/4/21
A9: 44256 | B9: Salaries | C9: Lock ONLY calculation cells (highlighted purple) with appropriate password for this configuration, as documented on OneDoc | D9: Allow analysts flexibility to use other cells, as needed | E9: No | F9: Yes | G9: DP - 3/4/21
A10: 44256 | B10: Depreciation | C10: Lock ONLY calculation cells (highlighted purple) with appropriate password for this configuration, as documented on OneDoc | D10: Allow analysts flexibility to use other cells, as needed | E10: No | F10: Yes | G10: DP - 3/4/21
A11: 44256 | B11: Other Costs | C11: Lock ONLY calculation cells (highlighted purple) with appropriate password for this configuration, as documented on OneDoc | D11: Allow analysts flexibility to use other cells, as needed | E11: No | F11: Yes | G11: DP - 3/4/21
A12: 44256 | B12: Summary Year 1 | C12: Lock ONLY calculation cells (highlighted purple) with appropriate password for this configuration, as documented on OneDoc | D12: Allow analysts flexibility to use other cells, as needed | E12: No | F12: Yes | G12: DP - 3/4/21
A13: 44256 | B13: Summary Year 1 | C13: Validate Subsidy Calculation; should be reduction to Internal Rate only. Enabling Internal with Subsidy (subtracted from) and without Subsidy (fully costed) | D13: Ensure calcuation consistent among templates | E13: No | F13: Yes | G13: DP - 3/10/21
... A17: 45911 | B17: Multiple | C17: Added Salary cap worksheet. Deleted not in use tabs | D17: Salary cap compliance and to reduce bloat | E17: No | F17: Yes | G17: RF - 9/11/25
A18: Future | B18: Usage | C18: On Usage tab, add cell for time window & MyFD

Sheet Instructions and Guidance
A1: Instructions & Guidance | K1: Template updated by MAA as of: | L1: 46010
K2: Version: | L2: 4
A3: Color Index
A4: Yellow | B4: Filled in by the Center
A5: Purple | B5: Filled in via Formulas
A6: Green | B6: Tips & Guidance
D10: Instructions
D34: Guidance

Sheet General Information
A1: General Information
A3: Center Information
A4: Center Name:
A5: Cost Center RefID
A6: Center Location(s), (Building #, Room #)
A7: Year 1 Rate Begin Date:
A8: Year 1 Rate End Date:
A9: Institutional Overhead Rate:
A11: Contact Information
A12: Name:
A13: Email
A14: Box#:
... A25: General Questions
A26: Question | B26: Answer
A27: 1) Will the activities/services of your center generate external revenues?
A28: 2) How often will you sell goods/services to external users?
A29: 3) Do the activities/services offered by your center support the primary mission of the University, aside from generating revenue? If yes, please explain how the activity supports the University mission:
A30: =IF(B29="Yes", "Please explain how the activity supports the primary University mission below:", "")
A32: 4) If your center provides services that generate external revenue, have you conducted a marketplace analysis? Please explain.1
A33: 5) Do you have faculty/staff over the current NIH salary cap? | B33: If yes, please use "Salary Cap Worksheet" to determine allowable salary.
A34: 1 Please see RCW 28B.63 or reach out to MAA for more information
A35: Please see MAA website for Marketplace Analysis Template

Sheet Usage
A1: Usage & Description of Rates
A2: Purpose: Provide a short description of the services for each rate and the number of units expected to be sold.
A6: Rate | B6: Name | C6: Short Description | D6: Unit Base* | E6: Prior Year Estimate | F6: Units Sold | L6: Prior Year Expected Revenues | Q6: Year 1 | U6: Year 2
F7: Prior Year Actual Internal | G7: Prior Year Actual External | H7: Proposal Estimate Yr-1 Internal | I7: Proposal Estimate Yr-1 External | J7: Proposal Estimate Yr-2 Internal | K7: Proposal Estimate Yr-2 External | L7: Prior Year Rates ( Internal) | M7: Prior Year Rates ( External) | N7: Prior Year Expected Revenues | P7: Difference between Prior Year Estimate and Actual ( Internal + External) | Q7: Est Chg Pr Yr Actual vs Year 1 Proposal INTERNAL | R7: % Chg INTERNAL | S7: Est Chg Pr Yr Actual vs Year 1 Proposal EXTERNAL | T7: % Chg EXTERNAL | U7: Est Chg Pr Yr Actual vs Year 2 Proposal INTERNAL | V7: % Chg INTERNAL | W7: Est Chg Pr Yr Actual vs Year 2 Proposal EXTERNAL | X7: % Chg EXTERNAL
A8: Center Overhead | B8: Center Overhead
A9: Rate 1 | N9: =(F9*L9)+(G9*M9) -> 0 | P9: =(F9+G9)-E9 -> 0 | Q9: =H9-F9 -> 0 | R9: =IF(H9+F9<>0,((H9-F9)/F9),0) -> 0 | S9: =I9-G9 -> 0 | T9: =IF(I9+G9<>0,((I9-G9)/G9),0) -> 0 | U9: =J9-F9 -> 0 | V9: =IF(J9+F9<>0,((J9-F9)/F9),0) -> 0 | W9: =K9-G9 -> 0 | X9: =IF(K9+G9<>0,((K9-G9)/G9),0) -> 0
A10: Rate 2 | N10: =(F10*L10)+(G10*M10) -> 0 | P10: =(F10+G10)-E10 -> 0 | Q10: =H10-F10 -> 0 | R10: =IF(H10+F10<>0,((H10-F10)/F10),0) -> 0 | S10: =I10-G10 -> 0 | T10: =IF(I10+G10<>0,((I10-G10)/G10),0) -> 0 | U10: =J10-F10 -> 0 | V10: =IF(J10+F10<>0,((J10-F10)/F10),0) -> 0 | W10: =K10-G10 -> 0 | X10: =IF(K10+G10<>0,((K10-G10)/G10),0) -> 0
A11: Rate 3 | N11: =(F11*L11)+(G11*M11) -> 0 | P11: =(F11+G11)-E11 -> 0 | Q11: =H11-F11 -> 0 | R11: =IF(H11+F11<>0,((H11-F11)/F11),0) -> 0 | S11: =I11-G11 -> 0 | T11: =IF(I11+G11<>0,((I11-G11)/G11),0) -> 0 | U11: =J11-F11 -> 0 | V11: =IF(J11+F11<>0,((J11-F11)/F11),0) -> 0 | W11: =K11-G11 -> 0 | X11: =IF(K11+G11<>0,((K11-G11)/G11),0) -> 0
A12: Rate 4 | N12: =(F12*L12)+(G12*M12) -> 0 | P12: =(F12+G12)-E12 -> 0 | Q12: =H12-F12 -> 0 | R12: =IF(H12+F12<>0,((H12-F12)/F12),0) -> 0 | S12: =I12-G12 -> 0 | T12: =IF(I12+G12<>0,((I12-G12)/G12),0) -> 0 | U12: =J12-F12 -> 0 | V12: =IF(J12+F12<>0,((J12-F12)/F12),0) -> 0 | W12: =K12-G12 -> 0 | X12: =IF(K12+G12<>0,((K12-G12)/G12),0) -> 0
A13: Rate 5 | N13: =(F13*L13)+(G13*M13) -> 0 | P13: =(F13+G13)-E13 -> 0 | Q13: =H13-F13 -> 0 | R13: =IF(H13+F13<>0,((H13-F13)/F13),0) -> 0 | S13: =I13-G13 -> 0 | T13: =IF(I13+G13<>0,((I13-G13)/G13),0) -> 0 | U13: =J13-F13 -> 0 | V13: =IF(J13+F13<>0,((J13-F13)/F13),0) -> 0 | W13: =K13-G13 -> 0 | X13: =IF(K13+G13<>0,((K13-G13)/G13),0) -> 0
A14: Rate 6 | N14: =(F14*L14)+(G14*M14) -> 0 | P14: =(F14+G14)-E14 -> 0 | Q14: =H14-F14 -> 0 | R14: =IF(H14+F14<>0,((H14-F14)/F14),0) -> 0 | S14: =I14-G14 -> 0 | T14: =IF(I14+G14<>0,((I14-G14)/G14),0) -> 0 | U14: =J14-F14 -> 0 | V14: =IF(J14+F14<>0,((J14-F14)/F14),0) -> 0 | W14: =K14-G14 -> 0 | X14: =IF(K14+G14<>0,((K14-G14)/G14),0) -> 0
A15: Rate 7 | N15: =(F15*L15)+(G15*M15) -> 0 | P15: =(F15+G15)-E15 -> 0 | Q15: =H15-F15 -> 0 | R15: =IF(H15+F15<>0,((H15-F15)/F15),0) -> 0 | S15: =I15-G15 -> 0 | T15: =IF(I15+G15<>0,((I15-G15)/G15),0) -> 0 | U15: =J15-F15 -> 0 | V15: =IF(J15+F15<>0,((J15-F15)/F15),0) -> 0 | W15: =K15-G15 -> 0 | X15: =IF(K15+G15<>0,((K15-G15)/G15),0) -> 0
A16: Rate 8 | N16: =(F16*L16)+(G16*M16) -> 0 | P16: =(F16+G16)-E16 -> 0 | Q16: =H16-F16 -> 0 | R16: =IF(H16+F16<>0,((H16-F16)/F16),0) -> 0 | S16: =I16-G16 -> 0 | T16: =IF(I16+G16<>0,((I16-G16)/G16),0) -> 0 | U16: =J16-F16 -> 0 | V16: =IF(J16+F16<>0,((J16-F16)/F16),0) -> 0 | W16: =K16-G16 -> 0 | X16: =IF(K16+G16<>0,((K16-G16)/G16),0) -> 0
A17: Rate 9 | N17: =(F17*L17)+(G17*M17) -> 0 | P17: =(F17+G17)-E17 -> 0 | Q17: =H17-F17 -> 0 | R17: =IF(H17+F17<>0,((H17-F17)/F17),0) -> 0 | S17: =I17-G17 -> 0 | T17: =IF(I17+G17<>0,((I17-G17)/G17),0) -> 0 | U17: =J17-F17 -> 0 | V17: =IF(J17+F17<>0,((J17-F17)/F17),0) -> 0 | W17: =K17-G17 -> 0 | X17: =IF(K17+G17<>0,((K17-G17)/G17),0) -> 0
A18: Rate 10 | N18: =(F18*L18)+(G18*M18) -> 0 | P18: =(F18+G18)-E18 -> 0 | Q18: =H18-F18 -> 0 | R18: =IF(H18+F18<>0,((H18-F18)/F18),0) -> 0 | S18: =I18-G18 -> 0 | T18: =IF(I18+G18<>0,((I18-G18)/G18),0) -> 0 | U18: =J18-F18 -> 0 | V18: =IF(J18+F18<>0,((J18-F18)/F18),0) -> 0 | W18: =K18-G18 -> 0 | X18: =IF(K18+G18<>0,((K18-G18)/G18),0) -> 0
A19: Rate 11 | N19: =(F19*L19)+(G19*M19) -> 0 | P19: =(F19+G19)-E19 -> 0 | Q19: =H19-F19 -> 0 | R19: =IF(H19+F19<>0,((H19-F19)/F19),0) -> 0 | S19: =I19-G19 -> 0 | T19: =IF(I19+G19<>0,((I19-G19)/G19),0) -> 0 | U19: =J19-F19 -> 0 | V19: =IF(J19+F19<>0,((J19-F19)/F19),0) -> 0 | W19: =K19-G19 -> 0 | X19: =IF(K19+G19<>0,((K19-G19)/G19),0) -> 0
A20: Rate 12 | N20: =(F20*L20)+(G20*M20) -> 0 | P20: =(F20+G20)-E20 -> 0 | Q20: =H20-F20 -> 0 | R20: =IF(H20+F20<>0,((H20-F20)/F20),0) -> 0 | S20: =I20-G20 -> 0 | T20: =IF(I20+G20<>0,((I20-G20)/G20),0) -> 0 | U20: =J20-F20 -> 0 | V20: =IF(J20+F20<>0,((J20-F20)/F20),0) -> 0 | W20: =K20-G20 -> 0 | X20: =IF(K20+G20<>0,((K20-G20)/G20),0) -> 0
... A33: Rate 25 | N33: =(F33*L33)+(G33*M33) -> 0 | P33: =(F33+G33)-E33 -> 0 | Q33: =H33-F33 -> 0 | R33: =IF(H33+F33<>0,((H33-F33)/F33),0) -> 0 | S33: =I33-G33 -> 0 | T33: =IF(I33+G33<>0,((I33-G33)/G33),0) -> 0 | U33: =J33-F33 -> 0 | V33: =IF(J33+F33<>0,((J33-F33)/F33),0) -> 0 | W33: =K33-G33 -> 0 | X33: =IF(K33+G33<>0,((K33-G33)/G33),0) -> 0
A34: Rate 26 | N34: =(F34*L34)+(G34*M34) -> 0 | P34: =(F34+G34)-E34 -> 0 | Q34: =H34-F34 -> 0 | R34: =IF(H34+F34<>0,((H34-F34)/F34),0) -> 0 | S34: =I34-G34 -> 0 | T34: =IF(I34+G34<>0,((I34-G34)/G34),0) -> 0
A35: Rate 27 | N35: =(F35*L35)+(G35*M35) -> 0 | P35: =(F35+G35)-E35 -> 0 | Q35: =H35-F35 -> 0 | R35: =IF(H35+F35<>0,((H35-F35)/F35),0) -> 0 | S35: =I35-G35 -> 0 | T35: =IF(I35+G35<>0,((I35-G35)/G35),0) -> 0
A36: Rate 28 | N36: =(F36*L36)+(G36*M36) -> 0 | P36: =(F36+G36)-E36 -> 0 | Q36: =H36-F36 -> 0 | R36: =IF(H36+F36<>0,((H36-F36)/F36),0) -> 0 | S36: =I36-G36 -> 0 | T36: =IF(I36+G36<>0,((I36-G36)/G36),0) -> 0
A37: Rate 29 | N37: =(F37*L37)+(G37*M37) -> 0 | P37: =(F37+G37)-E37 -> 0 | Q37: =H37-F37 -> 0 | R37: =IF(H37+F37<>0,((H37-F37)/F37),0) -> 0 | S37: =I37-G37 -> 0 | T37: =IF(I37+G37<>0,((I37-G37)/G37),0) -> 0
A38: Rate 30 | N38: =(F38*L38)+(G38*M38) -> 0 | P38: =(F38+G38)-E38 -> 0 | Q38: =H38-F38 -> 0 | R38: =IF(H38+F38<>0,((H38-F38)/F38),0) -> 0 | S38: =I38-G38 -> 0 | T38: =IF(I38+G38<>0,((I38-G38)/G38),0) -> 0
A39: Rate 31 | N39: =(F39*L39)+(G39*M39) -> 0 | P39: =(F39+G39)-E39 -> 0 | Q39: =H39-F39 -> 0 | R39: =IF(H39+F39<>0,((H39-F39)/F39),0) -> 0 | S39: =I39-G39 -> 0 | T39: =IF(I39+G39<>0,((I39-G39)/G39),0) -> 0
A40: Rate 32 | N40: =(F40*L40)+(G40*M40) -> 0 | P40: =(F40+G40)-E40 -> 0 | Q40: =H40-F40 -> 0 | R40: =IF(H40+F40<>0,((H40-F40)/F40),0) -> 0 | S40: =I40-G40 -> 0 | T40: =IF(I40+G40<>0,((I40-G40)/G40),0) -> 0
A41: Rate 33 | N41: =(F41*L41)+(G41*M41) -> 0 | P41: =(F41+G41)-E41 -> 0 | Q41: =H41-F41 -> 0 | R41: =IF(H41+F41<>0,((H41-F41)/F41),0) -> 0 | S41: =I41-G41 -> 0 | T41: =IF(I41+G41<>0,((I41-G41)/G41),0) -> 0
A42: Rate 34 | N42: =(F42*L42)+(G42*M42) -> 0 | P42: =(F42+G42)-E42 -> 0 | Q42: =H42-F42 -> 0 | R42: =IF(H42+F42<>0,((H42-F42)/F42),0) -> 0 | S42: =I42-G42 -> 0 | T42: =IF(I42+G42<>0,((I42-G42)/G42),0) -> 0
A43: Rate 35 | N43: =(F43*L43)+(G43*M43) -> 0 | P43: =(F43+G43)-E43 -> 0 | Q43: =H43-F43 -> 0 | R43: =IF(H43+F43<>0,((H43-F43)/F43),0) -> 0 | S43: =I43-G43 -> 0 | T43: =IF(I43+G43<>0,((I43-G43)/G43),0) -> 0
A44: Rate 36 | N44: =(F44*L44)+(G44*M44) -> 0 | P44: =(F44+G44)-E44 -> 0 | Q44: =H44-F44 -> 0 | R44: =IF(H44+F44<>0,((H44-F44)/F44),0) -> 0 | S44: =I44-G44 -> 0 | T44: =IF(I44+G44<>0,((I44-G44)/G44),0) -> 0
A45: Rate 37 | N45: =(F45*L45)+(G45*M45) -> 0 | P45: =(F45+G45)-E45 -> 0 | Q45: =H45-F45 -> 0 | R45: =IF(H45+F45<>0,((H45-F45)/F45),0) -> 0 | S45: =I45-G45 -> 0 | T45: =IF(I45+G45<>0,((I45-G45)/G45),0) -> 0
... A58: Rate 50 | N58: =(F58*L58)+(G58*M58) -> 0 | P58: =(F58+G58)-E58 -> 0 | Q58: =H58-F58 -> 0 | R58: =IF(H58+F58<>0,((H58-F58)/F58),0) -> 0 | S58: =I58-G58 -> 0 | T58: =IF(I58+G58<>0,((I58-G58)/G58),0) -> 0
B60: *This is the Unit by which the center bills users. For example, per hour, per sample, etc.. | M60: Total Prior Year's Revenue | N60: =SUM(N9:N33) -> 0
B61: *If your rates require time from staff, please ensure usage is covered by the implied FTE available from the salaries tab. See hours available below
B63: Maximum Billable Hours
B64: Available Hours | D64: 2080 | E64: 40 hours/week * 52 weeks
B65: Less Holidays | D65: 88 | E65: 11 days paid * 8 hours/day
B66: Less Vacation | D66: 80 | E66: Approx # of vacation days/year (in hours)
B67: Less Sick | D67: 40 | E67: Approx # of sick days/year (in hours)
B68: Less Other Down Time | D68: 300 | E68: Approx # of other down time hours (ex. # of meeting or lab management hours per month x 12)
B69: Max Total Billable Hours per FTE | D69: =D64-SUM(D65:D68) -> 1572
C71: FTE from Salaries Tab - Year 1 | D71: =Salaries!H54+SUM(Salaries!H60:H75) -> 0
C72: Hours available for rates - Year 1 | D72: =D71*D69 -> 0
C73: FTE from Salaries Tab - Year 2 | D73: =Salaries!#REF!+SUM(Salaries!#REF!) -> #REF!
C74: Hours available for rates - Year 2 | D74: =D73*D69 -> #REF!
A77: Notes:

Sheet Salaries
A1: Year 1 Salaries & Benefits
A2: Purpose: List personnel paid on the center and allocated S&B to each rate. | E2: Provide the actual benefit percentages for each employee type below
A3: Enter Hourly Employees, Grad Students, Students in separate section below. | E3: Employee Type | F3: Ledger | G3: Fringe Benefit % Yr. 1
A4: 100% of the FTE% on center needs to be allocated to the various rates. | E4: Instruction and Research Faculty | F4: 50000 | G4: 0.226 | HN4: 01-10
E5: Medical Residents | F5: 50010 | G5: 0.285
E6: Residents and Chief Residents | F6: 50020 | G6: 0.285
E7: Graduate Student Appointments | F7: 50030 | G7: 0.182
E8: Post-Doctoral Trainees | F8: 50040 | G8: 0.163
E9: Classified Staff | F9: 50050 | G9: 0.381
E10: Professional Staff | F10: 50060 | G10: 0.3
E11: Professional Staff - Other Contract Staff | F11: 50090 | G11: 0.3
E12: Hourly, Visiting Scientists, and Overtime | F12: 50100 | G12: 0.212
A13: Necessary benefit percentages and growth factors are taken from the table to the right. | E13: Pre-Doctoral Fellows and Trainees | F13: 50110 | G13: 0.252 | HN13: 01-60
A16: =IF('General Information'!B7=0, "Please Enter Start Date On General Information Sheet", "Year 1: "&TEXT('General Information'!B7,"mm/dd/yy")&" to "&TEXT('General Information'!B8-365, "mm/dd/yy")) -> Please Enter Start Date On General Information Sheet
A17: NAME | B17: EMPLOYEE ID NUMBER | C17: Ledger | D17: TITLE | E17: MONTHLY SALARY | F17: BASE SALARY (AT 100% FTE) | G17: BEN % | H17: FTE ON CENTER | I17: TOTAL SALARY | J17: TOTAL BENEFITS | K17: TOTAL SAL & BEN ON CTR | L17: Center Overhead Yr. 1 | P17: Rate 1 Yr. 1 | T17: Rate 2 Yr. 1 | X17: Rate 3 Yr. 1 | AB17: Rate 4 Yr. 1 | AF17: Rate 5 Yr. 1 | AJ17: Rate 6 Yr. 1 | AN17: Rate 7 Yr. 1 | AR17: Rate 8 Yr. 1 | AV17: Rate 9 Yr. 1 | AZ17: Rate 10 Yr. 1 | BD17: Rate 11 Yr. 1 | BH17: Rate 12 Yr. 1 | BL17: Rate 13 Yr. 1 | BP17: Rate 14 Yr. 1 | BT17: Rate 15 Yr. 1 | BX17: Rate 16 Yr. 1 | CB17: Rate 17 Yr. 1 | CF17: Rate 18 Yr. 1 | CJ17: Rate 19 Yr. 1 | CN17: Rate 20 Yr. 1 | CR17: Rate 21 Yr. 1 | CV17: Rate 22 Yr. 1 | CZ17: Rate 23 Yr. 1 | DD17: Rate 24 Yr. 1 | DH17: Rate 25 Yr. 1 | DL17: Rate 26 Yr. 1 | DP17: Rate 27 Yr. 1 | DT17: Rate 28 Yr. 1 | DX17: Rate 29 Yr. 1 | EB17: Rate 30 Yr. 1 | EF17: Rate 31 Yr. 1 | EJ17: Rate 32 Yr. 1 | EN17: Rate 33 Yr. 1 | ER17: Rate 34 Yr. 1 | EV17: Rate 35 Yr. 1 | EZ17: Rate 36 Yr. 1 | FD17: Rate 37 Yr. 1 | FH17: Rate 38 Yr. 1 | FL17: Rate 39 Yr. 1 | FP17: Rate 40 Yr. 1 | FT17: Rate 41 Yr. 1 | FX17: Rate 42 Yr. 1 | GB17: Rate 43 Yr. 1 | GF17: Rate 44 Yr. 1 | GJ17: Rate 45 Yr. 1 | GN17: Rate 46 Yr. 1 | GR17: Rate 47 Yr. 1 | GV17: Rate 48 Yr. 1 | GZ17: Rate 49 Yr. 1 | HD17: Rate 50 Yr. 1 | HI17: Percent Check | HJ17: Dollar Check | HK17: Difference between allocated dollar and total dollar
L18: =IF(Usage!$B$8=0, "", Usage!$B$8) -> Center Overhead | P18: =IF(Usage!$B$9=0, "", Usage!$B$9) | T18: =IF(Usage!$B$10=0, "", Usage!$B$10) | X18: =IF(Usage!$B$11=0, "", Usage!$B$11) | AB18: =IF(Usage!$B$12=0, "", Usage!$B$12) | AF18: =IF(Usage!$B$13=0, "", Usage!$B$13) | AJ18: =IF(Usage!$B$14=0, "", Usage!$B$14) | AN18: =IF(Usage!$B$15=0, "", Usage!$B$15) | AR18: =IF(Usage!$B$16=0, "", Usage!$B$16) | AV18: =IF(Usage!$B$17=0, "", Usage!$B$17) | AZ18: =IF(Usage!$B$18=0, "", Usage!$B$18) | BD18: =IF(Usage!$B$19=0, "", Usage!$B$19) | BH18: =IF(Usage!$B$20=0, "", Usage!$B$20) | BL18: =IF(Usage!$B$21=0, "", Usage!$B$21) | BP18: =IF(Usage!$B$22=0, "", Usage!$B$22) | BT18: =IF(Usage!$B$23=0, "", Usage!$B$23) | BX18: =IF(Usage!$B$24=0, "", Usage!$B$24) | CB18: =IF(Usage!$B$25=0, "", Usage!$B$25) | CF18: =IF(Usage!$B$26=0, "", Usage!$B$26) | CJ18: =IF(Usage!$B$27=0, "", Usage!$B$27) | CN18: =IF(Usage!$B$28=0, "", Usage!$B$28) | CR18: =IF(Usage!$B$29=0, "", Usage!$B$29) | CV18: =IF(Usage!$B$30=0, "", Usage!$B$30) | CZ18: =IF(Usage!$B$31=0, "", Usage!$B$31) | DD18: =IF(Usage!$B$32=0, "", Usage!$B$32) | DH18: =IF(Usage!$B$33=0, "", Usage!$B$33) | DL18: =IF(Usage!$B$34=0, "", Usage!$B$34) | DP18: =IF(Usage!$B$35=0, "", Usage!$B$35) | DT18: =IF(Usage!$B$36=0, "", Usage!$B$36) | DX18: =IF(Usage!$B$37=0, "", Usage!$B$37) | EB18: =IF(Usage!$B$38=0, "", Usage!$B$38) | EF18: =IF(Usage!$B$39=0, "", Usage!$B$39) | EJ18: =IF(Usage!$B$40=0, "", Usage!$B$40) | EN18: =IF(Usage!$B$41=0, "", Usage!$B$41) | ER18: =IF(Usage!$B$42=0, "", Usage!$B$42) | EV18: =IF(Usage!$B$43=0, "", Usage!$B$43) | EZ18: =IF(Usage!$B$44=0, "", Usage!$B$44) | FD18: =IF(Usage!$B$45=0, "", Usage!$B$45) | FH18: =IF(Usage!$B$46=0, "", Usage!$B$46) | FL18: =IF(Usage!$B$47=0, "", Usage!$B$47) | FP18: =IF(Usage!$B$48=0, "", Usage!$B$48) | FT18: =IF(Usage!$B$49=0, "", Usage!$B$49) | FX18: =IF(Usage!$B$50=0, "", Usage!$B$50) | GB18: =IF(Usage!$B$51=0, "", Usage!$B$51) | GF18: =IF(Usage!$B$52=0, "", Usage!$B$52) | GJ18: =IF(Usage!$B$53=0, "", Usage!$B$53) | GN18: =IF(Usage!$B$54=0, "", Usage!$B$54) | GR18: =IF(Usage!$B$55=0, "", Usage!$B$55) | GV18: =IF(Usage!$B$56=0, "", Usage!$B$56) | GZ18: =IF(Usage!$B$57=0, "", Usage!$B$57) | HD18: =IF(Usage!$B$58=0, "", Usage!$B$58) | HI18: (should add up to 100%)
A19: Salaries of All Faculty and Staff | L19: FTE % | M19: Amount | N19: Sal | O19: Ben | P19: FTE % | Q19: Amount | R19: Sal | S19: Ben | T19: FTE % | U19: Amount | V19: Sal | W19: Ben | X19: FTE % | Y19: Amount | Z19: Sal | AA19: Ben | AB19: FTE % | AC19: Amount | AD19: Sal | AE19: Ben | AF19: FTE % | AG19: Amount | AH19: Sal | AI19: Ben | AJ19: FTE % | AK19: Amount | AL19: Sal | AM19: Ben | AN19: FTE % | AO19: Amount | AP19: Sal | AQ19: Ben | AR19: FTE % | AS19: Amount | AT19: Sal | AU19: Ben | AV19: FTE % | AW19: Amount | AX19: Sal | AY19: Ben | AZ19: FTE % | BA19: Amount | BB19: Sal | BC19: Ben | BD19: FTE % | BE19: Amount | BF19: Sal | BG19: Ben | BH19: FTE % | BI19: Amount | BJ19: Sal | BK19: Ben | BL19: FTE % | BM19: Amount | BN19: Sal | BO19: Ben | BP19: FTE % | BQ19: Amount | BR19: Sal | BS19: Ben | BT19: FTE % | BU19: Amount | BV19: Sal | BW19: Ben | BX19: FTE % | BY19: Amount | BZ19: Sal | CA19: Ben | CB19: FTE % | CC19: Amount | CD19: Sal | CE19: Ben | CF19: FTE % | CG19: Amount | CH19: Sal | CI19: Ben | CJ19: FTE % | CK19: Amount | CL19: Sal | CM19: Ben | CN19: FTE % | CO19: Amount | CP19: Sal | CQ19: Ben | CR19: FTE % | CS19: Amount | CT19: Sal | CU19: Ben | CV19: FTE % | CW19: Amount | CX19: Sal | CY19: Ben | CZ19: FTE % | DA19: Amount | DB19: Sal | DC19: Ben | DD19: FTE % | DE19: Amount | DF19: Sal | DG19: Ben | DH19: FTE % | DI19: Amount | DJ19: Sal | DK19: Ben | DL19: FTE % | DM19: Amount | DN19: Sal | DO19: Ben | DP19: FTE % | DQ19: Amount | DR19: Sal | DS19: Ben | DT19: FTE % | DU19: Amount | DV19: Sal | DW19: Ben | DX19: FTE % | DY19: Amount | DZ19: Sal | EA19: Ben | EB19: FTE % | EC19: Amount | ED19: Sal | EE19: Ben | EF19: FTE % | EG19: Amount | EH19: Sal | EI19: Ben | EJ19: FTE % | EK19: Amount | EL19: Sal | EM19: Ben | EN19: FTE % | EO19: Amount | EP19: Sal | EQ19: Ben | ER19: FTE % | ES19: Amount | ET19: Sal | EU19: Ben | EV19: FTE % | EW19: Amount | EX19: Sal | EY19: Ben | EZ19: FTE % | FA19: Amount | FB19: Sal | FC19: Ben | FD19: FTE % | FE19: Amount | FF19: Sal | FG19: Ben | FH19: FTE % | FI19: Amount | FJ19: Sal | FK19: Ben | FL19: FTE % | FM19: Amount | FN19: Sal | FO19: Ben | FP19: FTE % | FQ19: Amount | FR19: Sal | FS19: Ben | FT19: FTE % | FU19: Amount | FV19: Sal | FW19: Ben | FX19: FTE % | FY19: Amount | FZ19: Sal | GA19: Ben | GB19: FTE % | GC19: Amount | GD19: Sal | GE19: Ben | GF19: FTE % | GG19: Amount | GH19: Sal | GI19: Ben | GJ19: FTE % | GK19: Amount | GL19: Sal | GM19: Ben | GN19: FTE % | GO19: Amount | GP19: Sal | GQ19: Ben | GR19: FTE % | GS19: Amount | GT19: Sal | GU19: Ben | GV19: FTE % | GW19: Amount | GX19: Sal | GY19: Ben | GZ19: FTE % | HA19: Amount | HB19: Sal | HC19: Ben | HD19: FTE % | HE19: Amount | HF19: Sal | HG19: Ben
F20: =E20*12 -> 0 | G20: =IF(C20="",0,IF(C20="50000",$G$4,IF(C20="50010",$G$5,IF(C20="50020",$G$6,IF(C20="50030",$G$7,IF(C20="50040",$G$8,IF(C20="50050",$G$9,IF(C20="50060",$G$10,IF(C20="50090",$G$11,IF(C20="50100",$G$12,IF(C20="50110",$G$13))))))))))) -> 0 | H20: 0 | I20: =F20*H20 -> 0 | J20: =F20*G20*H20 -> 0 | K20: =F20*(1+G20)*H20 -> 0 | L20: 0 | M20: =$K20*L20 -> 0 | N20: =$I20*L20 -> 0 | O20: =$J20*L20 -> 0 | P20: 0 | Q20: =$K20*P20 -> 0 | R20: =$I20*P20 -> 0 | S20: =$J20*P20 -> 0 | T20: 0 | U20: =$K20*T20 -> 0 | V20: =$I20*T20 -> 0 | W20: =$J20*T20 -> 0 | X20: 0 | Y20: =$K20*X20 -> 0 | Z20: =$I20*X20 -> 0 | AA20: =$J20*X20 -> 0 | AB20: 0 | AC20: =$K20*AB20 -> 0 | AD20: =$I20*AB20 -> 0 | AE20: =$J20*AB20 -> 0 | AF20: 0 | AG20: =$K20*AF20 -> 0 | AH20: =$I20*AF20 -> 0 | AI20: =$J20*AF20 -> 0 | AJ20: 0 | AK20: =$K20*AJ20 -> 0 | AL20: =$I20*AJ20 -> 0 | AM20: =$J20*AJ20 -> 0 | AN20: 0 | AO20: =$K20*AN20 -> 0 | AP20: =$I20*AN20 -> 0 | AQ20: =$J20*AN20 -> 0 | AR20: 0 | AS20: =$K20*AR20 -> 0 | AT20: =$I20*AR20 -> 0 | AU20: =$J20*AR20 -> 0 | AV20: 0 | AW20: =$K20*AV20 -> 0 | AX20: =$I20*AV20 -> 0 | AY20: =$J20*AV20 -> 0 | AZ20: 0 | BA20: =$K20*AZ20 -> 0 | BB20: =$I20*AZ20 -> 0 | BC20: =$J20*AZ20 -> 0 | BD20: 0 | BE20: =$K20*BD20 -> 0 | BF20: =$I20*BD20 -> 0 | BG20: =$J20*BD20 -> 0 | BH20: 0 | BI20: =$K20*BH20 -> 0 | BJ20: =$I20*BH20 -> 0 | BK20: =$J20*BH20 -> 0 | BL20: 0 | BM20: =$K20*BL20 -> 0 | BN20: =$I20*BL20 -> 0 | BO20: =$J20*BL20 -> 0 | BP20: 0 | BQ20: =$K20*BP20 -> 0 | BR20: =$I20*BP20 -> 0 | BS20: =$J20*BP20 -> 0 | BT20: 0 | BU20: =$K20*BT20 -> 0 | BV20: =$I20*BT20 -> 0 | BW20: =$J20*BT20 -> 0 | BX20: 0 | BY20: =$K20*BX20 -> 0 | BZ20: =$I20*BX20 -> 0 | CA20: =$J20*BX20 -> 0 | CB20: 0 | CC20: =$K20*CB20 -> 0 | CD20: =$I20*CB20 -> 0 | CE20: =$J20*CB20 -> 0 | CF20: 0 | CG20: =$K20*CF20 -> 0 | CH20: =$I20*CF20 -> 0 | CI20: =$J20*CF20 -> 0 | CJ20: 0 | CK20: =$K20*CJ20 -> 0 | CL20: =$I20*CJ20 -> 0 | CM20: =$J20*CJ20 -> 0 | CN20: 0 | CO20: =$K20*CN20 -> 0 | CP20: =$I20*CN20 -> 0 | CQ20: =$J20*CN20 -> 0 | CR20: 0 | CS20: =$K20*CR20 -> 0 | CT20: =$I20*CR20 -> 0 | CU20: =$J20*CR20 -> 0 | CV20: 0 | CW20: =$K20*CV20 -> 0 | CX20: =$I20*CV20 -> 0 | CY20: =$J20*CV20 -> 0 | CZ20: 0 | DA20: =$K20*CZ20 -> 0 | DB20: =$I20*CZ20 -> 0 | DC20: =$J20*CZ20 -> 0 | DD20: 0 | DE20: =$K20*DD20 -> 0 | DF20: =$I20*DD20 -> 0 | DG20: =$J20*DD20 -> 0 | DH20: 0 | DI20: =$K20*DH20 -> 0 | DJ20: =$I20*DH20 -> 0 | DK20: =$J20*DH20 -> 0 | DL20: 0 | DM20: =$K20*DL20 -> 0 | DN20: =$I20*DL20 -> 0 | DO20: =$J20*DL20 -> 0 | DP20: 0 | DQ20: =$K20*DP20 -> 0 | DR20: =$I20*DP20 -> 0 | DS20: =$J20*DP20 -> 0 | DT20: 0 | DU20: =$K20*DT20 -> 0 | DV20: =$I20*DT20 -> 0 | DW20: =$J20*DT20 -> 0 | DX20: 0 | DY20: =$K20*DX20 -> 0 | DZ20: =$I20*DX20 -> 0 | EA20: =$J20*DX20 -> 0 | EB20: 0 | EC20: =$K20*EB20 -> 0 | ED20: =$I20*EB20 -> 0 | EE20: =$J20*EB20 -> 0 | EF20: 0 | EG20: =$K20*EF20 -> 0 | EH20: =$I20*EF20 -> 0 | EI20: =$J20*EF20 -> 0 | EJ20: 0 | EK20: =$K20*EJ20 -> 0 | EL20: =$I20*EJ20 -> 0 | EM20: =$J20*EJ20 -> 0 | EN20: 0 | EO20: =$K20*EN20 -> 0 | EP20: =$I20*EN20 -> 0 | EQ20: =$J20*EN20 -> 0 | ER20: 0 | ES20: =$K20*ER20 -> 0 | ET20: =$I20*ER20 -> 0 | EU20: =$J20*ER20 -> 0 | EV20: 0 | EW20: =$K20*EV20 -> 0 | EX20: =$I20*EV20 -> 0 | EY20: =$J20*EV20 -> 0 | EZ20: 0 | FA20: =$K20*EZ20 -> 0 | FB20: =$I20*EZ20 -> 0 | FC20: =$J20*EZ20 -> 0 | FD20: 0 | FE20: =$K20*FD20 -> 0 | FF20: =$I20*FD20 -> 0 | FG20: =$J20*FD20 -> 0 | FH20: 0 | FI20: =$K20*FH20 -> 0 | FJ20: =$I20*FH20 -> 0 | FK20: =$J20*FH20 -> 0 | FL20: 0 | FM20: =$K20*FL20 -> 0 | FN20: =$I20*FL20 -> 0 | FO20: =$J20*FL20 -> 0 | FP20: 0 | FQ20: =$K20*FP20 -> 0 | FR20: =$I20*FP20 -> 0 | FS20: =$J20*FP20 -> 0 | FT20: 0 | FU20: =$K20*FT20 -> 0 | FV20: =$I20*FT20 -> 0 | FW20: =$J20*FT20 -> 0 | FX20: 0 | FY20: =$K20*FX20 -> 0 | FZ20: =$I20*FX20 -> 0 | GA20: =$J20*FX20 -> 0 | GB20: 0 | GC20: =$K20*GB20 -> 0 | GD20: =$I20*GB20 -> 0 | GE20: =$J20*GB20 -> 0 | GF20: 0 | GG20: =$K20*GF20 -> 0 | GH20: =$I20*GF20 -> 0 | GI20: =$J20*GF20 -> 0 | GJ20: 0 | GK20: =$K20*GJ20 -> 0 | GL20: =$I20*GJ20 -> 0 | GM20: =$J20*GJ20 -> 0 | GN20: 0 | GO20: =$K20*GN20 -> 0 | GP20: =$I20*GN20 -> 0 | GQ20: =$J20*GN20 -> 0 | GR20: 0 | GS20: =$K20*GR20 -> 0 | GT20: =$I20*GR20 -> 0 | GU20: =$J20*GR20 -> 0 | GV20: 0 | GW20: =$K20*GV20 -> 0 | GX20: =$I20*GV20 -> 0 | GY20: =$J20*GV20 -> 0 | GZ20: 0 | HA20: =$K20*GZ20 -> 0 | HB20: =$I20*GZ20 -> 0 | HC20: =$J20*GZ20 -> 0 | HD20: 0 | HE20: =$K20*HD20 -> 0 | HF20: =$I20*HD20 -> 0 | HG20: =$J20*HD20 -> 0 | HI20: =L20+P20+T20+X20+AB20+AF20+AJ20+AN20+AR20+AV20+AZ20+BD20+BH20+BL20+BP20+BT20+BX20+CB20+CF20+CJ20+CN20+CR20+CV20+CZ20+DD20+DH20+DL20+DP20+DT20+DX20+EB20+EF20+EJ20+EN20+ER20+EV20+EZ20+FD20+FH20+FL20+FP20+FT20+FX20+GB20+GF20+GJ20+GN20+GR20+GV20+GZ20+HD20 -> 0 | HJ20: =M20+Q20+U20+Y20+AC20+AG20+AK20+AO20+AS20+AW20+BA20+BE20+BI20+BM20+BQ20+BU20+BY20+CC20+CG20+CK20+CO20+CS20+CW20+DA20+DE20+DI20+DM20+DQ20+DU20+DY20+EC20+EG20+EK20+EO20+ES20+EW20+FA20+FE20+FI20+FM20+FQ20+FU20+FY20+GC20+GG20+GK20+GO20+GS20+GW20+HA20+HE20 -> 0 | HK20: =HJ20-K20 -> 0
F21: =E21*12 -> 0 | G21: =IF(C21="",0,IF(C21="50000",$G$4,IF(C21="50010",$G$5,IF(C21="50020",$G$6,IF(C21="50030",$G$7,IF(C21="50040",$G$8,IF(C21="50050",$G$9,IF(C21="50060",$G$10,IF(C21="50090",$G$11,IF(C21="50100",$G$12,IF(C21="50110",$G$13))))))))))) -> 0 | H21: 0 | I21: =F21*H21 -> 0 | J21: =F21*G21*H21 -> 0 | K21: =F21*(1+G21)*H21 -> 0 | L21: 0 | M21: =$K21*L21 -> 0 | N21: =$I21*L21 -> 0 | O21: =$J21*L21 -> 0 | P21: 0 | Q21: =$K21*P21 -> 0 | R21: =$I21*P21 -> 0 | S21: =$J21*P21 -> 0 | T21: 0 | U21: =$K21*T21 -> 0 | V21: =$I21*T21 -> 0 | W21: =$J21*T21 -> 0 | X21: 0 | Y21: =$K21*X21 -> 0 | Z21: =$I21*X21 -> 0 | AA21: =$J21*X21 -> 0 | AB21: 0 | AC21: =$K21*AB21 -> 0 | AD21: =$I21*AB21 -> 0 | AE21: =$J21*AB21 -> 0 | AF21: 0 | AG21: =$K21*AF21 -> 0 | AH21: =$I21*AF21 -> 0 | AI21: =$J21*AF21 -> 0 | AJ21: 0 | AK21: =$K21*AJ21 -> 0 | AL21: =$I21*AJ21 -> 0 | AM21: =$J21*AJ21 -> 0 | AN21: 0 | AO21: =$K21*AN21 -> 0 | AP21: =$I21*AN21 -> 0 | AQ21: =$J21*AN21 -> 0 | AR21: 0 | AS21: =$K21*AR21 -> 0 | AT21: =$I21*AR21 -> 0 | AU21: =$J21*AR21 -> 0 | AV21: 0 | AW21: =$K21*AV21 -> 0 | AX21: =$I21*AV21 -> 0 | AY21: =$J21*AV21 -> 0 | AZ21: 0 | BA21: =$K21*AZ21 -> 0 | BB21: =$I21*AZ21 -> 0 | BC21: =$J21*AZ21 -> 0 | BD21: 0 | BE21: =$K21*BD21 -> 0 | BF21: =$I21*BD21 -> 0 | BG21: =$J21*BD21 -> 0 | BH21: 0 | BI21: =$K21*BH21 -> 0 | BJ21: =$I21*BH21 -> 0 | BK21: =$J21*BH21 -> 0 | BL21: 0 | BM21: =$K21*BL21 -> 0 | BN21: =$I21*BL21 -> 0 | BO21: =$J21*BL21 -> 0 | BP21: 0 | BQ21: =$K21*BP21 -> 0 | BR21: =$I21*BP21 -> 0 | BS21: =$J21*BP21 -> 0 | BT21: 0 | BU21: =$K21*BT21 -> 0 | BV21: =$I21*BT21 -> 0 | BW21: =$J21*BT21 -> 0 | BX21: 0 | BY21: =$K21*BX21 -> 0 | BZ21: =$I21*BX21 -> 0 | CA21: =$J21*BX21 -> 0 | CB21: 0 | CC21: =$K21*CB21 -> 0 | CD21: =$I21*CB21 -> 0 | CE21: =$J21*CB21 -> 0 | CF21: 0 | CG21: =$K21*CF21 -> 0 | CH21: =$I21*CF21 -> 0 | CI21: =$J21*CF21 -> 0 | CJ21: 0 | CK21: =$K21*CJ21 -> 0 | CL21: =$I21*CJ21 -> 0 | CM21: =$J21*CJ21 -> 0 | CN21: 0 | CO21: =$K21*CN21 -> 0 | CP21: =$I21*CN21 -> 0 | CQ21: =$J21*CN21 -> 0 | CR21: 0 | CS21: =$K21*CR21 -> 0 | CT21: =$I21*CR21 -> 0 | CU21: =$J21*CR21 -> 0 | CV21: 0 | CW21: =$K21*CV21 -> 0 | CX21: =$I21*CV21 -> 0 | CY21: =$J21*CV21 -> 0 | CZ21: 0 | DA21: =$K21*CZ21 -> 0 | DB21: =$I21*CZ21 -> 0 | DC21: =$J21*CZ21 -> 0 | DD21: 0 | DE21: =$K21*DD21 -> 0 | DF21: =$I21*DD21 -> 0 | DG21: =$J21*DD21 -> 0 | DH21: 0 | DI21: =$K21*DH21 -> 0 | DJ21: =$I21*DH21 -> 0 | DK21: =$J21*DH21 -> 0 | DL21: 0 | DM21: =$K21*DL21 -> 0 | DN21: =$I21*DL21 -> 0 | DO21: =$J21*DL21 -> 0 | DP21: 0 | DQ21: =$K21*DP21 -> 0 | DR21: =$I21*DP21 -> 0 | DS21: =$J21*DP21 -> 0 | DT21: 0 | DU21: =$K21*DT21 -> 0 | DV21: =$I21*DT21 -> 0 | DW21: =$J21*DT21 -> 0 | DX21: 0 | DY21: =$K21*DX21 -> 0 | DZ21: =$I21*DX21 -> 0 | EA21: =$J21*DX21 -> 0 | EB21: 0 | EC21: =$K21*EB21 -> 0 | ED21: =$I21*EB21 -> 0 | EE21: =$J21*EB21 -> 0 | EF21: 0 | EG21: =$K21*EF21 -> 0 | EH21: =$I21*EF21 -> 0 | EI21: =$J21*EF21 -> 0 | EJ21: 0 | EK21: =$K21*EJ21 -> 0 | EL21: =$I21*EJ21 -> 0 | EM21: =$J21*EJ21 -> 0 | EN21: 0 | EO21: =$K21*EN21 -> 0 | EP21: =$I21*EN21 -> 0 | EQ21: =$J21*EN21 -> 0 | ER21: 0 | ES21: =$K21*ER21 -> 0 | ET21: =$I21*ER21 -> 0 | EU21: =$J21*ER21 -> 0 | EV21: 0 | EW21: =$K21*EV21 -> 0 | EX21: =$I21*EV21 -> 0 | EY21: =$J21*EV21 -> 0 | EZ21: 0 | FA21: =$K21*EZ21 -> 0 | FB21: =$I21*EZ21 -> 0 | FC21: =$J21*EZ21 -> 0 | FD21: 0 | FE21: =$K21*FD21 -> 0 | FF21: =$I21*FD21 -> 0 | FG21: =$J21*FD21 -> 0 | FH21: 0 | FI21: =$K21*FH21 -> 0 | FJ21: =$I21*FH21 -> 0 | FK21: =$J21*FH21 -> 0 | FL21: 0 | FM21: =$K21*FL21 -> 0 | FN21: =$I21*FL21 -> 0 | FO21: =$J21*FL21 -> 0 | FP21: 0 | FQ21: =$K21*FP21 -> 0 | FR21: =$I21*FP21 -> 0 | FS21: =$J21*FP21 -> 0 | FT21: 0 | FU21: =$K21*FT21 -> 0 | FV21: =$I21*FT21 -> 0 | FW21: =$J21*FT21 -> 0 | FX21: 0 | FY21: =$K21*FX21 -> 0 | FZ21: =$I21*FX21 -> 0 | GA21: =$J21*FX21 -> 0 | GB21: 0 | GC21: =$K21*GB21 -> 0 | GD21: =$I21*GB21 -> 0 | GE21: =$J21*GB21 -> 0 | GF21: 0 | GG21: =$K21*GF21 -> 0 | GH21: =$I21*GF21 -> 0 | GI21: =$J21*GF21 -> 0 | GJ21: 0 | GK21: =$K21*GJ21 -> 0 | GL21: =$I21*GJ21 -> 0 | GM21: =$J21*GJ21 -> 0 | GN21: 0 | GO21: =$K21*GN21 -> 0 | GP21: =$I21*GN21 -> 0 | GQ21: =$J21*GN21 -> 0 | GR21: 0 | GS21: =$K21*GR21 -> 0 | GT21: =$I21*GR21 -> 0 | GU21: =$J21*GR21 -> 0 | GV21: 0 | GW21: =$K21*GV21 -> 0 | GX21: =$I21*GV21 -> 0 | GY21: =$J21*GV21 -> 0 | GZ21: 0 | HA21: =$K21*GZ21 -> 0 | HB21: =$I21*GZ21 -> 0 | HC21: =$J21*GZ21 -> 0 | HD21: 0 | HE21: =$K21*HD21 -> 0 | HF21: =$I21*HD21 -> 0 | HG21: =$J21*HD21 -> 0 | HI21: =L21+P21+T21+X21+AB21+AF21+AJ21+AN21+AR21+AV21+AZ21+BD21+BH21+BL21+BP21+BT21+BX21+CB21+CF21+CJ21+CN21+CR21+CV21+CZ21+DD21+DH21+DL21+DP21+DT21+DX21+EB21+EF21+EJ21+EN21+ER21+EV21+EZ21+FD21+FH21+FL21+FP21+FT21+FX21+GB21+GF21+GJ21+GN21+GR21+GV21+GZ21+HD21 -> 0 | HJ21: =M21+Q21+U21+Y21+AC21+AG21+AK21+AO21+AS21+AW21+BA21+BE21+BI21+BM21+BQ21+BU21+BY21+CC21+CG21+CK21+CO21+CS21+CW21+DA21+DE21+DI21+DM21+DQ21+DU21+DY21+EC21+EG21+EK21+EO21+ES21+EW21+FA21+FE21+FI21+FM21+FQ21+FU21+FY21+GC21+GG21+GK21+GO21+GS21+GW21+HA21+HE21 -> 0 | HK21: =HJ21-K21 -> 0
F22: =E22*12 -> 0 | G22: =IF(C22="",0,IF(C22="50000",$G$4,IF(C22="50010",$G$5,IF(C22="50020",$G$6,IF(C22="50030",$G$7,IF(C22="50040",$G$8,IF(C22="50050",$G$9,IF(C22="50060",$G$10,IF(C22="50090",$G$11,IF(C22="50100",$G$12,IF(C22="50110",$G$13))))))))))) -> 0 | H22: 0 | I22: =F22*H22 -> 0 | J22: =F22*G22*H22 -> 0 | K22: =F22*(1+G22)*H22 -> 0 | L22: 0 | M22: =$K22*L22 -> 0 | N22: =$I22*L22 -> 0 | O22: =$J22*L22 -> 0 | P22: 0 | Q22: =$K22*P22 -> 0 | R22: =$I22*P22 -> 0 | S22: =$J22*P22 -> 0 | T22: 0 | U22: =$K22*T22 -> 0 | V22: =$I22*T22 -> 0 | W22: =$J22*T22 -> 0 | X22: 0 | Y22: =$K22*X22 -> 0 | Z22: =$I22*X22 -> 0 | AA22: =$J22*X22 -> 0 | AB22: 0 | AC22: =$K22*AB22 -> 0 | AD22: =$I22*AB22 -> 0 | AE22: =$J22*AB22 -> 0 | AF22: 0 | AG22: =$K22*AF22 -> 0 | AH22: =$I22*AF22 -> 0 | AI22: =$J22*AF22 -> 0 | AJ22: 0 | AK22: =$K22*AJ22 -> 0 | AL22: =$I22*AJ22 -> 0 | AM22: =$J22*AJ22 -> 0 | AN22: 0 | AO22: =$K22*AN22 -> 0 | AP22: =$I22*AN22 -> 0 | AQ22: =$J22*AN22 -> 0 | AR22: 0 | AS22: =$K22*AR22 -> 0 | AT22: =$I22*AR22 -> 0 | AU22: =$J22*AR22 -> 0 | AV22: 0 | AW22: =$K22*AV22 -> 0 | AX22: =$I22*AV22 -> 0 | AY22: =$J22*AV22 -> 0 | AZ22: 0 | BA22: =$K22*AZ22 -> 0 | BB22: =$I22*AZ22 -> 0 | BC22: =$J22*AZ22 -> 0 | BD22: 0 | BE22: =$K22*BD22 -> 0 | BF22: =$I22*BD22 -> 0 | BG22: =$J22*BD22 -> 0 | BH22: 0 | BI22: =$K22*BH22 -> 0 | BJ22: =$I22*BH22 -> 0 | BK22: =$J22*BH22 -> 0 | BL22: 0 | BM22: =$K22*BL22 -> 0 | BN22: =$I22*BL22 -> 0 | BO22: =$J22*BL22 -> 0 | BP22: 0 | BQ22: =$K22*BP22 -> 0 | BR22: =$I22*BP22 -> 0 | BS22: =$J22*BP22 -> 0 | BT22: 0 | BU22: =$K22*BT22 -> 0 | BV22: =$I22*BT22 -> 0 | BW22: =$J22*BT22 -> 0 | BX22: 0 | BY22: =$K22*BX22 -> 0 | BZ22: =$I22*BX22 -> 0 | CA22: =$J22*BX22 -> 0 | CB22: 0 | CC22: =$K22*CB22 -> 0 | CD22: =$I22*CB22 -> 0 | CE22: =$J22*CB22 -> 0 | CF22: 0 | CG22: =$K22*CF22 -> 0 | CH22: =$I22*CF22 -> 0 | CI22: =$J22*CF22 -> 0 | CJ22: 0 | CK22: =$K22*CJ22 -> 0 | CL22: =$I22*CJ22 -> 0 | CM22: =$J22*CJ22 -> 0 | CN22: 0 | CO22: =$K22*CN22 -> 0 | CP22: =$I22*CN22 -> 0 | CQ22: =$J22*CN22 -> 0 | CR22: 0 | CS22: =$K22*CR22 -> 0 | CT22: =$I22*CR22 -> 0 | CU22: =$J22*CR22 -> 0 | CV22: 0 | CW22: =$K22*CV22 -> 0 | CX22: =$I22*CV22 -> 0 | CY22: =$J22*CV22 -> 0 | CZ22: 0 | DA22: =$K22*CZ22 -> 0 | DB22: =$I22*CZ22 -> 0 | DC22: =$J22*CZ22 -> 0 | DD22: 0 | DE22: =$K22*DD22 -> 0 | DF22: =$I22*DD22 -> 0 | DG22: =$J22*DD22 -> 0 | DH22: 0 | DI22: =$K22*DH22 -> 0 | DJ22: =$I22*DH22 -> 0 | DK22: =$J22*DH22 -> 0 | DL22: 0 | DM22: =$K22*DL22 -> 0 | DN22: =$I22*DL22 -> 0 | DO22: =$J22*DL22 -> 0 | DP22: 0 | DQ22: =$K22*DP22 -> 0 | DR22: =$I22*DP22 -> 0 | DS22: =$J22*DP22 -> 0 | DT22: 0 | DU22: =$K22*DT22 -> 0 | DV22: =$I22*DT22 -> 0 | DW22: =$J22*DT22 -> 0 | DX22: 0 | DY22: =$K22*DX22 -> 0 | DZ22: =$I22*DX22 -> 0 | EA22: =$J22*DX22 -> 0 | EB22: 0 | EC22: =$K22*EB22 -> 0 | ED22: =$I22*EB22 -> 0 | EE22: =$J22*EB22 -> 0 | EF22: 0 | EG22: =$K22*EF22 -> 0 | EH22: =$I22*EF22 -> 0 | EI22: =$J22*EF22 -> 0 | EJ22: 0 | EK22: =$K22*EJ22 -> 0 | EL22: =$I22*EJ22 -> 0 | EM22: =$J22*EJ22 -> 0 | EN22: 0 | EO22: =$K22*EN22 -> 0 | EP22: =$I22*EN22 -> 0 | EQ22: =$J22*EN22 -> 0 | ER22: 0 | ES22: =$K22*ER22 -> 0 | ET22: =$I22*ER22 -> 0 | EU22: =$J22*ER22 -> 0 | EV22: 0 | EW22: =$K22*EV22 -> 0 | EX22: =$I22*EV22 -> 0 | EY22: =$J22*EV22 -> 0 | EZ22: 0 | FA22: =$K22*EZ22 -> 0 | FB22: =$I22*EZ22 -> 0 | FC22: =$J22*EZ22 -> 0 | FD22: 0 | FE22: =$K22*FD22 -> 0 | FF22: =$I22*FD22 -> 0 | FG22: =$J22*FD22 -> 0 | FH22: 0 | FI22: =$K22*FH22 -> 0 | FJ22: =$I22*FH22 -> 0 | FK22: =$J22*FH22 -> 0 | FL22: 0 | FM22: =$K22*FL22 -> 0 | FN22: =$I22*FL22 -> 0 | FO22: =$J22*FL22 -> 0 | FP22: 0 | FQ22: =$K22*FP22 -> 0 | FR22: =$I22*FP22 -> 0 | FS22: =$J22*FP22 -> 0 | FT22: 0 | FU22: =$K22*FT22 -> 0 | FV22: =$I22*FT22 -> 0 | FW22: =$J22*FT22 -> 0 | FX22: 0 | FY22: =$K22*FX22 -> 0 | FZ22: =$I22*FX22 -> 0 | GA22: =$J22*FX22 -> 0 | GB22: 0 | GC22: =$K22*GB22 -> 0 | GD22: =$I22*GB22 -> 0 | GE22: =$J22*GB22 -> 0 | GF22: 0 | GG22: =$K22*GF22 -> 0 | GH22: =$I22*GF22 -> 0 | GI22: =$J22*GF22 -> 0 | GJ22: 0 | GK22: =$K22*GJ22 -> 0 | GL22: =$I22*GJ22 -> 0 | GM22: =$J22*GJ22 -> 0 | GN22: 0 | GO22: =$K22*GN22 -> 0 | GP22: =$I22*GN22 -> 0 | GQ22: =$J22*GN22 -> 0 | GR22: 0 | GS22: =$K22*GR22 -> 0 | GT22: =$I22*GR22 -> 0 | GU22: =$J22*GR22 -> 0 | GV22: 0 | GW22: =$K22*GV22 -> 0 | GX22: =$I22*GV22 -> 0 | GY22: =$J22*GV22 -> 0 | GZ22: 0 | HA22: =$K22*GZ22 -> 0 | HB22: =$I22*GZ22 -> 0 | HC22: =$J22*GZ22 -> 0 | HD22: 0 | HE22: =$K22*HD22 -> 0 | HF22: =$I22*HD22 -> 0 | HG22: =$J22*HD22 -> 0 | HI22: =L22+P22+T22+X22+AB22+AF22+AJ22+AN22+AR22+AV22+AZ22+BD22+BH22+BL22+BP22+BT22+BX22+CB22+CF22+CJ22+CN22+CR22+CV22+CZ22+DD22+DH22+DL22+DP22+DT22+DX22+EB22+EF22+EJ22+EN22+ER22+EV22+EZ22+FD22+FH22+FL22+FP22+FT22+FX22+GB22+GF22+GJ22+GN22+GR22+GV22+GZ22+HD22 -> 0 | HJ22: =M22+Q22+U22+Y22+AC22+AG22+AK22+AO22+AS22+AW22+BA22+BE22+BI22+BM22+BQ22+BU22+BY22+CC22+CG22+CK22+CO22+CS22+CW22+DA22+DE22+DI22+DM22+DQ22+DU22+DY22+EC22+EG22+EK22+EO22+ES22+EW22+FA22+FE22+FI22+FM22+FQ22+FU22+FY22+GC22+GG22+GK22+GO22+GS22+GW22+HA22+HE22 -> 0 | HK22: =HJ22-K22 -> 0
F23: =E23*12 -> 0 | G23: =IF(C23="",0,IF(C23="50000",$G$4,IF(C23="50010",$G$5,IF(C23="50020",$G$6,IF(C23="50030",$G$7,IF(C23="50040",$G$8,IF(C23="50050",$G$9,IF(C23="50060",$G$10,IF(C23="50090",$G$11,IF(C23="50100",$G$12,IF(C23="50110",$G$13))))))))))) -> 0 | H23: 0 | I23: =F23*H23 -> 0 | J23: =F23*G23*H23 -> 0 | K23: =F23*(1+G23)*H23 -> 0 | L23: 0 | M23: =$K23*L23 -> 0 | N23: =$I23*L23 -> 0 | O23: =$J23*L23 -> 0 | P23: 0 | Q23: =$K23*P23 -> 0 | R23: =$I23*P23 -> 0 | S23: =$J23*P23 -> 0 | T23: 0 | U23: =$K23*T23 -> 0 | V23: =$I23*T23 -> 0 | W23: =$J23*T23 -> 0 | X23: 0 | Y23: =$K23*X23 -> 0 | Z23: =$I23*X23 -> 0 | AA23: =$J23*X23 -> 0 | AB23: 0 | AC23: =$K23*AB23 -> 0 | AD23: =$I23*AB23 -> 0 | AE23: =$J23*AB23 -> 0 | AF23: 0 | AG23: =$K23*AF23 -> 0 | AH23: =$I23*AF23 -> 0 | AI23: =$J23*AF23 -> 0 | AJ23: 0 | AK23: =$K23*AJ23 -> 0 | AL23: =$I23*AJ23 -> 0 | AM23: =$J23*AJ23 -> 0 | AN23: 0 | AO23: =$K23*AN23 -> 0 | AP23: =$I23*AN23 -> 0 | AQ23: =$J23*AN23 -> 0 | AR23: 0 | AS23: =$K23*AR23 -> 0 | AT23: =$I23*AR23 -> 0 | AU23: =$J23*AR23 -> 0 | AV23: 0 | AW23: =$K23*AV23 -> 0 | AX23: =$I23*AV23 -> 0 | AY23: =$J23*AV23 -> 0 | AZ23: 0 | BA23: =$K23*AZ23 -> 0 | BB23: =$I23*AZ23 -> 0 | BC23: =$J23*AZ23 -> 0 | BD23: 0 | BE23: =$K23*BD23 -> 0 | BF23: =$I23*BD23 -> 0 | BG23: =$J23*BD23 -> 0 | BH23: 0 | BI23: =$K23*BH23 -> 0 | BJ23: =$I23*BH23 -> 0 | BK23: =$J23*BH23 -> 0 | BL23: 0 | BM23: =$K23*BL23 -> 0 | BN23: =$I23*BL23 -> 0 | BO23: =$J23*BL23 -> 0 | BP23: 0 | BQ23: =$K23*BP23 -> 0 | BR23: =$I23*BP23 -> 0 | BS23: =$J23*BP23 -> 0 | BT23: 0 | BU23: =$K23*BT23 -> 0 | BV23: =$I23*BT23 -> 0 | BW23: =$J23*BT23 -> 0 | BX23: 0 | BY23: =$K23*BX23 -> 0 | BZ23: =$I23*BX23 -> 0 | CA23: =$J23*BX23 -> 0 | CB23: 0 | CC23: =$K23*CB23 -> 0 | CD23: =$I23*CB23 -> 0 | CE23: =$J23*CB23 -> 0 | CF23: 0 | CG23: =$K23*CF23 -> 0 | CH23: =$I23*CF23 -> 0 | CI23: =$J23*CF23 -> 0 | CJ23: 0 | CK23: =$K23*CJ23 -> 0 | CL23: =$I23*CJ23 -> 0 | CM23: =$J23*CJ23 -> 0 | CN23: 0 | CO23: =$K23*CN23 -> 0 | CP23: =$I23*CN23 -> 0 | CQ23: =$J23*CN23 -> 0 | CR23: 0 | CS23: =$K23*CR23 -> 0 | CT23: =$I23*CR23 -> 0 | CU23: =$J23*CR23 -> 0 | CV23: 0 | CW23: =$K23*CV23 -> 0 | CX23: =$I23*CV23 -> 0 | CY23: =$J23*CV23 -> 0 | CZ23: 0 | DA23: =$K23*CZ23 -> 0 | DB23: =$I23*CZ23 -> 0 | DC23: =$J23*CZ23 -> 0 | DD23: 0 | DE23: =$K23*DD23 -> 0 | DF23: =$I23*DD23 -> 0 | DG23: =$J23*DD23 -> 0 | DH23: 0 | DI23: =$K23*DH23 -> 0 | DJ23: =$I23*DH23 -> 0 | DK23: =$J23*DH23 -> 0 | DL23: 0 | DM23: =$K23*DL23 -> 0 | DN23: =$I23*DL23 -> 0 | DO23: =$J23*DL23 -> 0 | DP23: 0 | DQ23: =$K23*DP23 -> 0 | DR23: =$I23*DP23 -> 0 | DS23: =$J23*DP23 -> 0 | DT23: 0 | DU23: =$K23*DT23 -> 0 | DV23: =$I23*DT23 -> 0 | DW23: =$J23*DT23 -> 0 | DX23: 0 | DY23: =$K23*DX23 -> 0 | DZ23: =$I23*DX23 -> 0 | EA23: =$J23*DX23 -> 0 | EB23: 0 | EC23: =$K23*EB23 -> 0 | ED23: =$I23*EB23 -> 0 | EE23: =$J23*EB23 -> 0 | EF23: 0 | EG23: =$K23*EF23 -> 0 | EH23: =$I23*EF23 -> 0 | EI23: =$J23*EF23 -> 0 | EJ23: 0 | EK23: =$K23*EJ23 -> 0 | EL23: =$I23*EJ23 -> 0 | EM23: =$J23*EJ23 -> 0 | EN23: 0 | EO23: =$K23*EN23 -> 0 | EP23: =$I23*EN23 -> 0 | EQ23: =$J23*EN23 -> 0 | ER23: 0 | ES23: =$K23*ER23 -> 0 | ET23: =$I23*ER23 -> 0 | EU23: =$J23*ER23 -> 0 | EV23: 0 | EW23: =$K23*EV23 -> 0 | EX23: =$I23*EV23 -> 0 | EY23: =$J23*EV23 -> 0 | EZ23: 0 | FA23: =$K23*EZ23 -> 0 | FB23: =$I23*EZ23 -> 0 | FC23: =$J23*EZ23 -> 0 | FD23: 0 | FE23: =$K23*FD23 -> 0 | FF23: =$I23*FD23 -> 0 | FG23: =$J23*FD23 -> 0 | FH23: 0 | FI23: =$K23*FH23 -> 0 | FJ23: =$I23*FH23 -> 0 | FK23: =$J23*FH23 -> 0 | FL23: 0 | FM23: =$K23*FL23 -> 0 | FN23: =$I23*FL23 -> 0 | FO23: =$J23*FL23 -> 0 | FP23: 0 | FQ23: =$K23*FP23 -> 0 | FR23: =$I23*FP23 -> 0 | FS23: =$J23*FP23 -> 0 | FT23: 0 | FU23: =$K23*FT23 -> 0 | FV23: =$I23*FT23 -> 0 | FW23: =$J23*FT23 -> 0 | FX23: 0 | FY23: =$K23*FX23 -> 0 | FZ23: =$I23*FX23 -> 0 | GA23: =$J23*FX23 -> 0 | GB23: 0 | GC23: =$K23*GB23 -> 0 | GD23: =$I23*GB23 -> 0 | GE23: =$J23*GB23 -> 0 | GF23: 0 | GG23: =$K23*GF23 -> 0 | GH23: =$I23*GF23 -> 0 | GI23: =$J23*GF23 -> 0 | GJ23: 0 | GK23: =$K23*GJ23 -> 0 | GL23: =$I23*GJ23 -> 0 | GM23: =$J23*GJ23 -> 0 | GN23: 0 | GO23: =$K23*GN23 -> 0 | GP23: =$I23*GN23 -> 0 | GQ23: =$J23*GN23 -> 0 | GR23: 0 | GS23: =$K23*GR23 -> 0 | GT23: =$I23*GR23 -> 0 | GU23: =$J23*GR23 -> 0 | GV23: 0 | GW23: =$K23*GV23 -> 0 | GX23: =$I23*GV23 -> 0 | GY23: =$J23*GV23 -> 0 | GZ23: 0 | HA23: =$K23*GZ23 -> 0 | HB23: =$I23*GZ23 -> 0 | HC23: =$J23*GZ23 -> 0 | HD23: 0 | HE23: =$K23*HD23 -> 0 | HF23: =$I23*HD23 -> 0 | HG23: =$J23*HD23 -> 0 | HI23: =L23+P23+T23+X23+AB23+AF23+AJ23+AN23+AR23+AV23+AZ23+BD23+BH23+BL23+BP23+BT23+BX23+CB23+CF23+CJ23+CN23+CR23+CV23+CZ23+DD23+DH23+DL23+DP23+DT23+DX23+EB23+EF23+EJ23+EN23+ER23+EV23+EZ23+FD23+FH23+FL23+FP23+FT23+FX23+GB23+GF23+GJ23+GN23+GR23+GV23+GZ23+HD23 -> 0 | HJ23: =M23+Q23+U23+Y23+AC23+AG23+AK23+AO23+AS23+AW23+BA23+BE23+BI23+BM23+BQ23+BU23+BY23+CC23+CG23+CK23+CO23+CS23+CW23+DA23+DE23+DI23+DM23+DQ23+DU23+DY23+EC23+EG23+EK23+EO23+ES23+EW23+FA23+FE23+FI23+FM23+FQ23+FU23+FY23+GC23+GG23+GK23+GO23+GS23+GW23+HA23+HE23 -> 0 | HK23: =HJ23-K23 -> 0
F24: =E24*12 -> 0 | G24: =IF(C24="",0,IF(C24="50000",$G$4,IF(C24="50010",$G$5,IF(C24="50020",$G$6,IF(C24="50030",$G$7,IF(C24="50040",$G$8,IF(C24="50050",$G$9,IF(C24="50060",$G$10,IF(C24="50090",$G$11,IF(C24="50100",$G$12,IF(C24="50110",$G$13))))))))))) -> 0 | H24: 0 | I24: =F24*H24 -> 0 | J24: =F24*G24*H24 -> 0 | K24: =F24*(1+G24)*H24 -> 0 | L24: 0 | M24: =$K24*L24 -> 0 | N24: =$I24*L24 -> 0 | O24: =$J24*L24 -> 0 | P24: 0 | Q24: =$K24*P24 -> 0 | R24: =$I24*P24 -> 0 | S24: =$J24*P24 -> 0 | T24: 0 | U24: =$K24*T24 -> 0 | V24: =$I24*T24 -> 0 | W24: =$J24*T24 -> 0 | X24: 0 | Y24: =$K24*X24 -> 0 | Z24: =$I24*X24 -> 0 | AA24: =$J24*X24 -> 0 | AB24: 0 | AC24: =$K24*AB24 -> 0 | AD24: =$I24*AB24 -> 0 | AE24: =$J24*AB24 -> 0 | AF24: 0 | AG24: =$K24*AF24 -> 0 | AH24: =$I24*AF24 -> 0 | AI24: =$J24*AF24 -> 0 | AJ24: 0 | AK24: =$K24*AJ24 -> 0 | AL24: =$I24*AJ24 -> 0 | AM24: =$J24*AJ24 -> 0 | AN24: 0 | AO24: =$K24*AN24 -> 0 | AP24: =$I24*AN24 -> 0 | AQ24: =$J24*AN24 -> 0 | AR24: 0 | AS24: =$K24*AR24 -> 0 | AT24: =$I24*AR24 -> 0 | AU24: =$J24*AR24 -> 0 | AV24: 0 | AW24: =$K24*AV24 -> 0 | AX24: =$I24*AV24 -> 0 | AY24: =$J24*AV24 -> 0 | AZ24: 0 | BA24: =$K24*AZ24 -> 0 | BB24: =$I24*AZ24 -> 0 | BC24: =$J24*AZ24 -> 0 | BD24: 0 | BE24: =$K24*BD24 -> 0 | BF24: =$I24*BD24 -> 0 | BG24: =$J24*BD24 -> 0 | BH24: 0 | BI24: =$K24*BH24 -> 0 | BJ24: =$I24*BH24 -> 0 | BK24: =$J24*BH24 -> 0 | BL24: 0 | BM24: =$K24*BL24 -> 0 | BN24: =$I24*BL24 -> 0 | BO24: =$J24*BL24 -> 0 | BP24: 0 | BQ24: =$K24*BP24 -> 0 | BR24: =$I24*BP24 -> 0 | BS24: =$J24*BP24 -> 0 | BT24: 0 | BU24: =$K24*BT24 -> 0 | BV24: =$I24*BT24 -> 0 | BW24: =$J24*BT24 -> 0 | BX24: 0 | BY24: =$K24*BX24 -> 0 | BZ24: =$I24*BX24 -> 0 | CA24: =$J24*BX24 -> 0 | CB24: 0 | CC24: =$K24*CB24 -> 0 | CD24: =$I24*CB24 -> 0 | CE24: =$J24*CB24 -> 0 | CF24: 0 | CG24: =$K24*CF24 -> 0 | CH24: =$I24*CF24 -> 0 | CI24: =$J24*CF24 -> 0 | CJ24: 0 | CK24: =$K24*CJ24 -> 0 | CL24: =$I24*CJ24 -> 0 | CM24: =$J24*CJ24 -> 0 | CN24: 0 | CO24: =$K24*CN24 -> 0 | CP24: =$I24*CN24 -> 0 | CQ24: =$J24*CN24 -> 0 | CR24: 0 | CS24: =$K24*CR24 -> 0 | CT24: =$I24*CR24 -> 0 | CU24: =$J24*CR24 -> 0 | CV24: 0 | CW24: =$K24*CV24 -> 0 | CX24: =$I24*CV24 -> 0 | CY24: =$J24*CV24 -> 0 | CZ24: 0 | DA24: =$K24*CZ24 -> 0 | DB24: =$I24*CZ24 -> 0 | DC24: =$J24*CZ24 -> 0 | DD24: 0 | DE24: =$K24*DD24 -> 0 | DF24: =$I24*DD24 -> 0 | DG24: =$J24*DD24 -> 0 | DH24: 0 | DI24: =$K24*DH24 -> 0 | DJ24: =$I24*DH24 -> 0 | DK24: =$J24*DH24 -> 0 | DL24: 0 | DM24: =$K24*DL24 -> 0 | DN24: =$I24*DL24 -> 0 | DO24: =$J24*DL24 -> 0 | DP24: 0 | DQ24: =$K24*DP24 -> 0 | DR24: =$I24*DP24 -> 0 | DS24: =$J24*DP24 -> 0 | DT24: 0 | DU24: =$K24*DT24 -> 0 | DV24: =$I24*DT24 -> 0 | DW24: =$J24*DT24 -> 0 | DX24: 0 | DY24: =$K24*DX24 -> 0 | DZ24: =$I24*DX24 -> 0 | EA24: =$J24*DX24 -> 0 | EB24: 0 | EC24: =$K24*EB24 -> 0 | ED24: =$I24*EB24 -> 0 | EE24: =$J24*EB24 -> 0 | EF24: 0 | EG24: =$K24*EF24 -> 0 | EH24: =$I24*EF24 -> 0 | EI24: =$J24*EF24 -> 0 | EJ24: 0 | EK24: =$K24*EJ24 -> 0 | EL24: =$I24*EJ24 -> 0 | EM24: =$J24*EJ24 -> 0 | EN24: 0 | EO24: =$K24*EN24 -> 0 | EP24: =$I24*EN24 -> 0 | EQ24: =$J24*EN24 -> 0 | ER24: 0 | ES24: =$K24*ER24 -> 0 | ET24: =$I24*ER24 -> 0 | EU24: =$J24*ER24 -> 0 | EV24: 0 | EW24: =$K24*EV24 -> 0 | EX24: =$I24*EV24 -> 0 | EY24: =$J24*EV24 -> 0 | EZ24: 0 | FA24: =$K24*EZ24 -> 0 | FB24: =$I24*EZ24 -> 0 | FC24: =$J24*EZ24 -> 0 | FD24: 0 | FE24: =$K24*FD24 -> 0 | FF24: =$I24*FD24 -> 0 | FG24: =$J24*FD24 -> 0 | FH24: 0 | FI24: =$K24*FH24 -> 0 | FJ24: =$I24*FH24 -> 0 | FK24: =$J24*FH24 -> 0 | FL24: 0 | FM24: =$K24*FL24 -> 0 | FN24: =$I24*FL24 -> 0 | FO24: =$J24*FL24 -> 0 | FP24: 0 | FQ24: =$K24*FP24 -> 0 | FR24: =$I24*FP24 -> 0 | FS24: =$J24*FP24 -> 0 | FT24: 0 | FU24: =$K24*FT24 -> 0 | FV24: =$I24*FT24 -> 0 | FW24: =$J24*FT24 -> 0 | FX24: 0 | FY24: =$K24*FX24 -> 0 | FZ24: =$I24*FX24 -> 0 | GA24: =$J24*FX24 -> 0 | GB24: 0 | GC24: =$K24*GB24 -> 0 | GD24: =$I24*GB24 -> 0 | GE24: =$J24*GB24 -> 0 | GF24: 0 | GG24: =$K24*GF24 -> 0 | GH24: =$I24*GF24 -> 0 | GI24: =$J24*GF24 -> 0 | GJ24: 0 | GK24: =$K24*GJ24 -> 0 | GL24: =$I24*GJ24 -> 0 | GM24: =$J24*GJ24 -> 0 | GN24: 0 | GO24: =$K24*GN24 -> 0 | GP24: =$I24*GN24 -> 0 | GQ24: =$J24*GN24 -> 0 | GR24: 0 | GS24: =$K24*GR24 -> 0 | GT24: =$I24*GR24 -> 0 | GU24: =$J24*GR24 -> 0 | GV24: 0 | GW24: =$K24*GV24 -> 0 | GX24: =$I24*GV24 -> 0 | GY24: =$J24*GV24 -> 0 | GZ24: 0 | HA24: =$K24*GZ24 -> 0 | HB24: =$I24*GZ24 -> 0 | HC24: =$J24*GZ24 -> 0 | HD24: 0 | HE24: =$K24*HD24 -> 0 | HF24: =$I24*HD24 -> 0 | HG24: =$J24*HD24 -> 0 | HI24: =L24+P24+T24+X24+AB24+AF24+AJ24+AN24+AR24+AV24+AZ24+BD24+BH24+BL24+BP24+BT24+BX24+CB24+CF24+CJ24+CN24+CR24+CV24+CZ24+DD24+DH24+DL24+DP24+DT24+DX24+EB24+EF24+EJ24+EN24+ER24+EV24+EZ24+FD24+FH24+FL24+FP24+FT24+FX24+GB24+GF24+GJ24+GN24+GR24+GV24+GZ24+HD24 -> 0 | HJ24: =M24+Q24+U24+Y24+AC24+AG24+AK24+AO24+AS24+AW24+BA24+BE24+BI24+BM24+BQ24+BU24+BY24+CC24+CG24+CK24+CO24+CS24+CW24+DA24+DE24+DI24+DM24+DQ24+DU24+DY24+EC24+EG24+EK24+EO24+ES24+EW24+FA24+FE24+FI24+FM24+FQ24+FU24+FY24+GC24+GG24+GK24+GO24+GS24+GW24+HA24+HE24 -> 0 | HK24: =HJ24-K24 -> 0
F25: =E25*12 -> 0 | G25: =IF(C25="",0,IF(C25="50000",$G$4,IF(C25="50010",$G$5,IF(C25="50020",$G$6,IF(C25="50030",$G$7,IF(C25="50040",$G$8,IF(C25="50050",$G$9,IF(C25="50060",$G$10,IF(C25="50090",$G$11,IF(C25="50100",$G$12,IF(C25="50110",$G$13))))))))))) -> 0 | H25: 0 | I25: =F25*H25 -> 0 | J25: =F25*G25*H25 -> 0 | K25: =F25*(1+G25)*H25 -> 0 | L25: 0 | M25: =$K25*L25 -> 0 | N25: =$I25*L25 -> 0 | O25: =$J25*L25 -> 0 | P25: 0 | Q25: =$K25*P25 -> 0 | R25: =$I25*P25 -> 0 | S25: =$J25*P25 -> 0 | T25: 0 | U25: =$K25*T25 -> 0 | V25: =$I25*T25 -> 0 | W25: =$J25*T25 -> 0 | X25: 0 | Y25: =$K25*X25 -> 0 | Z25: =$I25*X25 -> 0 | AA25: =$J25*X25 -> 0 | AB25: 0 | AC25: =$K25*AB25 -> 0 | AD25: =$I25*AB25 -> 0 | AE25: =$J25*AB25 -> 0 | AF25: 0 | AG25: =$K25*AF25 -> 0 | AH25: =$I25*AF25 -> 0 | AI25: =$J25*AF25 -> 0 | AJ25: 0 | AK25: =$K25*AJ25 -> 0 | AL25: =$I25*AJ25 -> 0 | AM25: =$J25*AJ25 -> 0 | AN25: 0 | AO25: =$K25*AN25 -> 0 | AP25: =$I25*AN25 -> 0 | AQ25: =$J25*AN25 -> 0 | AR25: 0 | AS25: =$K25*AR25 -> 0 | AT25: =$I25*AR25 -> 0 | AU25: =$J25*AR25 -> 0 | AV25: 0 | AW25: =$K25*AV25 -> 0 | AX25: =$I25*AV25 -> 0 | AY25: =$J25*AV25 -> 0 | AZ25: 0 | BA25: =$K25*AZ25 -> 0 | BB25: =$I25*AZ25 -> 0 | BC25: =$J25*AZ25 -> 0 | BD25: 0 | BE25: =$K25*BD25 -> 0 | BF25: =$I25*BD25 -> 0 | BG25: =$J25*BD25 -> 0 | BH25: 0 | BI25: =$K25*BH25 -> 0 | BJ25: =$I25*BH25 -> 0 | BK25: =$J25*BH25 -> 0 | BL25: 0 | BM25: =$K25*BL25 -> 0 | BN25: =$I25*BL25 -> 0 | BO25: =$J25*BL25 -> 0 | BP25: 0 | BQ25: =$K25*BP25 -> 0 | BR25: =$I25*BP25 -> 0 | BS25: =$J25*BP25 -> 0 | BT25: 0 | BU25: =$K25*BT25 -> 0 | BV25: =$I25*BT25 -> 0 | BW25: =$J25*BT25 -> 0 | BX25: 0 | BY25: =$K25*BX25 -> 0 | BZ25: =$I25*BX25 -> 0 | CA25: =$J25*BX25 -> 0 | CB25: 0 | CC25: =$K25*CB25 -> 0 | CD25: =$I25*CB25 -> 0 | CE25: =$J25*CB25 -> 0 | CF25: 0 | CG25: =$K25*CF25 -> 0 | CH25: =$I25*CF25 -> 0 | CI25: =$J25*CF25 -> 0 | CJ25: 0 | CK25: =$K25*CJ25 -> 0 | CL25: =$I25*CJ25 -> 0 | CM25: =$J25*CJ25 -> 0 | CN25: 0 | CO25: =$K25*CN25 -> 0 | CP25: =$I25*CN25 -> 0 | CQ25: =$J25*CN25 -> 0 | CR25: 0 | CS25: =$K25*CR25 -> 0 | CT25: =$I25*CR25 -> 0 | CU25: =$J25*CR25 -> 0 | CV25: 0 | CW25: =$K25*CV25 -> 0 | CX25: =$I25*CV25 -> 0 | CY25: =$J25*CV25 -> 0 | CZ25: 0 | DA25: =$K25*CZ25 -> 0 | DB25: =$I25*CZ25 -> 0 | DC25: =$J25*CZ25 -> 0 | DD25: 0 | DE25: =$K25*DD25 -> 0 | DF25: =$I25*DD25 -> 0 | DG25: =$J25*DD25 -> 0 | DH25: 0 | DI25: =$K25*DH25 -> 0 | DJ25: =$I25*DH25 -> 0 | DK25: =$J25*DH25 -> 0 | DL25: 0 | DM25: =$K25*DL25 -> 0 | DN25: =$I25*DL25 -> 0 | DO25: =$J25*DL25 -> 0 | DP25: 0 | DQ25: =$K25*DP25 -> 0 | DR25: =$I25*DP25 -> 0 | DS25: =$J25*DP25 -> 0 | DT25: 0 | DU25: =$K25*DT25 -> 0 | DV25: =$I25*DT25 -> 0 | DW25: =$J25*DT25 -> 0 | DX25: 0 | DY25: =$K25*DX25 -> 0 | DZ25: =$I25*DX25 -> 0 | EA25: =$J25*DX25 -> 0 | EB25: 0 | EC25: =$K25*EB25 -> 0 | ED25: =$I25*EB25 -> 0 | EE25: =$J25*EB25 -> 0 | EF25: 0 | EG25: =$K25*EF25 -> 0 | EH25: =$I25*EF25 -> 0 | EI25: =$J25*EF25 -> 0 | EJ25: 0 | EK25: =$K25*EJ25 -> 0 | EL25: =$I25*EJ25 -> 0 | EM25: =$J25*EJ25 -> 0 | EN25: 0 | EO25: =$K25*EN25 -> 0 | EP25: =$I25*EN25 -> 0 | EQ25: =$J25*EN25 -> 0 | ER25: 0 | ES25: =$K25*ER25 -> 0 | ET25: =$I25*ER25 -> 0 | EU25: =$J25*ER25 -> 0 | EV25: 0 | EW25: =$K25*EV25 -> 0 | EX25: =$I25*EV25 -> 0 | EY25: =$J25*EV25 -> 0 | EZ25: 0 | FA25: =$K25*EZ25 -> 0 | FB25: =$I25*EZ25 -> 0 | FC25: =$J25*EZ25 -> 0 | FD25: 0 | FE25: =$K25*FD25 -> 0 | FF25: =$I25*FD25 -> 0 | FG25: =$J25*FD25 -> 0 | FH25: 0 | FI25: =$K25*FH25 -> 0 | FJ25: =$I25*FH25 -> 0 | FK25: =$J25*FH25 -> 0 | FL25: 0 | FM25: =$K25*FL25 -> 0 | FN25: =$I25*FL25 -> 0 | FO25: =$J25*FL25 -> 0 | FP25: 0 | FQ25: =$K25*FP25 -> 0 | FR25: =$I25*FP25 -> 0 | FS25: =$J25*FP25 -> 0 | FT25: 0 | FU25: =$K25*FT25 -> 0 | FV25: =$I25*FT25 -> 0 | FW25: =$J25*FT25 -> 0 | FX25: 0 | FY25: =$K25*FX25 -> 0 | FZ25: =$I25*FX25 -> 0 | GA25: =$J25*FX25 -> 0 | GB25: 0 | GC25: =$K25*GB25 -> 0 | GD25: =$I25*GB25 -> 0 | GE25: =$J25*GB25 -> 0 | GF25: 0 | GG25: =$K25*GF25 -> 0 | GH25: =$I25*GF25 -> 0 | GI25: =$J25*GF25 -> 0 | GJ25: 0 | GK25: =$K25*GJ25 -> 0 | GL25: =$I25*GJ25 -> 0 | GM25: =$J25*GJ25 -> 0 | GN25: 0 | GO25: =$K25*GN25 -> 0 | GP25: =$I25*GN25 -> 0 | GQ25: =$J25*GN25 -> 0 | GR25: 0 | GS25: =$K25*GR25 -> 0 | GT25: =$I25*GR25 -> 0 | GU25: =$J25*GR25 -> 0 | GV25: 0 | GW25: =$K25*GV25 -> 0 | GX25: =$I25*GV25 -> 0 | GY25: =$J25*GV25 -> 0 | GZ25: 0 | HA25: =$K25*GZ25 -> 0 | HB25: =$I25*GZ25 -> 0 | HC25: =$J25*GZ25 -> 0 | HD25: 0 | HE25: =$K25*HD25 -> 0 | HF25: =$I25*HD25 -> 0 | HG25: =$J25*HD25 -> 0 | HI25: =L25+P25+T25+X25+AB25+AF25+AJ25+AN25+AR25+AV25+AZ25+BD25+BH25+BL25+BP25+BT25+BX25+CB25+CF25+CJ25+CN25+CR25+CV25+CZ25+DD25+DH25+DL25+DP25+DT25+DX25+EB25+EF25+EJ25+EN25+ER25+EV25+EZ25+FD25+FH25+FL25+FP25+FT25+FX25+GB25+GF25+GJ25+GN25+GR25+GV25+GZ25+HD25 -> 0 | HJ25: =M25+Q25+U25+Y25+AC25+AG25+AK25+AO25+AS25+AW25+BA25+BE25+BI25+BM25+BQ25+BU25+BY25+CC25+CG25+CK25+CO25+CS25+CW25+DA25+DE25+DI25+DM25+DQ25+DU25+DY25+EC25+EG25+EK25+EO25+ES25+EW25+FA25+FE25+FI25+FM25+FQ25+FU25+FY25+GC25+GG25+GK25+GO25+GS25+GW25+HA25+HE25 -> 0 | HK25: =HJ25-K25 -> 0
F26: =E26*12 -> 0 | G26: =IF(C26="",0,IF(C26="50000",$G$4,IF(C26="50010",$G$5,IF(C26="50020",$G$6,IF(C26="50030",$G$7,IF(C26="50040",$G$8,IF(C26="50050",$G$9,IF(C26="50060",$G$10,IF(C26="50090",$G$11,IF(C26="50100",$G$12,IF(C26="50110",$G$13))))))))))) -> 0 | H26: 0 | I26: =F26*H26 -> 0 | J26: =F26*G26*H26 -> 0 | K26: =F26*(1+G26)*H26 -> 0 | L26: 0 | M26: =$K26*L26 -> 0 | N26: =$I26*L26 -> 0 | O26: =$J26*L26 -> 0 | P26: 0 | Q26: =$K26*P26 -> 0 | R26: =$I26*P26 -> 0 | S26: =$J26*P26 -> 0 | T26: 0 | U26: =$K26*T26 -> 0 | V26: =$I26*T26 -> 0 | W26: =$J26*T26 -> 0 | X26: 0 | Y26: =$K26*X26 -> 0 | Z26: =$I26*X26 -> 0 | AA26: =$J26*X26 -> 0 | AB26: 0 | AC26: =$K26*AB26 -> 0 | AD26: =$I26*AB26 -> 0 | AE26: =$J26*AB26 -> 0 | AF26: 0 | AG26: =$K26*AF26 -> 0 | AH26: =$I26*AF26 -> 0 | AI26: =$J26*AF26 -> 0 | AJ26: 0 | AK26: =$K26*AJ26 -> 0 | AL26: =$I26*AJ26 -> 0 | AM26: =$J26*AJ26 -> 0 | AN26: 0 | AO26: =$K26*AN26 -> 0 | AP26: =$I26*AN26 -> 0 | AQ26: =$J26*AN26 -> 0 | AR26: 0 | AS26: =$K26*AR26 -> 0 | AT26: =$I26*AR26 -> 0 | AU26: =$J26*AR26 -> 0 | AV26: 0 | AW26: =$K26*AV26 -> 0 | AX26: =$I26*AV26 -> 0 | AY26: =$J26*AV26 -> 0 | AZ26: 0 | BA26: =$K26*AZ26 -> 0 | BB26: =$I26*AZ26 -> 0 | BC26: =$J26*AZ26 -> 0 | BD26: 0 | BE26: =$K26*BD26 -> 0 | BF26: =$I26*BD26 -> 0 | BG26: =$J26*BD26 -> 0 | BH26: 0 | BI26: =$K26*BH26 -> 0 | BJ26: =$I26*BH26 -> 0 | BK26: =$J26*BH26 -> 0 | BL26: 0 | BM26: =$K26*BL26 -> 0 | BN26: =$I26*BL26 -> 0 | BO26: =$J26*BL26 -> 0 | BP26: 0 | BQ26: =$K26*BP26 -> 0 | BR26: =$I26*BP26 -> 0 | BS26: =$J26*BP26 -> 0 | BT26: 0 | BU26: =$K26*BT26 -> 0 | BV26: =$I26*BT26 -> 0 | BW26: =$J26*BT26 -> 0 | BX26: 0 | BY26: =$K26*BX26 -> 0 | BZ26: =$I26*BX26 -> 0 | CA26: =$J26*BX26 -> 0 | CB26: 0 | CC26: =$K26*CB26 -> 0 | CD26: =$I26*CB26 -> 0 | CE26: =$J26*CB26 -> 0 | CF26: 0 | CG26: =$K26*CF26 -> 0 | CH26: =$I26*CF26 -> 0 | CI26: =$J26*CF26 -> 0 | CJ26: 0 | CK26: =$K26*CJ26 -> 0 | CL26: =$I26*CJ26 -> 0 | CM26: =$J26*CJ26 -> 0 | CN26: 0 | CO26: =$K26*CN26 -> 0 | CP26: =$I26*CN26 -> 0 | CQ26: =$J26*CN26 -> 0 | CR26: 0 | CS26: =$K26*CR26 -> 0 | CT26: =$I26*CR26 -> 0 | CU26: =$J26*CR26 -> 0 | CV26: 0 | CW26: =$K26*CV26 -> 0 | CX26: =$I26*CV26 -> 0 | CY26: =$J26*CV26 -> 0 | CZ26: 0 | DA26: =$K26*CZ26 -> 0 | DB26: =$I26*CZ26 -> 0 | DC26: =$J26*CZ26 -> 0 | DD26: 0 | DE26: =$K26*DD26 -> 0 | DF26: =$I26*DD26 -> 0 | DG26: =$J26*DD26 -> 0 | DH26: 0 | DI26: =$K26*DH26 -> 0 | DJ26: =$I26*DH26 -> 0 | DK26: =$J26*DH26 -> 0 | DL26: 0 | DM26: =$K26*DL26 -> 0 | DN26: =$I26*DL26 -> 0 | DO26: =$J26*DL26 -> 0 | DP26: 0 | DQ26: =$K26*DP26 -> 0 | DR26: =$I26*DP26 -> 0 | DS26: =$J26*DP26 -> 0 | DT26: 0 | DU26: =$K26*DT26 -> 0 | DV26: =$I26*DT26 -> 0 | DW26: =$J26*DT26 -> 0 | DX26: 0 | DY26: =$K26*DX26 -> 0 | DZ26: =$I26*DX26 -> 0 | EA26: =$J26*DX26 -> 0 | EB26: 0 | EC26: =$K26*EB26 -> 0 | ED26: =$I26*EB26 -> 0 | EE26: =$J26*EB26 -> 0 | EF26: 0 | EG26: =$K26*EF26 -> 0 | EH26: =$I26*EF26 -> 0 | EI26: =$J26*EF26 -> 0 | EJ26: 0 | EK26: =$K26*EJ26 -> 0 | EL26: =$I26*EJ26 -> 0 | EM26: =$J26*EJ26 -> 0 | EN26: 0 | EO26: =$K26*EN26 -> 0 | EP26: =$I26*EN26 -> 0 | EQ26: =$J26*EN26 -> 0 | ER26: 0 | ES26: =$K26*ER26 -> 0 | ET26: =$I26*ER26 -> 0 | EU26: =$J26*ER26 -> 0 | EV26: 0 | EW26: =$K26*EV26 -> 0 | EX26: =$I26*EV26 -> 0 | EY26: =$J26*EV26 -> 0 | EZ26: 0 | FA26: =$K26*EZ26 -> 0 | FB26: =$I26*EZ26 -> 0 | FC26: =$J26*EZ26 -> 0 | FD26: 0 | FE26: =$K26*FD26 -> 0 | FF26: =$I26*FD26 -> 0 | FG26: =$J26*FD26 -> 0 | FH26: 0 | FI26: =$K26*FH26 -> 0 | FJ26: =$I26*FH26 -> 0 | FK26: =$J26*FH26 -> 0 | FL26: 0 | FM26: =$K26*FL26 -> 0 | FN26: =$I26*FL26 -> 0 | FO26: =$J26*FL26 -> 0 | FP26: 0 | FQ26: =$K26*FP26 -> 0 | FR26: =$I26*FP26 -> 0 | FS26: =$J26*FP26 -> 0 | FT26: 0 | FU26: =$K26*FT26 -> 0 | FV26: =$I26*FT26 -> 0 | FW26: =$J26*FT26 -> 0 | FX26: 0 | FY26: =$K26*FX26 -> 0 | FZ26: =$I26*FX26 -> 0 | GA26: =$J26*FX26 -> 0 | GB26: 0 | GC26: =$K26*GB26 -> 0 | GD26: =$I26*GB26 -> 0 | GE26: =$J26*GB26 -> 0 | GF26: 0 | GG26: =$K26*GF26 -> 0 | GH26: =$I26*GF26 -> 0 | GI26: =$J26*GF26 -> 0 | GJ26: 0 | GK26: =$K26*GJ26 -> 0 | GL26: =$I26*GJ26 -> 0 | GM26: =$J26*GJ26 -> 0 | GN26: 0 | GO26: =$K26*GN26 -> 0 | GP26: =$I26*GN26 -> 0 | GQ26: =$J26*GN26 -> 0 | GR26: 0 | GS26: =$K26*GR26 -> 0 | GT26: =$I26*GR26 -> 0 | GU26: =$J26*GR26 -> 0 | GV26: 0 | GW26: =$K26*GV26 -> 0 | GX26: =$I26*GV26 -> 0 | GY26: =$J26*GV26 -> 0 | GZ26: 0 | HA26: =$K26*GZ26 -> 0 | HB26: =$I26*GZ26 -> 0 | HC26: =$J26*GZ26 -> 0 | HD26: 0 | HE26: =$K26*HD26 -> 0 | HF26: =$I26*HD26 -> 0 | HG26: =$J26*HD26 -> 0 | HI26: =L26+P26+T26+X26+AB26+AF26+AJ26+AN26+AR26+AV26+AZ26+BD26+BH26+BL26+BP26+BT26+BX26+CB26+CF26+CJ26+CN26+CR26+CV26+CZ26+DD26+DH26+DL26+DP26+DT26+DX26+EB26+EF26+EJ26+EN26+ER26+EV26+EZ26+FD26+FH26+FL26+FP26+FT26+FX26+GB26+GF26+GJ26+GN26+GR26+GV26+GZ26+HD26 -> 0 | HJ26: =M26+Q26+U26+Y26+AC26+AG26+AK26+AO26+AS26+AW26+BA26+BE26+BI26+BM26+BQ26+BU26+BY26+CC26+CG26+CK26+CO26+CS26+CW26+DA26+DE26+DI26+DM26+DQ26+DU26+DY26+EC26+EG26+EK26+EO26+ES26+EW26+FA26+FE26+FI26+FM26+FQ26+FU26+FY26+GC26+GG26+GK26+GO26+GS26+GW26+HA26+HE26 -> 0 | HK26: =HJ26-K26 -> 0
F27: =E27*12 -> 0 | G27: =IF(C27="",0,IF(C27="50000",$G$4,IF(C27="50010",$G$5,IF(C27="50020",$G$6,IF(C27="50030",$G$7,IF(C27="50040",$G$8,IF(C27="50050",$G$9,IF(C27="50060",$G$10,IF(C27="50090",$G$11,IF(C27="50100",$G$12,IF(C27="50110",$G$13))))))))))) -> 0 | H27: 0 | I27: =F27*H27 -> 0 | J27: =F27*G27*H27 -> 0 | K27: =F27*(1+G27)*H27 -> 0 | L27: 0 | M27: =$K27*L27 -> 0 | N27: =$I27*L27 -> 0 | O27: =$J27*L27 -> 0 | P27: 0 | Q27: =$K27*P27 -> 0 | R27: =$I27*P27 -> 0 | S27: =$J27*P27 -> 0 | T27: 0 | U27: =$K27*T27 -> 0 | V27: =$I27*T27 -> 0 | W27: =$J27*T27 -> 0 | X27: 0 | Y27: =$K27*X27 -> 0 | Z27: =$I27*X27 -> 0 | AA27: =$J27*X27 -> 0 | AB27: 0 | AC27: =$K27*AB27 -> 0 | AD27: =$I27*AB27 -> 0 | AE27: =$J27*AB27 -> 0 | AF27: 0 | AG27: =$K27*AF27 -> 0 | AH27: =$I27*AF27 -> 0 | AI27: =$J27*AF27 -> 0 | AJ27: 0 | AK27: =$K27*AJ27 -> 0 | AL27: =$I27*AJ27 -> 0 | AM27: =$J27*AJ27 -> 0 | AN27: 0 | AO27: =$K27*AN27 -> 0 | AP27: =$I27*AN27 -> 0 | AQ27: =$J27*AN27 -> 0 | AR27: 0 | AS27: =$K27*AR27 -> 0 | AT27: =$I27*AR27 -> 0 | AU27: =$J27*AR27 -> 0 | AV27: 0 | AW27: =$K27*AV27 -> 0 | AX27: =$I27*AV27 -> 0 | AY27: =$J27*AV27 -> 0 | AZ27: 0 | BA27: =$K27*AZ27 -> 0 | BB27: =$I27*AZ27 -> 0 | BC27: =$J27*AZ27 -> 0 | BD27: 0 | BE27: =$K27*BD27 -> 0 | BF27: =$I27*BD27 -> 0 | BG27: =$J27*BD27 -> 0 | BH27: 0 | BI27: =$K27*BH27 -> 0 | BJ27: =$I27*BH27 -> 0 | BK27: =$J27*BH27 -> 0 | BL27: 0 | BM27: =$K27*BL27 -> 0 | BN27: =$I27*BL27 -> 0 | BO27: =$J27*BL27 -> 0 | BP27: 0 | BQ27: =$K27*BP27 -> 0 | BR27: =$I27*BP27 -> 0 | BS27: =$J27*BP27 -> 0 | BT27: 0 | BU27: =$K27*BT27 -> 0 | BV27: =$I27*BT27 -> 0 | BW27: =$J27*BT27 -> 0 | BX27: 0 | BY27: =$K27*BX27 -> 0 | BZ27: =$I27*BX27 -> 0 | CA27: =$J27*BX27 -> 0 | CB27: 0 | CC27: =$K27*CB27 -> 0 | CD27: =$I27*CB27 -> 0 | CE27: =$J27*CB27 -> 0 | CF27: 0 | CG27: =$K27*CF27 -> 0 | CH27: =$I27*CF27 -> 0 | CI27: =$J27*CF27 -> 0 | CJ27: 0 | CK27: =$K27*CJ27 -> 0 | CL27: =$I27*CJ27 -> 0 | CM27: =$J27*CJ27 -> 0 | CN27: 0 | CO27: =$K27*CN27 -> 0 | CP27: =$I27*CN27 -> 0 | CQ27: =$J27*CN27 -> 0 | CR27: 0 | CS27: =$K27*CR27 -> 0 | CT27: =$I27*CR27 -> 0 | CU27: =$J27*CR27 -> 0 | CV27: 0 | CW27: =$K27*CV27 -> 0 | CX27: =$I27*CV27 -> 0 | CY27: =$J27*CV27 -> 0 | CZ27: 0 | DA27: =$K27*CZ27 -> 0 | DB27: =$I27*CZ27 -> 0 | DC27: =$J27*CZ27 -> 0 | DD27: 0 | DE27: =$K27*DD27 -> 0 | DF27: =$I27*DD27 -> 0 | DG27: =$J27*DD27 -> 0 | DH27: 0 | DI27: =$K27*DH27 -> 0 | DJ27: =$I27*DH27 -> 0 | DK27: =$J27*DH27 -> 0 | DL27: 0 | DM27: =$K27*DL27 -> 0 | DN27: =$I27*DL27 -> 0 | DO27: =$J27*DL27 -> 0 | DP27: 0 | DQ27: =$K27*DP27 -> 0 | DR27: =$I27*DP27 -> 0 | DS27: =$J27*DP27 -> 0 | DT27: 0 | DU27: =$K27*DT27 -> 0 | DV27: =$I27*DT27 -> 0 | DW27: =$J27*DT27 -> 0 | DX27: 0 | DY27: =$K27*DX27 -> 0 | DZ27: =$I27*DX27 -> 0 | EA27: =$J27*DX27 -> 0 | EB27: 0 | EC27: =$K27*EB27 -> 0 | ED27: =$I27*EB27 -> 0 | EE27: =$J27*EB27 -> 0 | EF27: 0 | EG27: =$K27*EF27 -> 0 | EH27: =$I27*EF27 -> 0 | EI27: =$J27*EF27 -> 0 | EJ27: 0 | EK27: =$K27*EJ27 -> 0 | EL27: =$I27*EJ27 -> 0 | EM27: =$J27*EJ27 -> 0 | EN27: 0 | EO27: =$K27*EN27 -> 0 | EP27: =$I27*EN27 -> 0 | EQ27: =$J27*EN27 -> 0 | ER27: 0 | ES27: =$K27*ER27 -> 0 | ET27: =$I27*ER27 -> 0 | EU27: =$J27*ER27 -> 0 | EV27: 0 | EW27: =$K27*EV27 -> 0 | EX27: =$I27*EV27 -> 0 | EY27: =$J27*EV27 -> 0 | EZ27: 0 | FA27: =$K27*EZ27 -> 0 | FB27: =$I27*EZ27 -> 0 | FC27: =$J27*EZ27 -> 0 | FD27: 0 | FE27: =$K27*FD27 -> 0 | FF27: =$I27*FD27 -> 0 | FG27: =$J27*FD27 -> 0 | FH27: 0 | FI27: =$K27*FH27 -> 0 | FJ27: =$I27*FH27 -> 0 | FK27: =$J27*FH27 -> 0 | FL27: 0 | FM27: =$K27*FL27 -> 0 | FN27: =$I27*FL27 -> 0 | FO27: =$J27*FL27 -> 0 | FP27: 0 | FQ27: =$K27*FP27 -> 0 | FR27: =$I27*FP27 -> 0 | FS27: =$J27*FP27 -> 0 | FT27: 0 | FU27: =$K27*FT27 -> 0 | FV27: =$I27*FT27 -> 0 | FW27: =$J27*FT27 -> 0 | FX27: 0 | FY27: =$K27*FX27 -> 0 | FZ27: =$I27*FX27 -> 0 | GA27: =$J27*FX27 -> 0 | GB27: 0 | GC27: =$K27*GB27 -> 0 | GD27: =$I27*GB27 -> 0 | GE27: =$J27*GB27 -> 0 | GF27: 0 | GG27: =$K27*GF27 -> 0 | GH27: =$I27*GF27 -> 0 | GI27: =$J27*GF27 -> 0 | GJ27: 0 | GK27: =$K27*GJ27 -> 0 | GL27: =$I27*GJ27 -> 0 | GM27: =$J27*GJ27 -> 0 | GN27: 0 | GO27: =$K27*GN27 -> 0 | GP27: =$I27*GN27 -> 0 | GQ27: =$J27*GN27 -> 0 | GR27: 0 | GS27: =$K27*GR27 -> 0 | GT27: =$I27*GR27 -> 0 | GU27: =$J27*GR27 -> 0 | GV27: 0 | GW27: =$K27*GV27 -> 0 | GX27: =$I27*GV27 -> 0 | GY27: =$J27*GV27 -> 0 | GZ27: 0 | HA27: =$K27*GZ27 -> 0 | HB27: =$I27*GZ27 -> 0 | HC27: =$J27*GZ27 -> 0 | HD27: 0 | HE27: =$K27*HD27 -> 0 | HF27: =$I27*HD27 -> 0 | HG27: =$J27*HD27 -> 0 | HI27: =L27+P27+T27+X27+AB27+AF27+AJ27+AN27+AR27+AV27+AZ27+BD27+BH27+BL27+BP27+BT27+BX27+CB27+CF27+CJ27+CN27+CR27+CV27+CZ27+DD27+DH27+DL27+DP27+DT27+DX27+EB27+EF27+EJ27+EN27+ER27+EV27+EZ27+FD27+FH27+FL27+FP27+FT27+FX27+GB27+GF27+GJ27+GN27+GR27+GV27+GZ27+HD27 -> 0 | HJ27: =M27+Q27+U27+Y27+AC27+AG27+AK27+AO27+AS27+AW27+BA27+BE27+BI27+BM27+BQ27+BU27+BY27+CC27+CG27+CK27+CO27+CS27+CW27+DA27+DE27+DI27+DM27+DQ27+DU27+DY27+EC27+EG27+EK27+EO27+ES27+EW27+FA27+FE27+FI27+FM27+FQ27+FU27+FY27+GC27+GG27+GK27+GO27+GS27+GW27+HA27+HE27 -> 0 | HK27: =HJ27-K27 -> 0
F28: =E28*12 -> 0 | G28: =IF(C28="",0,IF(C28="50000",$G$4,IF(C28="50010",$G$5,IF(C28="50020",$G$6,IF(C28="50030",$G$7,IF(C28="50040",$G$8,IF(C28="50050",$G$9,IF(C28="50060",$G$10,IF(C28="50090",$G$11,IF(C28="50100",$G$12,IF(C28="50110",$G$13))))))))))) -> 0 | H28: 0 | I28: =F28*H28 -> 0 | J28: =F28*G28*H28 -> 0 | K28: =F28*(1+G28)*H28 -> 0 | L28: 0 | M28: =$K28*L28 -> 0 | N28: =$I28*L28 -> 0 | O28: =$J28*L28 -> 0 | P28: 0 | Q28: =$K28*P28 -> 0 | R28: =$I28*P28 -> 0 | S28: =$J28*P28 -> 0 | T28: 0 | U28: =$K28*T28 -> 0 | V28: =$I28*T28 -> 0 | W28: =$J28*T28 -> 0 | X28: 0 | Y28: =$K28*X28 -> 0 | Z28: =$I28*X28 -> 0 | AA28: =$J28*X28 -> 0 | AB28: 0 | AC28: =$K28*AB28 -> 0 | AD28: =$I28*AB28 -> 0 | AE28: =$J28*AB28 -> 0 | AF28: 0 | AG28: =$K28*AF28 -> 0 | AH28: =$I28*AF28 -> 0 | AI28: =$J28*AF28 -> 0 | AJ28: 0 | AK28: =$K28*AJ28 -> 0 | AL28: =$I28*AJ28 -> 0 | AM28: =$J28*AJ28 -> 0 | AN28: 0 | AO28: =$K28*AN28 -> 0 | AP28: =$I28*AN28 -> 0 | AQ28: =$J28*AN28 -> 0 | AR28: 0 | AS28: =$K28*AR28 -> 0 | AT28: =$I28*AR28 -> 0 | AU28: =$J28*AR28 -> 0 | AV28: 0 | AW28: =$K28*AV28 -> 0 | AX28: =$I28*AV28 -> 0 | AY28: =$J28*AV28 -> 0 | AZ28: 0 | BA28: =$K28*AZ28 -> 0 | BB28: =$I28*AZ28 -> 0 | BC28: =$J28*AZ28 -> 0 | BD28: 0 | BE28: =$K28*BD28 -> 0 | BF28: =$I28*BD28 -> 0 | BG28: =$J28*BD28 -> 0 | BH28: 0 | BI28: =$K28*BH28 -> 0 | BJ28: =$I28*BH28 -> 0 | BK28: =$J28*BH28 -> 0 | BL28: 0 | BM28: =$K28*BL28 -> 0 | BN28: =$I28*BL28 -> 0 | BO28: =$J28*BL28 -> 0 | BP28: 0 | BQ28: =$K28*BP28 -> 0 | BR28: =$I28*BP28 -> 0 | BS28: =$J28*BP28 -> 0 | BT28: 0 | BU28: =$K28*BT28 -> 0 | BV28: =$I28*BT28 -> 0 | BW28: =$J28*BT28 -> 0 | BX28: 0 | BY28: =$K28*BX28 -> 0 | BZ28: =$I28*BX28 -> 0 | CA28: =$J28*BX28 -> 0 | CB28: 0 | CC28: =$K28*CB28 -> 0 | CD28: =$I28*CB28 -> 0 | CE28: =$J28*CB28 -> 0 | CF28: 0 | CG28: =$K28*CF28 -> 0 | CH28: =$I28*CF28 -> 0 | CI28: =$J28*CF28 -> 0 | CJ28: 0 | CK28: =$K28*CJ28 -> 0 | CL28: =$I28*CJ28 -> 0 | CM28: =$J28*CJ28 -> 0 | CN28: 0 | CO28: =$K28*CN28 -> 0 | CP28: =$I28*CN28 -> 0 | CQ28: =$J28*CN28 -> 0 | CR28: 0 | CS28: =$K28*CR28 -> 0 | CT28: =$I28*CR28 -> 0 | CU28: =$J28*CR28 -> 0 | CV28: 0 | CW28: =$K28*CV28 -> 0 | CX28: =$I28*CV28 -> 0 | CY28: =$J28*CV28 -> 0 | CZ28: 0 | DA28: =$K28*CZ28 -> 0 | DB28: =$I28*CZ28 -> 0 | DC28: =$J28*CZ28 -> 0 | DD28: 0 | DE28: =$K28*DD28 -> 0 | DF28: =$I28*DD28 -> 0 | DG28: =$J28*DD28 -> 0 | DH28: 0 | DI28: =$K28*DH28 -> 0 | DJ28: =$I28*DH28 -> 0 | DK28: =$J28*DH28 -> 0 | DL28: 0 | DM28: =$K28*DL28 -> 0 | DN28: =$I28*DL28 -> 0 | DO28: =$J28*DL28 -> 0 | DP28: 0 | DQ28: =$K28*DP28 -> 0 | DR28: =$I28*DP28 -> 0 | DS28: =$J28*DP28 -> 0 | DT28: 0 | DU28: =$K28*DT28 -> 0 | DV28: =$I28*DT28 -> 0 | DW28: =$J28*DT28 -> 0 | DX28: 0 | DY28: =$K28*DX28 -> 0 | DZ28: =$I28*DX28 -> 0 | EA28: =$J28*DX28 -> 0 | EB28: 0 | EC28: =$K28*EB28 -> 0 | ED28: =$I28*EB28 -> 0 | EE28: =$J28*EB28 -> 0 | EF28: 0 | EG28: =$K28*EF28 -> 0 | EH28: =$I28*EF28 -> 0 | EI28: =$J28*EF28 -> 0 | EJ28: 0 | EK28: =$K28*EJ28 -> 0 | EL28: =$I28*EJ28 -> 0 | EM28: =$J28*EJ28 -> 0 | EN28: 0 | EO28: =$K28*EN28 -> 0 | EP28: =$I28*EN28 -> 0 | EQ28: =$J28*EN28 -> 0 | ER28: 0 | ES28: =$K28*ER28 -> 0 | ET28: =$I28*ER28 -> 0 | EU28: =$J28*ER28 -> 0 | EV28: 0 | EW28: =$K28*EV28 -> 0 | EX28: =$I28*EV28 -> 0 | EY28: =$J28*EV28 -> 0 | EZ28: 0 | FA28: =$K28*EZ28 -> 0 | FB28: =$I28*EZ28 -> 0 | FC28: =$J28*EZ28 -> 0 | FD28: 0 | FE28: =$K28*FD28 -> 0 | FF28: =$I28*FD28 -> 0 | FG28: =$J28*FD28 -> 0 | FH28: 0 | FI28: =$K28*FH28 -> 0 | FJ28: =$I28*FH28 -> 0 | FK28: =$J28*FH28 -> 0 | FL28: 0 | FM28: =$K28*FL28 -> 0 | FN28: =$I28*FL28 -> 0 | FO28: =$J28*FL28 -> 0 | FP28: 0 | FQ28: =$K28*FP28 -> 0 | FR28: =$I28*FP28 -> 0 | FS28: =$J28*FP28 -> 0 | FT28: 0 | FU28: =$K28*FT28 -> 0 | FV28: =$I28*FT28 -> 0 | FW28: =$J28*FT28 -> 0 | FX28: 0 | FY28: =$K28*FX28 -> 0 | FZ28: =$I28*FX28 -> 0 | GA28: =$J28*FX28 -> 0 | GB28: 0 | GC28: =$K28*GB28 -> 0 | GD28: =$I28*GB28 -> 0 | GE28: =$J28*GB28 -> 0 | GF28: 0 | GG28: =$K28*GF28 -> 0 | GH28: =$I28*GF28 -> 0 | GI28: =$J28*GF28 -> 0 | GJ28: 0 | GK28: =$K28*GJ28 -> 0 | GL28: =$I28*GJ28 -> 0 | GM28: =$J28*GJ28 -> 0 | GN28: 0 | GO28: =$K28*GN28 -> 0 | GP28: =$I28*GN28 -> 0 | GQ28: =$J28*GN28 -> 0 | GR28: 0 | GS28: =$K28*GR28 -> 0 | GT28: =$I28*GR28 -> 0 | GU28: =$J28*GR28 -> 0 | GV28: 0 | GW28: =$K28*GV28 -> 0 | GX28: =$I28*GV28 -> 0 | GY28: =$J28*GV28 -> 0 | GZ28: 0 | HA28: =$K28*GZ28 -> 0 | HB28: =$I28*GZ28 -> 0 | HC28: =$J28*GZ28 -> 0 | HD28: 0 | HE28: =$K28*HD28 -> 0 | HF28: =$I28*HD28 -> 0 | HG28: =$J28*HD28 -> 0 | HI28: =L28+P28+T28+X28+AB28+AF28+AJ28+AN28+AR28+AV28+AZ28+BD28+BH28+BL28+BP28+BT28+BX28+CB28+CF28+CJ28+CN28+CR28+CV28+CZ28+DD28+DH28+DL28+DP28+DT28+DX28+EB28+EF28+EJ28+EN28+ER28+EV28+EZ28+FD28+FH28+FL28+FP28+FT28+FX28+GB28+GF28+GJ28+GN28+GR28+GV28+GZ28+HD28 -> 0 | HJ28: =M28+Q28+U28+Y28+AC28+AG28+AK28+AO28+AS28+AW28+BA28+BE28+BI28+BM28+BQ28+BU28+BY28+CC28+CG28+CK28+CO28+CS28+CW28+DA28+DE28+DI28+DM28+DQ28+DU28+DY28+EC28+EG28+EK28+EO28+ES28+EW28+FA28+FE28+FI28+FM28+FQ28+FU28+FY28+GC28+GG28+GK28+GO28+GS28+GW28+HA28+HE28 -> 0 | HK28: =HJ28-K28 -> 0
F29: =E29*12 -> 0 | G29: =IF(C29="",0,IF(C29="50000",$G$4,IF(C29="50010",$G$5,IF(C29="50020",$G$6,IF(C29="50030",$G$7,IF(C29="50040",$G$8,IF(C29="50050",$G$9,IF(C29="50060",$G$10,IF(C29="50090",$G$11,IF(C29="50100",$G$12,IF(C29="50110",$G$13))))))))))) -> 0 | H29: 0 | I29: =F29*H29 -> 0 | J29: =F29*G29*H29 -> 0 | K29: =F29*(1+G29)*H29 -> 0 | L29: 0 | M29: =$K29*L29 -> 0 | N29: =$I29*L29 -> 0 | O29: =$J29*L29 -> 0 | P29: 0 | Q29: =$K29*P29 -> 0 | R29: =$I29*P29 -> 0 | S29: =$J29*P29 -> 0 | T29: 0 | U29: =$K29*T29 -> 0 | V29: =$I29*T29 -> 0 | W29: =$J29*T29 -> 0 | X29: 0 | Y29: =$K29*X29 -> 0 | Z29: =$I29*X29 -> 0 | AA29: =$J29*X29 -> 0 | AB29: 0 | AC29: =$K29*AB29 -> 0 | AD29: =$I29*AB29 -> 0 | AE29: =$J29*AB29 -> 0 | AF29: 0 | AG29: =$K29*AF29 -> 0 | AH29: =$I29*AF29 -> 0 | AI29: =$J29*AF29 -> 0 | AJ29: 0 | AK29: =$K29*AJ29 -> 0 | AL29: =$I29*AJ29 -> 0 | AM29: =$J29*AJ29 -> 0 | AN29: 0 | AO29: =$K29*AN29 -> 0 | AP29: =$I29*AN29 -> 0 | AQ29: =$J29*AN29 -> 0 | AR29: 0 | AS29: =$K29*AR29 -> 0 | AT29: =$I29*AR29 -> 0 | AU29: =$J29*AR29 -> 0 | AV29: 0 | AW29: =$K29*AV29 -> 0 | AX29: =$I29*AV29 -> 0 | AY29: =$J29*AV29 -> 0 | AZ29: 0 | BA29: =$K29*AZ29 -> 0 | BB29: =$I29*AZ29 -> 0 | BC29: =$J29*AZ29 -> 0 | BD29: 0 | BE29: =$K29*BD29 -> 0 | BF29: =$I29*BD29 -> 0 | BG29: =$J29*BD29 -> 0 | BH29: 0 | BI29: =$K29*BH29 -> 0 | BJ29: =$I29*BH29 -> 0 | BK29: =$J29*BH29 -> 0 | BL29: 0 | BM29: =$K29*BL29 -> 0 | BN29: =$I29*BL29 -> 0 | BO29: =$J29*BL29 -> 0 | BP29: 0 | BQ29: =$K29*BP29 -> 0 | BR29: =$I29*BP29 -> 0 | BS29: =$J29*BP29 -> 0 | BT29: 0 | BU29: =$K29*BT29 -> 0 | BV29: =$I29*BT29 -> 0 | BW29: =$J29*BT29 -> 0 | BX29: 0 | BY29: =$K29*BX29 -> 0 | BZ29: =$I29*BX29 -> 0 | CA29: =$J29*BX29 -> 0 | CB29: 0 | CC29: =$K29*CB29 -> 0 | CD29: =$I29*CB29 -> 0 | CE29: =$J29*CB29 -> 0 | CF29: 0 | CG29: =$K29*CF29 -> 0 | CH29: =$I29*CF29 -> 0 | CI29: =$J29*CF29 -> 0 | CJ29: 0 | CK29: =$K29*CJ29 -> 0 | CL29: =$I29*CJ29 -> 0 | CM29: =$J29*CJ29 -> 0 | CN29: 0 | CO29: =$K29*CN29 -> 0 | CP29: =$I29*CN29 -> 0 | CQ29: =$J29*CN29 -> 0 | CR29: 0 | CS29: =$K29*CR29 -> 0 | CT29: =$I29*CR29 -> 0 | CU29: =$J29*CR29 -> 0 | CV29: 0 | CW29: =$K29*CV29 -> 0 | CX29: =$I29*CV29 -> 0 | CY29: =$J29*CV29 -> 0 | CZ29: 0 | DA29: =$K29*CZ29 -> 0 | DB29: =$I29*CZ29 -> 0 | DC29: =$J29*CZ29 -> 0 | DD29: 0 | DE29: =$K29*DD29 -> 0 | DF29: =$I29*DD29 -> 0 | DG29: =$J29*DD29 -> 0 | DH29: 0 | DI29: =$K29*DH29 -> 0 | DJ29: =$I29*DH29 -> 0 | DK29: =$J29*DH29 -> 0 | DL29: 0 | DM29: =$K29*DL29 -> 0 | DN29: =$I29*DL29 -> 0 | DO29: =$J29*DL29 -> 0 | DP29: 0 | DQ29: =$K29*DP29 -> 0 | DR29: =$I29*DP29 -> 0 | DS29: =$J29*DP29 -> 0 | DT29: 0 | DU29: =$K29*DT29 -> 0 | DV29: =$I29*DT29 -> 0 | DW29: =$J29*DT29 -> 0 | DX29: 0 | DY29: =$K29*DX29 -> 0 | DZ29: =$I29*DX29 -> 0 | EA29: =$J29*DX29 -> 0 | EB29: 0 | EC29: =$K29*EB29 -> 0 | ED29: =$I29*EB29 -> 0 | EE29: =$J29*EB29 -> 0 | EF29: 0 | EG29: =$K29*EF29 -> 0 | EH29: =$I29*EF29 -> 0 | EI29: =$J29*EF29 -> 0 | EJ29: 0 | EK29: =$K29*EJ29 -> 0 | EL29: =$I29*EJ29 -> 0 | EM29: =$J29*EJ29 -> 0 | EN29: 0 | EO29: =$K29*EN29 -> 0 | EP29: =$I29*EN29 -> 0 | EQ29: =$J29*EN29 -> 0 | ER29: 0 | ES29: =$K29*ER29 -> 0 | ET29: =$I29*ER29 -> 0 | EU29: =$J29*ER29 -> 0 | EV29: 0 | EW29: =$K29*EV29 -> 0 | EX29: =$I29*EV29 -> 0 | EY29: =$J29*EV29 -> 0 | EZ29: 0 | FA29: =$K29*EZ29 -> 0 | FB29: =$I29*EZ29 -> 0 | FC29: =$J29*EZ29 -> 0 | FD29: 0 | FE29: =$K29*FD29 -> 0 | FF29: =$I29*FD29 -> 0 | FG29: =$J29*FD29 -> 0 | FH29: 0 | FI29: =$K29*FH29 -> 0 | FJ29: =$I29*FH29 -> 0 | FK29: =$J29*FH29 -> 0 | FL29: 0 | FM29: =$K29*FL29 -> 0 | FN29: =$I29*FL29 -> 0 | FO29: =$J29*FL29 -> 0 | FP29: 0 | FQ29: =$K29*FP29 -> 0 | FR29: =$I29*FP29 -> 0 | FS29: =$J29*FP29 -> 0 | FT29: 0 | FU29: =$K29*FT29 -> 0 | FV29: =$I29*FT29 -> 0 | FW29: =$J29*FT29 -> 0 | FX29: 0 | FY29: =$K29*FX29 -> 0 | FZ29: =$I29*FX29 -> 0 | GA29: =$J29*FX29 -> 0 | GB29: 0 | GC29: =$K29*GB29 -> 0 | GD29: =$I29*GB29 -> 0 | GE29: =$J29*GB29 -> 0 | GF29: 0 | GG29: =$K29*GF29 -> 0 | GH29: =$I29*GF29 -> 0 | GI29: =$J29*GF29 -> 0 | GJ29: 0 | GK29: =$K29*GJ29 -> 0 | GL29: =$I29*GJ29 -> 0 | GM29: =$J29*GJ29 -> 0 | GN29: 0 | GO29: =$K29*GN29 -> 0 | GP29: =$I29*GN29 -> 0 | GQ29: =$J29*GN29 -> 0 | GR29: 0 | GS29: =$K29*GR29 -> 0 | GT29: =$I29*GR29 -> 0 | GU29: =$J29*GR29 -> 0 | GV29: 0 | GW29: =$K29*GV29 -> 0 | GX29: =$I29*GV29 -> 0 | GY29: =$J29*GV29 -> 0 | GZ29: 0 | HA29: =$K29*GZ29 -> 0 | HB29: =$I29*GZ29 -> 0 | HC29: =$J29*GZ29 -> 0 | HD29: 0 | HE29: =$K29*HD29 -> 0 | HF29: =$I29*HD29 -> 0 | HG29: =$J29*HD29 -> 0 | HI29: =L29+P29+T29+X29+AB29+AF29+AJ29+AN29+AR29+AV29+AZ29+BD29+BH29+BL29+BP29+BT29+BX29+CB29+CF29+CJ29+CN29+CR29+CV29+CZ29+DD29+DH29+DL29+DP29+DT29+DX29+EB29+EF29+EJ29+EN29+ER29+EV29+EZ29+FD29+FH29+FL29+FP29+FT29+FX29+GB29+GF29+GJ29+GN29+GR29+GV29+GZ29+HD29 -> 0 | HJ29: =M29+Q29+U29+Y29+AC29+AG29+AK29+AO29+AS29+AW29+BA29+BE29+BI29+BM29+BQ29+BU29+BY29+CC29+CG29+CK29+CO29+CS29+CW29+DA29+DE29+DI29+DM29+DQ29+DU29+DY29+EC29+EG29+EK29+EO29+ES29+EW29+FA29+FE29+FI29+FM29+FQ29+FU29+FY29+GC29+GG29+GK29+GO29+GS29+GW29+HA29+HE29 -> 0 | HK29: =HJ29-K29 -> 0
F30: =E30*12 -> 0 | G30: =IF(C30="",0,IF(C30="50000",$G$4,IF(C30="50010",$G$5,IF(C30="50020",$G$6,IF(C30="50030",$G$7,IF(C30="50040",$G$8,IF(C30="50050",$G$9,IF(C30="50060",$G$10,IF(C30="50090",$G$11,IF(C30="50100",$G$12,IF(C30="50110",$G$13))))))))))) -> 0 | H30: 0 | I30: =F30*H30 -> 0 | J30: =F30*G30*H30 -> 0 | K30: =F30*(1+G30)*H30 -> 0 | L30: 0 | M30: =$K30*L30 -> 0 | N30: =$I30*L30 -> 0 | O30: =$J30*L30 -> 0 | P30: 0 | Q30: =$K30*P30 -> 0 | R30: =$I30*P30 -> 0 | S30: =$J30*P30 -> 0 | T30: 0 | U30: =$K30*T30 -> 0 | V30: =$I30*T30 -> 0 | W30: =$J30*T30 -> 0 | X30: 0 | Y30: =$K30*X30 -> 0 | Z30: =$I30*X30 -> 0 | AA30: =$J30*X30 -> 0 | AB30: 0 | AC30: =$K30*AB30 -> 0 | AD30: =$I30*AB30 -> 0 | AE30: =$J30*AB30 -> 0 | AF30: 0 | AG30: =$K30*AF30 -> 0 | AH30: =$I30*AF30 -> 0 | AI30: =$J30*AF30 -> 0 | AJ30: 0 | AK30: =$K30*AJ30 -> 0 | AL30: =$I30*AJ30 -> 0 | AM30: =$J30*AJ30 -> 0 | AN30: 0 | AO30: =$K30*AN30 -> 0 | AP30: =$I30*AN30 -> 0 | AQ30: =$J30*AN30 -> 0 | AR30: 0 | AS30: =$K30*AR30 -> 0 | AT30: =$I30*AR30 -> 0 | AU30: =$J30*AR30 -> 0 | AV30: 0 | AW30: =$K30*AV30 -> 0 | AX30: =$I30*AV30 -> 0 | AY30: =$J30*AV30 -> 0 | AZ30: 0 | BA30: =$K30*AZ30 -> 0 | BB30: =$I30*AZ30 -> 0 | BC30: =$J30*AZ30 -> 0 | BD30: 0 | BE30: =$K30*BD30 -> 0 | BF30: =$I30*BD30 -> 0 | BG30: =$J30*BD30 -> 0 | BH30: 0 | BI30: =$K30*BH30 -> 0 | BJ30: =$I30*BH30 -> 0 | BK30: =$J30*BH30 -> 0 | BL30: 0 | BM30: =$K30*BL30 -> 0 | BN30: =$I30*BL30 -> 0 | BO30: =$J30*BL30 -> 0 | BP30: 0 | BQ30: =$K30*BP30 -> 0 | BR30: =$I30*BP30 -> 0 | BS30: =$J30*BP30 -> 0 | BT30: 0 | BU30: =$K30*BT30 -> 0 | BV30: =$I30*BT30 -> 0 | BW30: =$J30*BT30 -> 0 | BX30: 0 | BY30: =$K30*BX30 -> 0 | BZ30: =$I30*BX30 -> 0 | CA30: =$J30*BX30 -> 0 | CB30: 0 | CC30: =$K30*CB30 -> 0 | CD30: =$I30*CB30 -> 0 | CE30: =$J30*CB30 -> 0 | CF30: 0 | CG30: =$K30*CF30 -> 0 | CH30: =$I30*CF30 -> 0 | CI30: =$J30*CF30 -> 0 | CJ30: 0 | CK30: =$K30*CJ30 -> 0 | CL30: =$I30*CJ30 -> 0 | CM30: =$J30*CJ30 -> 0 | CN30: 0 | CO30: =$K30*CN30 -> 0 | CP30: =$I30*CN30 -> 0 | CQ30: =$J30*CN30 -> 0 | CR30: 0 | CS30: =$K30*CR30 -> 0 | CT30: =$I30*CR30 -> 0 | CU30: =$J30*CR30 -> 0 | CV30: 0 | CW30: =$K30*CV30 -> 0 | CX30: =$I30*CV30 -> 0 | CY30: =$J30*CV30 -> 0 | CZ30: 0 | DA30: =$K30*CZ30 -> 0 | DB30: =$I30*CZ30 -> 0 | DC30: =$J30*CZ30 -> 0 | DD30: 0 | DE30: =$K30*DD30 -> 0 | DF30: =$I30*DD30 -> 0 | DG30: =$J30*DD30 -> 0 | DH30: 0 | DI30: =$K30*DH30 -> 0 | DJ30: =$I30*DH30 -> 0 | DK30: =$J30*DH30 -> 0 | DL30: 0 | DM30: =$K30*DL30 -> 0 | DN30: =$I30*DL30 -> 0 | DO30: =$J30*DL30 -> 0 | DP30: 0 | DQ30: =$K30*DP30 -> 0 | DR30: =$I30*DP30 -> 0 | DS30: =$J30*DP30 -> 0 | DT30: 0 | DU30: =$K30*DT30 -> 0 | DV30: =$I30*DT30 -> 0 | DW30: =$J30*DT30 -> 0 | DX30: 0 | DY30: =$K30*DX30 -> 0 | DZ30: =$I30*DX30 -> 0 | EA30: =$J30*DX30 -> 0 | EB30: 0 | EC30: =$K30*EB30 -> 0 | ED30: =$I30*EB30 -> 0 | EE30: =$J30*EB30 -> 0 | EF30: 0 | EG30: =$K30*EF30 -> 0 | EH30: =$I30*EF30 -> 0 | EI30: =$J30*EF30 -> 0 | EJ30: 0 | EK30: =$K30*EJ30 -> 0 | EL30: =$I30*EJ30 -> 0 | EM30: =$J30*EJ30 -> 0 | EN30: 0 | EO30: =$K30*EN30 -> 0 | EP30: =$I30*EN30 -> 0 | EQ30: =$J30*EN30 -> 0 | ER30: 0 | ES30: =$K30*ER30 -> 0 | ET30: =$I30*ER30 -> 0 | EU30: =$J30*ER30 -> 0 | EV30: 0 | EW30: =$K30*EV30 -> 0 | EX30: =$I30*EV30 -> 0 | EY30: =$J30*EV30 -> 0 | EZ30: 0 | FA30: =$K30*EZ30 -> 0 | FB30: =$I30*EZ30 -> 0 | FC30: =$J30*EZ30 -> 0 | FD30: 0 | FE30: =$K30*FD30 -> 0 | FF30: =$I30*FD30 -> 0 | FG30: =$J30*FD30 -> 0 | FH30: 0 | FI30: =$K30*FH30 -> 0 | FJ30: =$I30*FH30 -> 0 | FK30: =$J30*FH30 -> 0 | FL30: 0 | FM30: =$K30*FL30 -> 0 | FN30: =$I30*FL30 -> 0 | FO30: =$J30*FL30 -> 0 | FP30: 0 | FQ30: =$K30*FP30 -> 0 | FR30: =$I30*FP30 -> 0 | FS30: =$J30*FP30 -> 0 | FT30: 0 | FU30: =$K30*FT30 -> 0 | FV30: =$I30*FT30 -> 0 | FW30: =$J30*FT30 -> 0 | FX30: 0 | FY30: =$K30*FX30 -> 0 | FZ30: =$I30*FX30 -> 0 | GA30: =$J30*FX30 -> 0 | GB30: 0 | GC30: =$K30*GB30 -> 0 | GD30: =$I30*GB30 -> 0 | GE30: =$J30*GB30 -> 0 | GF30: 0 | GG30: =$K30*GF30 -> 0 | GH30: =$I30*GF30 -> 0 | GI30: =$J30*GF30 -> 0 | GJ30: 0 | GK30: =$K30*GJ30 -> 0 | GL30: =$I30*GJ30 -> 0 | GM30: =$J30*GJ30 -> 0 | GN30: 0 | GO30: =$K30*GN30 -> 0 | GP30: =$I30*GN30 -> 0 | GQ30: =$J30*GN30 -> 0 | GR30: 0 | GS30: =$K30*GR30 -> 0 | GT30: =$I30*GR30 -> 0 | GU30: =$J30*GR30 -> 0 | GV30: 0 | GW30: =$K30*GV30 -> 0 | GX30: =$I30*GV30 -> 0 | GY30: =$J30*GV30 -> 0 | GZ30: 0 | HA30: =$K30*GZ30 -> 0 | HB30: =$I30*GZ30 -> 0 | HC30: =$J30*GZ30 -> 0 | HD30: 0 | HE30: =$K30*HD30 -> 0 | HF30: =$I30*HD30 -> 0 | HG30: =$J30*HD30 -> 0 | HI30: =L30+P30+T30+X30+AB30+AF30+AJ30+AN30+AR30+AV30+AZ30+BD30+BH30+BL30+BP30+BT30+BX30+CB30+CF30+CJ30+CN30+CR30+CV30+CZ30+DD30+DH30+DL30+DP30+DT30+DX30+EB30+EF30+EJ30+EN30+ER30+EV30+EZ30+FD30+FH30+FL30+FP30+FT30+FX30+GB30+GF30+GJ30+GN30+GR30+GV30+GZ30+HD30 -> 0 | HJ30: =M30+Q30+U30+Y30+AC30+AG30+AK30+AO30+AS30+AW30+BA30+BE30+BI30+BM30+BQ30+BU30+BY30+CC30+CG30+CK30+CO30+CS30+CW30+DA30+DE30+DI30+DM30+DQ30+DU30+DY30+EC30+EG30+EK30+EO30+ES30+EW30+FA30+FE30+FI30+FM30+FQ30+FU30+FY30+GC30+GG30+GK30+GO30+GS30+GW30+HA30+HE30 -> 0 | HK30: =HJ30-K30 -> 0
F31: =E31*12 -> 0 | G31: =IF(C31="",0,IF(C31="50000",$G$4,IF(C31="50010",$G$5,IF(C31="50020",$G$6,IF(C31="50030",$G$7,IF(C31="50040",$G$8,IF(C31="50050",$G$9,IF(C31="50060",$G$10,IF(C31="50090",$G$11,IF(C31="50100",$G$12,IF(C31="50110",$G$13))))))))))) -> 0 | H31: 0 | I31: =F31*H31 -> 0 | J31: =F31*G31*H31 -> 0 | K31: =F31*(1+G31)*H31 -> 0 | L31: 0 | M31: =$K31*L31 -> 0 | N31: =$I31*L31 -> 0 | O31: =$J31*L31 -> 0 | P31: 0 | Q31: =$K31*P31 -> 0 | R31: =$I31*P31 -> 0 | S31: =$J31*P31 -> 0 | T31: 0 | U31: =$K31*T31 -> 0 | V31: =$I31*T31 -> 0 | W31: =$J31*T31 -> 0 | X31: 0 | Y31: =$K31*X31 -> 0 | Z31: =$I31*X31 -> 0 | AA31: =$J31*X31 -> 0 | AB31: 0 | AC31: =$K31*AB31 -> 0 | AD31: =$I31*AB31 -> 0 | AE31: =$J31*AB31 -> 0 | AF31: 0 | AG31: =$K31*AF31 -> 0 | AH31: =$I31*AF31 -> 0 | AI31: =$J31*AF31 -> 0 | AJ31: 0 | AK31: =$K31*AJ31 -> 0 | AL31: =$I31*AJ31 -> 0 | AM31: =$J31*AJ31 -> 0 | AN31: 0 | AO31: =$K31*AN31 -> 0 | AP31: =$I31*AN31 -> 0 | AQ31: =$J31*AN31 -> 0 | AR31: 0 | AS31: =$K31*AR31 -> 0 | AT31: =$I31*AR31 -> 0 | AU31: =$J31*AR31 -> 0 | AV31: 0 | AW31: =$K31*AV31 -> 0 | AX31: =$I31*AV31 -> 0 | AY31: =$J31*AV31 -> 0 | AZ31: 0 | BA31: =$K31*AZ31 -> 0 | BB31: =$I31*AZ31 -> 0 | BC31: =$J31*AZ31 -> 0 | BD31: 0 | BE31: =$K31*BD31 -> 0 | BF31: =$I31*BD31 -> 0 | BG31: =$J31*BD31 -> 0 | BH31: 0 | BI31: =$K31*BH31 -> 0 | BJ31: =$I31*BH31 -> 0 | BK31: =$J31*BH31 -> 0 | BL31: 0 | BM31: =$K31*BL31 -> 0 | BN31: =$I31*BL31 -> 0 | BO31: =$J31*BL31 -> 0 | BP31: 0 | BQ31: =$K31*BP31 -> 0 | BR31: =$I31*BP31 -> 0 | BS31: =$J31*BP31 -> 0 | BT31: 0 | BU31: =$K31*BT31 -> 0 | BV31: =$I31*BT31 -> 0 | BW31: =$J31*BT31 -> 0 | BX31: 0 | BY31: =$K31*BX31 -> 0 | BZ31: =$I31*BX31 -> 0 | CA31: =$J31*BX31 -> 0 | CB31: 0 | CC31: =$K31*CB31 -> 0 | CD31: =$I31*CB31 -> 0 | CE31: =$J31*CB31 -> 0 | CF31: 0 | CG31: =$K31*CF31 -> 0 | CH31: =$I31*CF31 -> 0 | CI31: =$J31*CF31 -> 0 | CJ31: 0 | CK31: =$K31*CJ31 -> 0 | CL31: =$I31*CJ31 -> 0 | CM31: =$J31*CJ31 -> 0 | CN31: 0 | CO31: =$K31*CN31 -> 0 | CP31: =$I31*CN31 -> 0 | CQ31: =$J31*CN31 -> 0 | CR31: 0 | CS31: =$K31*CR31 -> 0 | CT31: =$I31*CR31 -> 0 | CU31: =$J31*CR31 -> 0 | CV31: 0 | CW31: =$K31*CV31 -> 0 | CX31: =$I31*CV31 -> 0 | CY31: =$J31*CV31 -> 0 | CZ31: 0 | DA31: =$K31*CZ31 -> 0 | DB31: =$I31*CZ31 -> 0 | DC31: =$J31*CZ31 -> 0 | DD31: 0 | DE31: =$K31*DD31 -> 0 | DF31: =$I31*DD31 -> 0 | DG31: =$J31*DD31 -> 0 | DH31: 0 | DI31: =$K31*DH31 -> 0 | DJ31: =$I31*DH31 -> 0 | DK31: =$J31*DH31 -> 0 | DL31: 0 | DM31: =$K31*DL31 -> 0 | DN31: =$I31*DL31 -> 0 | DO31: =$J31*DL31 -> 0 | DP31: 0 | DQ31: =$K31*DP31 -> 0 | DR31: =$I31*DP31 -> 0 | DS31: =$J31*DP31 -> 0 | DT31: 0 | DU31: =$K31*DT31 -> 0 | DV31: =$I31*DT31 -> 0 | DW31: =$J31*DT31 -> 0 | DX31: 0 | DY31: =$K31*DX31 -> 0 | DZ31: =$I31*DX31 -> 0 | EA31: =$J31*DX31 -> 0 | EB31: 0 | EC31: =$K31*EB31 -> 0 | ED31: =$I31*EB31 -> 0 | EE31: =$J31*EB31 -> 0 | EF31: 0 | EG31: =$K31*EF31 -> 0 | EH31: =$I31*EF31 -> 0 | EI31: =$J31*EF31 -> 0 | EJ31: 0 | EK31: =$K31*EJ31 -> 0 | EL31: =$I31*EJ31 -> 0 | EM31: =$J31*EJ31 -> 0 | EN31: 0 | EO31: =$K31*EN31 -> 0 | EP31: =$I31*EN31 -> 0 | EQ31: =$J31*EN31 -> 0 | ER31: 0 | ES31: =$K31*ER31 -> 0 | ET31: =$I31*ER31 -> 0 | EU31: =$J31*ER31 -> 0 | EV31: 0 | EW31: =$K31*EV31 -> 0 | EX31: =$I31*EV31 -> 0 | EY31: =$J31*EV31 -> 0 | EZ31: 0 | FA31: =$K31*EZ31 -> 0 | FB31: =$I31*EZ31 -> 0 | FC31: =$J31*EZ31 -> 0 | FD31: 0 | FE31: =$K31*FD31 -> 0 | FF31: =$I31*FD31 -> 0 | FG31: =$J31*FD31 -> 0 | FH31: 0 | FI31: =$K31*FH31 -> 0 | FJ31: =$I31*FH31 -> 0 | FK31: =$J31*FH31 -> 0 | FL31: 0 | FM31: =$K31*FL31 -> 0 | FN31: =$I31*FL31 -> 0 | FO31: =$J31*FL31 -> 0 | FP31: 0 | FQ31: =$K31*FP31 -> 0 | FR31: =$I31*FP31 -> 0 | FS31: =$J31*FP31 -> 0 | FT31: 0 | FU31: =$K31*FT31 -> 0 | FV31: =$I31*FT31 -> 0 | FW31: =$J31*FT31 -> 0 | FX31: 0 | FY31: =$K31*FX31 -> 0 | FZ31: =$I31*FX31 -> 0 | GA31: =$J31*FX31 -> 0 | GB31: 0 | GC31: =$K31*GB31 -> 0 | GD31: =$I31*GB31 -> 0 | GE31: =$J31*GB31 -> 0 | GF31: 0 | GG31: =$K31*GF31 -> 0 | GH31: =$I31*GF31 -> 0 | GI31: =$J31*GF31 -> 0 | GJ31: 0 | GK31: =$K31*GJ31 -> 0 | GL31: =$I31*GJ31 -> 0 | GM31: =$J31*GJ31 -> 0 | GN31: 0 | GO31: =$K31*GN31 -> 0 | GP31: =$I31*GN31 -> 0 | GQ31: =$J31*GN31 -> 0 | GR31: 0 | GS31: =$K31*GR31 -> 0 | GT31: =$I31*GR31 -> 0 | GU31: =$J31*GR31 -> 0 | GV31: 0 | GW31: =$K31*GV31 -> 0 | GX31: =$I31*GV31 -> 0 | GY31: =$J31*GV31 -> 0 | GZ31: 0 | HA31: =$K31*GZ31 -> 0 | HB31: =$I31*GZ31 -> 0 | HC31: =$J31*GZ31 -> 0 | HD31: 0 | HE31: =$K31*HD31 -> 0 | HF31: =$I31*HD31 -> 0 | HG31: =$J31*HD31 -> 0 | HI31: =L31+P31+T31+X31+AB31+AF31+AJ31+AN31+AR31+AV31+AZ31+BD31+BH31+BL31+BP31+BT31+BX31+CB31+CF31+CJ31+CN31+CR31+CV31+CZ31+DD31+DH31+DL31+DP31+DT31+DX31+EB31+EF31+EJ31+EN31+ER31+EV31+EZ31+FD31+FH31+FL31+FP31+FT31+FX31+GB31+GF31+GJ31+GN31+GR31+GV31+GZ31+HD31 -> 0 | HJ31: =M31+Q31+U31+Y31+AC31+AG31+AK31+AO31+AS31+AW31+BA31+BE31+BI31+BM31+BQ31+BU31+BY31+CC31+CG31+CK31+CO31+CS31+CW31+DA31+DE31+DI31+DM31+DQ31+DU31+DY31+EC31+EG31+EK31+EO31+ES31+EW31+FA31+FE31+FI31+FM31+FQ31+FU31+FY31+GC31+GG31+GK31+GO31+GS31+GW31+HA31+HE31 -> 0 | HK31: =HJ31-K31 -> 0
... F50: =E50*12 -> 0 | G50: =IF(C50="",0,IF(C50="50000",$G$4,IF(C50="50010",$G$5,IF(C50="50020",$G$6,IF(C50="50030",$G$7,IF(C50="50040",$G$8,IF(C50="50050",$G$9,IF(C50="50060",$G$10,IF(C50="50090",$G$11,IF(C50="50100",$G$12,IF(C50="50110",$G$13))))))))))) -> 0 | H50: 0 | I50: =F50*H50 -> 0 | J50: =F50*G50*H50 -> 0 | K50: =F50*(1+G50)*H50 -> 0 | L50: 0 | M50: =$K50*L50 -> 0 | N50: =$I50*L50 -> 0 | O50: =$J50*L50 -> 0 | P50: 0 | Q50: =$K50*P50 -> 0 | R50: =$I50*P50 -> 0 | S50: =$J50*P50 -> 0 | T50: 0 | U50: =$K50*T50 -> 0 | V50: =$I50*T50 -> 0 | W50: =$J50*T50 -> 0 | X50: 0 | Y50: =$K50*X50 -> 0 | Z50: =$I50*X50 -> 0 | AA50: =$J50*X50 -> 0 | AB50: 0 | AC50: =$K50*AB50 -> 0 | AD50: =$I50*AB50 -> 0 | AE50: =$J50*AB50 -> 0 | AF50: 0 | AG50: =$K50*AF50 -> 0 | AH50: =$I50*AF50 -> 0 | AI50: =$J50*AF50 -> 0 | AJ50: 0 | AK50: =$K50*AJ50 -> 0 | AL50: =$I50*AJ50 -> 0 | AM50: =$J50*AJ50 -> 0 | AN50: 0 | AO50: =$K50*AN50 -> 0 | AP50: =$I50*AN50 -> 0 | AQ50: =$J50*AN50 -> 0 | AR50: 0 | AS50: =$K50*AR50 -> 0 | AT50: =$I50*AR50 -> 0 | AU50: =$J50*AR50 -> 0 | AV50: 0 | AW50: =$K50*AV50 -> 0 | AX50: =$I50*AV50 -> 0 | AY50: =$J50*AV50 -> 0 | AZ50: 0 | BA50: =$K50*AZ50 -> 0 | BB50: =$I50*AZ50 -> 0 | BC50: =$J50*AZ50 -> 0 | BD50: 0 | BE50: =$K50*BD50 -> 0 | BF50: =$I50*BD50 -> 0 | BG50: =$J50*BD50 -> 0 | BH50: 0 | BI50: =$K50*BH50 -> 0 | BJ50: =$I50*BH50 -> 0 | BK50: =$J50*BH50 -> 0 | BL50: 0 | BM50: =$K50*BL50 -> 0 | BN50: =$I50*BL50 -> 0 | BO50: =$J50*BL50 -> 0 | BP50: 0 | BQ50: =$K50*BP50 -> 0 | BR50: =$I50*BP50 -> 0 | BS50: =$J50*BP50 -> 0 | BT50: 0 | BU50: =$K50*BT50 -> 0 | BV50: =$I50*BT50 -> 0 | BW50: =$J50*BT50 -> 0 | BX50: 0 | BY50: =$K50*BX50 -> 0 | BZ50: =$I50*BX50 -> 0 | CA50: =$J50*BX50 -> 0 | CB50: 0 | CC50: =$K50*CB50 -> 0 | CD50: =$I50*CB50 -> 0 | CE50: =$J50*CB50 -> 0 | CF50: 0 | CG50: =$K50*CF50 -> 0 | CH50: =$I50*CF50 -> 0 | CI50: =$J50*CF50 -> 0 | CJ50: 0 | CK50: =$K50*CJ50 -> 0 | CL50: =$I50*CJ50 -> 0 | CM50: =$J50*CJ50 -> 0 | CN50: 0 | CO50: =$K50*CN50 -> 0 | CP50: =$I50*CN50 -> 0 | CQ50: =$J50*CN50 -> 0 | CR50: 0 | CS50: =$K50*CR50 -> 0 | CT50: =$I50*CR50 -> 0 | CU50: =$J50*CR50 -> 0 | CV50: 0 | CW50: =$K50*CV50 -> 0 | CX50: =$I50*CV50 -> 0 | CY50: =$J50*CV50 -> 0 | CZ50: 0 | DA50: =$K50*CZ50 -> 0 | DB50: =$I50*CZ50 -> 0 | DC50: =$J50*CZ50 -> 0 | DD50: 0 | DE50: =$K50*DD50 -> 0 | DF50: =$I50*DD50 -> 0 | DG50: =$J50*DD50 -> 0 | DH50: 0 | DI50: =$K50*DH50 -> 0 | DJ50: =$I50*DH50 -> 0 | DK50: =$J50*DH50 -> 0 | DL50: 0 | DM50: =$K50*DL50 -> 0 | DN50: =$I50*DL50 -> 0 | DO50: =$J50*DL50 -> 0 | DP50: 0 | DQ50: =$K50*DP50 -> 0 | DR50: =$I50*DP50 -> 0 | DS50: =$J50*DP50 -> 0 | DT50: 0 | DU50: =$K50*DT50 -> 0 | DV50: =$I50*DT50 -> 0 | DW50: =$J50*DT50 -> 0 | DX50: 0 | DY50: =$K50*DX50 -> 0 | DZ50: =$I50*DX50 -> 0 | EA50: =$J50*DX50 -> 0 | EB50: 0 | EC50: =$K50*EB50 -> 0 | ED50: =$I50*EB50 -> 0 | EE50: =$J50*EB50 -> 0 | EF50: 0 | EG50: =$K50*EF50 -> 0 | EH50: =$I50*EF50 -> 0 | EI50: =$J50*EF50 -> 0 | EJ50: 0 | EK50: =$K50*EJ50 -> 0 | EL50: =$I50*EJ50 -> 0 | EM50: =$J50*EJ50 -> 0 | EN50: 0 | EO50: =$K50*EN50 -> 0 | EP50: =$I50*EN50 -> 0 | EQ50: =$J50*EN50 -> 0 | ER50: 0 | ES50: =$K50*ER50 -> 0 | ET50: =$I50*ER50 -> 0 | EU50: =$J50*ER50 -> 0 | EV50: 0 | EW50: =$K50*EV50 -> 0 | EX50: =$I50*EV50 -> 0 | EY50: =$J50*EV50 -> 0 | EZ50: 0 | FA50: =$K50*EZ50 -> 0 | FB50: =$I50*EZ50 -> 0 | FC50: =$J50*EZ50 -> 0 | FD50: 0 | FE50: =$K50*FD50 -> 0 | FF50: =$I50*FD50 -> 0 | FG50: =$J50*FD50 -> 0 | FH50: 0 | FI50: =$K50*FH50 -> 0 | FJ50: =$I50*FH50 -> 0 | FK50: =$J50*FH50 -> 0 | FL50: 0 | FM50: =$K50*FL50 -> 0 | FN50: =$I50*FL50 -> 0 | FO50: =$J50*FL50 -> 0 | FP50: 0 | FQ50: =$K50*FP50 -> 0 | FR50: =$I50*FP50 -> 0 | FS50: =$J50*FP50 -> 0 | FT50: 0 | FU50: =$K50*FT50 -> 0 | FV50: =$I50*FT50 -> 0 | FW50: =$J50*FT50 -> 0 | FX50: 0 | FY50: =$K50*FX50 -> 0 | FZ50: =$I50*FX50 -> 0 | GA50: =$J50*FX50 -> 0 | GB50: 0 | GC50: =$K50*GB50 -> 0 | GD50: =$I50*GB50 -> 0 | GE50: =$J50*GB50 -> 0 | GF50: 0 | GG50: =$K50*GF50 -> 0 | GH50: =$I50*GF50 -> 0 | GI50: =$J50*GF50 -> 0 | GJ50: 0 | GK50: =$K50*GJ50 -> 0 | GL50: =$I50*GJ50 -> 0 | GM50: =$J50*GJ50 -> 0 | GN50: 0 | GO50: =$K50*GN50 -> 0 | GP50: =$I50*GN50 -> 0 | GQ50: =$J50*GN50 -> 0 | GR50: 0 | GS50: =$K50*GR50 -> 0 | GT50: =$I50*GR50 -> 0 | GU50: =$J50*GR50 -> 0 | GV50: 0 | GW50: =$K50*GV50 -> 0 | GX50: =$I50*GV50 -> 0 | GY50: =$J50*GV50 -> 0 | GZ50: 0 | HA50: =$K50*GZ50 -> 0 | HB50: =$I50*GZ50 -> 0 | HC50: =$J50*GZ50 -> 0 | HD50: 0 | HE50: =$K50*HD50 -> 0 | HF50: =$I50*HD50 -> 0 | HG50: =$J50*HD50 -> 0 | HI50: =L50+P50+T50+X50+AB50+AF50+AJ50+AN50+AR50+AV50+AZ50+BD50+BH50+BL50+BP50+BT50+BX50+CB50+CF50+CJ50+CN50+CR50+CV50+CZ50+DD50+DH50+DL50+DP50+DT50+DX50+EB50+EF50+EJ50+EN50+ER50+EV50+EZ50+FD50+FH50+FL50+FP50+FT50+FX50+GB50+GF50+GJ50+GN50+GR50+GV50+GZ50+HD50 -> 0 | HJ50: =M50+Q50+U50+Y50+AC50+AG50+AK50+AO50+AS50+AW50+BA50+BE50+BI50+BM50+BQ50+BU50+BY50+CC50+CG50+CK50+CO50+CS50+CW50+DA50+DE50+DI50+DM50+DQ50+DU50+DY50+EC50+EG50+EK50+EO50+ES50+EW50+FA50+FE50+FI50+FM50+FQ50+FU50+FY50+GC50+GG50+GK50+GO50+GS50+GW50+HA50+HE50 -> 0 | HK50: =HJ50-K50 -> 0
A52: Direct Salaries-Faculty and Staff | F52: =SUM(F20:F50) -> 0 | I52: =SUM(I20:I50) -> 0 | J52: =SUM(J20:J50) -> 0 | K52: =SUM(K20:K50) -> 0 | M52: =SUM(M20:M50) -> 0 | N52: =SUM(N20:N50) -> 0 | O52: =SUM(O20:O50) -> 0 | Q52: =SUM(Q20:Q50) -> 0 | R52: =SUM(R20:R50) -> 0 | S52: =SUM(S20:S50) -> 0 | U52: =SUM(U20:U50) -> 0 | V52: =SUM(V20:V50) -> 0 | W52: =SUM(W20:W50) -> 0 | Y52: =SUM(Y20:Y50) -> 0 | Z52: =SUM(Z20:Z50) -> 0 | AA52: =SUM(AA20:AA50) -> 0 | AC52: =SUM(AC20:AC50) -> 0 | AD52: =SUM(AD20:AD50) -> 0 | AE52: =SUM(AE20:AE50) -> 0 | AG52: =SUM(AG20:AG50) -> 0 | AH52: =SUM(AH20:AH50) -> 0 | AI52: =SUM(AI20:AI50) -> 0 | AK52: =SUM(AK20:AK50) -> 0 | AL52: =SUM(AL20:AL50) -> 0 | AM52: =SUM(AM20:AM50) -> 0 | AO52: =SUM(AO20:AO50) -> 0 | AP52: =SUM(AP20:AP50) -> 0 | AQ52: =SUM(AQ20:AQ50) -> 0 | AS52: =SUM(AS20:AS50) -> 0 | AT52: =SUM(AT20:AT50) -> 0 | AU52: =SUM(AU20:AU50) -> 0 | AW52: =SUM(AW20:AW50) -> 0 | AX52: =SUM(AX20:AX50) -> 0 | AY52: =SUM(AY20:AY50) -> 0 | BA52: =SUM(BA20:BA50) -> 0 | BB52: =SUM(BB20:BB50) -> 0 | BC52: =SUM(BC20:BC50) -> 0 | BE52: =SUM(BE20:BE50) -> 0 | BF52: =SUM(BF20:BF50) -> 0 | BG52: =SUM(BG20:BG50) -> 0 | BI52: =SUM(BI20:BI50) -> 0 | BJ52: =SUM(BJ20:BJ50) -> 0 | BK52: =SUM(BK20:BK50) -> 0 | BM52: =SUM(BM20:BM50) -> 0 | BN52: =SUM(BN20:BN50) -> 0 | BO52: =SUM(BO20:BO50) -> 0 | BQ52: =SUM(BQ20:BQ50) -> 0 | BR52: =SUM(BR20:BR50) -> 0 | BS52: =SUM(BS20:BS50) -> 0 | BU52: =SUM(BU20:BU50) -> 0 | BV52: =SUM(BV20:BV50) -> 0 | BW52: =SUM(BW20:BW50) -> 0 | BY52: =SUM(BY20:BY50) -> 0 | BZ52: =SUM(BZ20:BZ50) -> 0 | CA52: =SUM(CA20:CA50) -> 0 | CC52: =SUM(CC20:CC50) -> 0 | CD52: =SUM(CD20:CD50) -> 0 | CE52: =SUM(CE20:CE50) -> 0 | CG52: =SUM(CG20:CG50) -> 0 | CH52: =SUM(CH20:CH50) -> 0 | CI52: =SUM(CI20:CI50) -> 0 | CK52: =SUM(CK20:CK50) -> 0 | CL52: =SUM(CL20:CL50) -> 0 | CM52: =SUM(CM20:CM50) -> 0 | CO52: =SUM(CO20:CO50) -> 0 | CP52: =SUM(CP20:CP50) -> 0 | CQ52: =SUM(CQ20:CQ50) -> 0 | CS52: =SUM(CS20:CS50) -> 0 | CT52: =SUM(CT20:CT50) -> 0 | CU52: =SUM(CU20:CU50) -> 0 | CW52: =SUM(CW20:CW50) -> 0 | CX52: =SUM(CX20:CX50) -> 0 | CY52: =SUM(CY20:CY50) -> 0 | DA52: =SUM(DA20:DA50) -> 0 | DB52: =SUM(DB20:DB50) -> 0 | DC52: =SUM(DC20:DC50) -> 0 | DE52: =SUM(DE20:DE50) -> 0 | DF52: =SUM(DF20:DF50) -> 0 | DG52: =SUM(DG20:DG50) -> 0 | DI52: =SUM(DI20:DI50) -> 0 | DJ52: =SUM(DJ20:DJ50) -> 0 | DK52: =SUM(DK20:DK50) -> 0 | DM52: =SUM(DM20:DM50) -> 0 | DN52: =SUM(DN20:DN50) -> 0 | DO52: =SUM(DO20:DO50) -> 0 | DQ52: =SUM(DQ20:DQ50) -> 0 | DR52: =SUM(DR20:DR50) -> 0 | DS52: =SUM(DS20:DS50) -> 0 | DU52: =SUM(DU20:DU50) -> 0 | DV52: =SUM(DV20:DV50) -> 0 | DW52: =SUM(DW20:DW50) -> 0 | DY52: =SUM(DY20:DY50) -> 0 | DZ52: =SUM(DZ20:DZ50) -> 0 | EA52: =SUM(EA20:EA50) -> 0 | EC52: =SUM(EC20:EC50) -> 0 | ED52: =SUM(ED20:ED50) -> 0 | EE52: =SUM(EE20:EE50) -> 0 | EG52: =SUM(EG20:EG50) -> 0 | EH52: =SUM(EH20:EH50) -> 0 | EI52: =SUM(EI20:EI50) -> 0 | EK52: =SUM(EK20:EK50) -> 0 | EL52: =SUM(EL20:EL50) -> 0 | EM52: =SUM(EM20:EM50) -> 0 | EO52: =SUM(EO20:EO50) -> 0 | EP52: =SUM(EP20:EP50) -> 0 | EQ52: =SUM(EQ20:EQ50) -> 0 | ES52: =SUM(ES20:ES50) -> 0 | ET52: =SUM(ET20:ET50) -> 0 | EU52: =SUM(EU20:EU50) -> 0 | EW52: =SUM(EW20:EW50) -> 0 | EX52: =SUM(EX20:EX50) -> 0 | EY52: =SUM(EY20:EY50) -> 0 | FA52: =SUM(FA20:FA50) -> 0 | FB52: =SUM(FB20:FB50) -> 0 | FC52: =SUM(FC20:FC50) -> 0 | FE52: =SUM(FE20:FE50) -> 0 | FF52: =SUM(FF20:FF50) -> 0 | FG52: =SUM(FG20:FG50) -> 0 | FI52: =SUM(FI20:FI50) -> 0 | FJ52: =SUM(FJ20:FJ50) -> 0 | FK52: =SUM(FK20:FK50) -> 0 | FM52: =SUM(FM20:FM50) -> 0 | FN52: =SUM(FN20:FN50) -> 0 | FO52: =SUM(FO20:FO50) -> 0 | FQ52: =SUM(FQ20:FQ50) -> 0 | FR52: =SUM(FR20:FR50) -> 0 | FS52: =SUM(FS20:FS50) -> 0 | FU52: =SUM(FU20:FU50) -> 0 | FV52: =SUM(FV20:FV50) -> 0 | FW52: =SUM(FW20:FW50) -> 0 | FY52: =SUM(FY20:FY50) -> 0 | FZ52: =SUM(FZ20:FZ50) -> 0 | GA52: =SUM(GA20:GA50) -> 0 | GC52: =SUM(GC20:GC50) -> 0 | GD52: =SUM(GD20:GD50) -> 0 | GE52: =SUM(GE20:GE50) -> 0 | GG52: =SUM(GG20:GG50) -> 0 | GH52: =SUM(GH20:GH50) -> 0 | GI52: =SUM(GI20:GI50) -> 0 | GK52: =SUM(GK20:GK50) -> 0 | GL52: =SUM(GL20:GL50) -> 0 | GM52: =SUM(GM20:GM50) -> 0 | GO52: =SUM(GO20:GO50) -> 0 | GP52: =SUM(GP20:GP50) -> 0 | GQ52: =SUM(GQ20:GQ50) -> 0 | GS52: =SUM(GS20:GS50) -> 0 | GT52: =SUM(GT20:GT50) -> 0 | GU52: =SUM(GU20:GU50) -> 0 | GW52: =SUM(GW20:GW50) -> 0 | GX52: =SUM(GX20:GX50) -> 0 | GY52: =SUM(GY20:GY50) -> 0 | HA52: =SUM(HA20:HA50) -> 0 | HB52: =SUM(HB20:HB50) -> 0 | HC52: =SUM(HC20:HC50) -> 0 | HE52: =SUM(HE20:HE50) -> 0 | HF52: =SUM(HF20:HF50) -> 0 | HG52: =SUM(HG20:HG50) -> 0 | HJ52: =M52+Q52+U52+Y52+AC52+AG52+AK52+AO52+AS52+AW52+BA52+BE52+BI52+BM52+BQ52+BU52+BY52+CC52+CG52+CK52+CO52+CS52+CW52+DA52+DE52+DI52 -> 0 | HK52: =HJ52-K52 -> 0
A54: FTE Per Rate (for cost proposal information only) | H54: =SUM(H20:H50) -> 0 | L54: =($H$20*L20)+($H$21*L21)+($H$22*L22)+($H$23*L23)+($H$24*L24)+($H$25*L25)+($H$26*L26)+($H$27*L27)+($H$28*L28)+($H$29*L29)+($H$30*L30)+($H$31*L31)+($H$32*L32)+($H$33*L33)+($H$34*L34)+($H$35*L35)+($H$36*L36)+($H$37*L37)+($H$38*L38)+($H$39*L39)+($H$40*L40)+($H$41*L41)+($H$42*L42)+($H$43*L43)+($H$44*L44)+($H$45*L45)+($H$46*L46)+($H$47*L47)+($H$48*L48)+($H$49*L49)+($H$50*L50) -> 0 | P54: =($H$20*P20)+($H$21*P21)+($H$22*P22)+($H$23*P23)+($H$24*P24)+($H$25*P25)+($H$26*P26)+($H$27*P27)+($H$28*P28)+($H$29*P29)+($H$30*P30)+($H$31*P31)+($H$32*P32)+($H$33*P33)+($H$34*P34)+($H$35*P35)+($H$36*P36)+($H$37*P37)+($H$38*P38)+($H$39*P39)+($H$40*P40)+($H$41*P41)+($H$42*P42)+($H$43*P43)+($H$44*P44)+($H$45*P45)+($H$46*P46)+($H$47*P47)+($H$48*P48)+($H$49*P49)+($H$50*P50) -> 0 | T54: =($H$20*T20)+($H$21*T21)+($H$22*T22)+($H$23*T23)+($H$24*T24)+($H$25*T25)+($H$26*T26)+($H$27*T27)+($H$28*T28)+($H$29*T29)+($H$30*T30)+($H$31*T31)+($H$32*T32)+($H$33*T33)+($H$34*T34)+($H$35*T35)+($H$36*T36)+($H$37*T37)+($H$38*T38)+($H$39*T39)+($H$40*T40)+($H$41*T41)+($H$42*T42)+($H$43*T43)+($H$44*T44)+($H$45*T45)+($H$46*T46)+($H$47*T47)+($H$48*T48)+($H$49*T49)+($H$50*T50) -> 0 | X54: =($H$20*X20)+($H$21*X21)+($H$22*X22)+($H$23*X23)+($H$24*X24)+($H$25*X25)+($H$26*X26)+($H$27*X27)+($H$28*X28)+($H$29*X29)+($H$30*X30)+($H$31*X31)+($H$32*X32)+($H$33*X33)+($H$34*X34)+($H$35*X35)+($H$36*X36)+($H$37*X37)+($H$38*X38)+($H$39*X39)+($H$40*X40)+($H$41*X41)+($H$42*X42)+($H$43*X43)+($H$44*X44)+($H$45*X45)+($H$46*X46)+($H$47*X47)+($H$48*X48)+($H$49*X49)+($H$50*X50) -> 0 | AB54: =($H$20*AB20)+($H$21*AB21)+($H$22*AB22)+($H$23*AB23)+($H$24*AB24)+($H$25*AB25)+($H$26*AB26)+($H$27*AB27)+($H$28*AB28)+($H$29*AB29)+($H$30*AB30)+($H$31*AB31)+($H$32*AB32)+($H$33*AB33)+($H$34*AB34)+($H$35*AB35)+($H$36*AB36)+($H$37*AB37)+($H$38*AB38)+($H$39*AB39)+($H$40*AB40)+($H$41*AB41)+($H$42*AB42)+($H$43*AB43)+($H$44*AB44)+($H$45*AB45)+($H$46*AB46)+($H$47*AB47)+($H$48*AB48)+($H$49*AB49)+($H$50*AB50) -> 0 | AF54: =($H$20*AF20)+($H$21*AF21)+($H$22*AF22)+($H$23*AF23)+($H$24*AF24)+($H$25*AF25)+($H$26*AF26)+($H$27*AF27)+($H$28*AF28)+($H$29*AF29)+($H$30*AF30)+($H$31*AF31)+($H$32*AF32)+($H$33*AF33)+($H$34*AF34)+($H$35*AF35)+($H$36*AF36)+($H$37*AF37)+($H$38*AF38)+($H$39*AF39)+($H$40*AF40)+($H$41*AF41)+($H$42*AF42)+($H$43*AF43)+($H$44*AF44)+($H$45*AF45)+($H$46*AF46)+($H$47*AF47)+($H$48*AF48)+($H$49*AF49)+($H$50*AF50) -> 0 | AJ54: =($H$20*AJ20)+($H$21*AJ21)+($H$22*AJ22)+($H$23*AJ23)+($H$24*AJ24)+($H$25*AJ25)+($H$26*AJ26)+($H$27*AJ27)+($H$28*AJ28)+($H$29*AJ29)+($H$30*AJ30)+($H$31*AJ31)+($H$32*AJ32)+($H$33*AJ33)+($H$34*AJ34)+($H$35*AJ35)+($H$36*AJ36)+($H$37*AJ37)+($H$38*AJ38)+($H$39*AJ39)+($H$40*AJ40)+($H$41*AJ41)+($H$42*AJ42)+($H$43*AJ43)+($H$44*AJ44)+($H$45*AJ45)+($H$46*AJ46)+($H$47*AJ47)+($H$48*AJ48)+($H$49*AJ49)+($H$50*AJ50) -> 0 | AN54: =($H$20*AN20)+($H$21*AN21)+($H$22*AN22)+($H$23*AN23)+($H$24*AN24)+($H$25*AN25)+($H$26*AN26)+($H$27*AN27)+($H$28*AN28)+($H$29*AN29)+($H$30*AN30)+($H$31*AN31)+($H$32*AN32)+($H$33*AN33)+($H$34*AN34)+($H$35*AN35)+($H$36*AN36)+($H$37*AN37)+($H$38*AN38)+($H$39*AN39)+($H$40*AN40)+($H$41*AN41)+($H$42*AN42)+($H$43*AN43)+($H$44*AN44)+($H$45*AN45)+($H$46*AN46)+($H$47*AN47)+($H$48*AN48)+($H$49*AN49)+($H$50*AN50) -> 0 | AR54: =($H$20*AR20)+($H$21*AR21)+($H$22*AR22)+($H$23*AR23)+($H$24*AR24)+($H$25*AR25)+($H$26*AR26)+($H$27*AR27)+($H$28*AR28)+($H$29*AR29)+($H$30*AR30)+($H$31*AR31)+($H$32*AR32)+($H$33*AR33)+($H$34*AR34)+($H$35*AR35)+($H$36*AR36)+($H$37*AR37)+($H$38*AR38)+($H$39*AR39)+($H$40*AR40)+($H$41*AR41)+($H$42*AR42)+($H$43*AR43)+($H$44*AR44)+($H$45*AR45)+($H$46*AR46)+($H$47*AR47)+($H$48*AR48)+($H$49*AR49)+($H$50*AR50) -> 0 | AV54: =($H$20*AV20)+($H$21*AV21)+($H$22*AV22)+($H$23*AV23)+($H$24*AV24)+($H$25*AV25)+($H$26*AV26)+($H$27*AV27)+($H$28*AV28)+($H$29*AV29)+($H$30*AV30)+($H$31*AV31)+($H$32*AV32)+($H$33*AV33)+($H$34*AV34)+($H$35*AV35)+($H$36*AV36)+($H$37*AV37)+($H$38*AV38)+($H$39*AV39)+($H$40*AV40)+($H$41*AV41)+($H$42*AV42)+($H$43*AV43)+($H$44*AV44)+($H$45*AV45)+($H$46*AV46)+($H$47*AV47)+($H$48*AV48)+($H$49*AV49)+($H$50*AV50) -> 0 | AZ54: =($H$20*AZ20)+($H$21*AZ21)+($H$22*AZ22)+($H$23*AZ23)+($H$24*AZ24)+($H$25*AZ25)+($H$26*AZ26)+($H$27*AZ27)+($H$28*AZ28)+($H$29*AZ29)+($H$30*AZ30)+($H$31*AZ31)+($H$32*AZ32)+($H$33*AZ33)+($H$34*AZ34)+($H$35*AZ35)+($H$36*AZ36)+($H$37*AZ37)+($H$38*AZ38)+($H$39*AZ39)+($H$40*AZ40)+($H$41*AZ41)+($H$42*AZ42)+($H$43*AZ43)+($H$44*AZ44)+($H$45*AZ45)+($H$46*AZ46)+($H$47*AZ47)+($H$48*AZ48)+($H$49*AZ49)+($H$50*AZ50) -> 0 | BD54: =($H$20*BD20)+($H$21*BD21)+($H$22*BD22)+($H$23*BD23)+($H$24*BD24)+($H$25*BD25)+($H$26*BD26)+($H$27*BD27)+($H$28*BD28)+($H$29*BD29)+($H$30*BD30)+($H$31*BD31)+($H$32*BD32)+($H$33*BD33)+($H$34*BD34)+($H$35*BD35)+($H$36*BD36)+($H$37*BD37)+($H$38*BD38)+($H$39*BD39)+($H$40*BD40)+($H$41*BD41)+($H$42*BD42)+($H$43*BD43)+($H$44*BD44)+($H$45*BD45)+($H$46*BD46)+($H$47*BD47)+($H$48*BD48)+($H$49*BD49)+($H$50*BD50) -> 0 | BH54: =($H$20*BH20)+($H$21*BH21)+($H$22*BH22)+($H$23*BH23)+($H$24*BH24)+($H$25*BH25)+($H$26*BH26)+($H$27*BH27)+($H$28*BH28)+($H$29*BH29)+($H$30*BH30)+($H$31*BH31)+($H$32*BH32)+($H$33*BH33)+($H$34*BH34)+($H$35*BH35)+($H$36*BH36)+($H$37*BH37)+($H$38*BH38)+($H$39*BH39)+($H$40*BH40)+($H$41*BH41)+($H$42*BH42)+($H$43*BH43)+($H$44*BH44)+($H$45*BH45)+($H$46*BH46)+($H$47*BH47)+($H$48*BH48)+($H$49*BH49)+($H$50*BH50) -> 0 | BL54: =($H$20*BL20)+($H$21*BL21)+($H$22*BL22)+($H$23*BL23)+($H$24*BL24)+($H$25*BL25)+($H$26*BL26)+($H$27*BL27)+($H$28*BL28)+($H$29*BL29)+($H$30*BL30)+($H$31*BL31)+($H$32*BL32)+($H$33*BL33)+($H$34*BL34)+($H$35*BL35)+($H$36*BL36)+($H$37*BL37)+($H$38*BL38)+($H$39*BL39)+($H$40*BL40)+($H$41*BL41)+($H$42*BL42)+($H$43*BL43)+($H$44*BL44)+($H$45*BL45)+($H$46*BL46)+($H$47*BL47)+($H$48*BL48)+($H$49*BL49)+($H$50*BL50) -> 0 | BP54: =($H$20*BP20)+($H$21*BP21)+($H$22*BP22)+($H$23*BP23)+($H$24*BP24)+($H$25*BP25)+($H$26*BP26)+($H$27*BP27)+($H$28*BP28)+($H$29*BP29)+($H$30*BP30)+($H$31*BP31)+($H$32*BP32)+($H$33*BP33)+($H$34*BP34)+($H$35*BP35)+($H$36*BP36)+($H$37*BP37)+($H$38*BP38)+($H$39*BP39)+($H$40*BP40)+($H$41*BP41)+($H$42*BP42)+($H$43*BP43)+($H$44*BP44)+($H$45*BP45)+($H$46*BP46)+($H$47*BP47)+($H$48*BP48)+($H$49*BP49)+($H$50*BP50) -> 0 | BT54: =($H$20*BT20)+($H$21*BT21)+($H$22*BT22)+($H$23*BT23)+($H$24*BT24)+($H$25*BT25)+($H$26*BT26)+($H$27*BT27)+($H$28*BT28)+($H$29*BT29)+($H$30*BT30)+($H$31*BT31)+($H$32*BT32)+($H$33*BT33)+($H$34*BT34)+($H$35*BT35)+($H$36*BT36)+($H$37*BT37)+($H$38*BT38)+($H$39*BT39)+($H$40*BT40)+($H$41*BT41)+($H$42*BT42)+($H$43*BT43)+($H$44*BT44)+($H$45*BT45)+($H$46*BT46)+($H$47*BT47)+($H$48*BT48)+($H$49*BT49)+($H$50*BT50) -> 0 | BX54: =($H$20*BX20)+($H$21*BX21)+($H$22*BX22)+($H$23*BX23)+($H$24*BX24)+($H$25*BX25)+($H$26*BX26)+($H$27*BX27)+($H$28*BX28)+($H$29*BX29)+($H$30*BX30)+($H$31*BX31)+($H$32*BX32)+($H$33*BX33)+($H$34*BX34)+($H$35*BX35)+($H$36*BX36)+($H$37*BX37)+($H$38*BX38)+($H$39*BX39)+($H$40*BX40)+($H$41*BX41)+($H$42*BX42)+($H$43*BX43)+($H$44*BX44)+($H$45*BX45)+($H$46*BX46)+($H$47*BX47)+($H$48*BX48)+($H$49*BX49)+($H$50*BX50) -> 0 | CB54: =($H$20*CB20)+($H$21*CB21)+($H$22*CB22)+($H$23*CB23)+($H$24*CB24)+($H$25*CB25)+($H$26*CB26)+($H$27*CB27)+($H$28*CB28)+($H$29*CB29)+($H$30*CB30)+($H$31*CB31)+($H$32*CB32)+($H$33*CB33)+($H$34*CB34)+($H$35*CB35)+($H$36*CB36)+($H$37*CB37)+($H$38*CB38)+($H$39*CB39)+($H$40*CB40)+($H$41*CB41)+($H$42*CB42)+($H$43*CB43)+($H$44*CB44)+($H$45*CB45)+($H$46*CB46)+($H$47*CB47)+($H$48*CB48)+($H$49*CB49)+($H$50*CB50) -> 0 | CF54: =($H$20*CF20)+($H$21*CF21)+($H$22*CF22)+($H$23*CF23)+($H$24*CF24)+($H$25*CF25)+($H$26*CF26)+($H$27*CF27)+($H$28*CF28)+($H$29*CF29)+($H$30*CF30)+($H$31*CF31)+($H$32*CF32)+($H$33*CF33)+($H$34*CF34)+($H$35*CF35)+($H$36*CF36)+($H$37*CF37)+($H$38*CF38)+($H$39*CF39)+($H$40*CF40)+($H$41*CF41)+($H$42*CF42)+($H$43*CF43)+($H$44*CF44)+($H$45*CF45)+($H$46*CF46)+($H$47*CF47)+($H$48*CF48)+($H$49*CF49)+($H$50*CF50) -> 0 | CJ54: =($H$20*CJ20)+($H$21*CJ21)+($H$22*CJ22)+($H$23*CJ23)+($H$24*CJ24)+($H$25*CJ25)+($H$26*CJ26)+($H$27*CJ27)+($H$28*CJ28)+($H$29*CJ29)+($H$30*CJ30)+($H$31*CJ31)+($H$32*CJ32)+($H$33*CJ33)+($H$34*CJ34)+($H$35*CJ35)+($H$36*CJ36)+($H$37*CJ37)+($H$38*CJ38)+($H$39*CJ39)+($H$40*CJ40)+($H$41*CJ41)+($H$42*CJ42)+($H$43*CJ43)+($H$44*CJ44)+($H$45*CJ45)+($H$46*CJ46)+($H$47*CJ47)+($H$48*CJ48)+($H$49*CJ49)+($H$50*CJ50) -> 0 | CN54: =($H$20*CN20)+($H$21*CN21)+($H$22*CN22)+($H$23*CN23)+($H$24*CN24)+($H$25*CN25)+($H$26*CN26)+($H$27*CN27)+($H$28*CN28)+($H$29*CN29)+($H$30*CN30)+($H$31*CN31)+($H$32*CN32)+($H$33*CN33)+($H$34*CN34)+($H$35*CN35)+($H$36*CN36)+($H$37*CN37)+($H$38*CN38)+($H$39*CN39)+($H$40*CN40)+($H$41*CN41)+($H$42*CN42)+($H$43*CN43)+($H$44*CN44)+($H$45*CN45)+($H$46*CN46)+($H$47*CN47)+($H$48*CN48)+($H$49*CN49)+($H$50*CN50) -> 0 | CR54: =($H$20*CR20)+($H$21*CR21)+($H$22*CR22)+($H$23*CR23)+($H$24*CR24)+($H$25*CR25)+($H$26*CR26)+($H$27*CR27)+($H$28*CR28)+($H$29*CR29)+($H$30*CR30)+($H$31*CR31)+($H$32*CR32)+($H$33*CR33)+($H$34*CR34)+($H$35*CR35)+($H$36*CR36)+($H$37*CR37)+($H$38*CR38)+($H$39*CR39)+($H$40*CR40)+($H$41*CR41)+($H$42*CR42)+($H$43*CR43)+($H$44*CR44)+($H$45*CR45)+($H$46*CR46)+($H$47*CR47)+($H$48*CR48)+($H$49*CR49)+($H$50*CR50) -> 0 | CV54: =($H$20*CV20)+($H$21*CV21)+($H$22*CV22)+($H$23*CV23)+($H$24*CV24)+($H$25*CV25)+($H$26*CV26)+($H$27*CV27)+($H$28*CV28)+($H$29*CV29)+($H$30*CV30)+($H$31*CV31)+($H$32*CV32)+($H$33*CV33)+($H$34*CV34)+($H$35*CV35)+($H$36*CV36)+($H$37*CV37)+($H$38*CV38)+($H$39*CV39)+($H$40*CV40)+($H$41*CV41)+($H$42*CV42)+($H$43*CV43)+($H$44*CV44)+($H$45*CV45)+($H$46*CV46)+($H$47*CV47)+($H$48*CV48)+($H$49*CV49)+($H$50*CV50) -> 0 | CZ54: =($H$20*CZ20)+($H$21*CZ21)+($H$22*CZ22)+($H$23*CZ23)+($H$24*CZ24)+($H$25*CZ25)+($H$26*CZ26)+($H$27*CZ27)+($H$28*CZ28)+($H$29*CZ29)+($H$30*CZ30)+($H$31*CZ31)+($H$32*CZ32)+($H$33*CZ33)+($H$34*CZ34)+($H$35*CZ35)+($H$36*CZ36)+($H$37*CZ37)+($H$38*CZ38)+($H$39*CZ39)+($H$40*CZ40)+($H$41*CZ41)+($H$42*CZ42)+($H$43*CZ43)+($H$44*CZ44)+($H$45*CZ45)+($H$46*CZ46)+($H$47*CZ47)+($H$48*CZ48)+($H$49*CZ49)+($H$50*CZ50) -> 0 | DD54: =($H$20*DD20)+($H$21*DD21)+($H$22*DD22)+($H$23*DD23)+($H$24*DD24)+($H$25*DD25)+($H$26*DD26)+($H$27*DD27)+($H$28*DD28)+($H$29*DD29)+($H$30*DD30)+($H$31*DD31)+($H$32*DD32)+($H$33*DD33)+($H$34*DD34)+($H$35*DD35)+($H$36*DD36)+($H$37*DD37)+($H$38*DD38)+($H$39*DD39)+($H$40*DD40)+($H$41*DD41)+($H$42*DD42)+($H$43*DD43)+($H$44*DD44)+($H$45*DD45)+($H$46*DD46)+($H$47*DD47)+($H$48*DD48)+($H$49*DD49)+($H$50*DD50) -> 0 | DH54: =($H$20*DH20)+($H$21*DH21)+($H$22*DH22)+($H$23*DH23)+($H$24*DH24)+($H$25*DH25)+($H$26*DH26)+($H$27*DH27)+($H$28*DH28)+($H$29*DH29)+($H$30*DH30)+($H$31*DH31)+($H$32*DH32)+($H$33*DH33)+($H$34*DH34)+($H$35*DH35)+($H$36*DH36)+($H$37*DH37)+($H$38*DH38)+($H$39*DH39)+($H$40*DH40)+($H$41*DH41)+($H$42*DH42)+($H$43*DH43)+($H$44*DH44)+($H$45*DH45)+($H$46*DH46)+($H$47*DH47)+($H$48*DH48)+($H$49*DH49)+($H$50*DH50) -> 0 | DL54: =($H$20*DL20)+($H$21*DL21)+($H$22*DL22)+($H$23*DL23)+($H$24*DL24)+($H$25*DL25)+($H$26*DL26)+($H$27*DL27)+($H$28*DL28)+($H$29*DL29)+($H$30*DL30)+($H$31*DL31)+($H$32*DL32)+($H$33*DL33)+($H$34*DL34)+($H$35*DL35)+($H$36*DL36)+($H$37*DL37)+($H$38*DL38)+($H$39*DL39)+($H$40*DL40)+($H$41*DL41)+($H$42*DL42)+($H$43*DL43)+($H$44*DL44)+($H$45*DL45)+($H$46*DL46)+($H$47*DL47)+($H$48*DL48)+($H$49*DL49)+($H$50*DL50) -> 0 | DP54: =($H$20*DP20)+($H$21*DP21)+($H$22*DP22)+($H$23*DP23)+($H$24*DP24)+($H$25*DP25)+($H$26*DP26)+($H$27*DP27)+($H$28*DP28)+($H$29*DP29)+($H$30*DP30)+($H$31*DP31)+($H$32*DP32)+($H$33*DP33)+($H$34*DP34)+($H$35*DP35)+($H$36*DP36)+($H$37*DP37)+($H$38*DP38)+($H$39*DP39)+($H$40*DP40)+($H$41*DP41)+($H$42*DP42)+($H$43*DP43)+($H$44*DP44)+($H$45*DP45)+($H$46*DP46)+($H$47*DP47)+($H$48*DP48)+($H$49*DP49)+($H$50*DP50) -> 0 | DT54: =($H$20*DT20)+($H$21*DT21)+($H$22*DT22)+($H$23*DT23)+($H$24*DT24)+($H$25*DT25)+($H$26*DT26)+($H$27*DT27)+($H$28*DT28)+($H$29*DT29)+($H$30*DT30)+($H$31*DT31)+($H$32*DT32)+($H$33*DT33)+($H$34*DT34)+($H$35*DT35)+($H$36*DT36)+($H$37*DT37)+($H$38*DT38)+($H$39*DT39)+($H$40*DT40)+($H$41*DT41)+($H$42*DT42)+($H$43*DT43)+($H$44*DT44)+($H$45*DT45)+($H$46*DT46)+($H$47*DT47)+($H$48*DT48)+($H$49*DT49)+($H$50*DT50) -> 0 | DX54: =($H$20*DX20)+($H$21*DX21)+($H$22*DX22)+($H$23*DX23)+($H$24*DX24)+($H$25*DX25)+($H$26*DX26)+($H$27*DX27)+($H$28*DX28)+($H$29*DX29)+($H$30*DX30)+($H$31*DX31)+($H$32*DX32)+($H$33*DX33)+($H$34*DX34)+($H$35*DX35)+($H$36*DX36)+($H$37*DX37)+($H$38*DX38)+($H$39*DX39)+($H$40*DX40)+($H$41*DX41)+($H$42*DX42)+($H$43*DX43)+($H$44*DX44)+($H$45*DX45)+($H$46*DX46)+($H$47*DX47)+($H$48*DX48)+($H$49*DX49)+($H$50*DX50) -> 0 | EB54: =($H$20*EB20)+($H$21*EB21)+($H$22*EB22)+($H$23*EB23)+($H$24*EB24)+($H$25*EB25)+($H$26*EB26)+($H$27*EB27)+($H$28*EB28)+($H$29*EB29)+($H$30*EB30)+($H$31*EB31)+($H$32*EB32)+($H$33*EB33)+($H$34*EB34)+($H$35*EB35)+($H$36*EB36)+($H$37*EB37)+($H$38*EB38)+($H$39*EB39)+($H$40*EB40)+($H$41*EB41)+($H$42*EB42)+($H$43*EB43)+($H$44*EB44)+($H$45*EB45)+($H$46*EB46)+($H$47*EB47)+($H$48*EB48)+($H$49*EB49)+($H$50*EB50) -> 0 | EF54: =($H$20*EF20)+($H$21*EF21)+($H$22*EF22)+($H$23*EF23)+($H$24*EF24)+($H$25*EF25)+($H$26*EF26)+($H$27*EF27)+($H$28*EF28)+($H$29*EF29)+($H$30*EF30)+($H$31*EF31)+($H$32*EF32)+($H$33*EF33)+($H$34*EF34)+($H$35*EF35)+($H$36*EF36)+($H$37*EF37)+($H$38*EF38)+($H$39*EF39)+($H$40*EF40)+($H$41*EF41)+($H$42*EF42)+($H$43*EF43)+($H$44*EF44)+($H$45*EF45)+($H$46*EF46)+($H$47*EF47)+($H$48*EF48)+($H$49*EF49)+($H$50*EF50) -> 0 | EJ54: =($H$20*EJ20)+($H$21*EJ21)+($H$22*EJ22)+($H$23*EJ23)+($H$24*EJ24)+($H$25*EJ25)+($H$26*EJ26)+($H$27*EJ27)+($H$28*EJ28)+($H$29*EJ29)+($H$30*EJ30)+($H$31*EJ31)+($H$32*EJ32)+($H$33*EJ33)+($H$34*EJ34)+($H$35*EJ35)+($H$36*EJ36)+($H$37*EJ37)+($H$38*EJ38)+($H$39*EJ39)+($H$40*EJ40)+($H$41*EJ41)+($H$42*EJ42)+($H$43*EJ43)+($H$44*EJ44)+($H$45*EJ45)+($H$46*EJ46)+($H$47*EJ47)+($H$48*EJ48)+($H$49*EJ49)+($H$50*EJ50) -> 0 | EN54: =($H$20*EN20)+($H$21*EN21)+($H$22*EN22)+($H$23*EN23)+($H$24*EN24)+($H$25*EN25)+($H$26*EN26)+($H$27*EN27)+($H$28*EN28)+($H$29*EN29)+($H$30*EN30)+($H$31*EN31)+($H$32*EN32)+($H$33*EN33)+($H$34*EN34)+($H$35*EN35)+($H$36*EN36)+($H$37*EN37)+($H$38*EN38)+($H$39*EN39)+($H$40*EN40)+($H$41*EN41)+($H$42*EN42)+($H$43*EN43)+($H$44*EN44)+($H$45*EN45)+($H$46*EN46)+($H$47*EN47)+($H$48*EN48)+($H$49*EN49)+($H$50*EN50) -> 0 | ER54: =($H$20*ER20)+($H$21*ER21)+($H$22*ER22)+($H$23*ER23)+($H$24*ER24)+($H$25*ER25)+($H$26*ER26)+($H$27*ER27)+($H$28*ER28)+($H$29*ER29)+($H$30*ER30)+($H$31*ER31)+($H$32*ER32)+($H$33*ER33)+($H$34*ER34)+($H$35*ER35)+($H$36*ER36)+($H$37*ER37)+($H$38*ER38)+($H$39*ER39)+($H$40*ER40)+($H$41*ER41)+($H$42*ER42)+($H$43*ER43)+($H$44*ER44)+($H$45*ER45)+($H$46*ER46)+($H$47*ER47)+($H$48*ER48)+($H$49*ER49)+($H$50*ER50) -> 0 | EV54: =($H$20*EV20)+($H$21*EV21)+($H$22*EV22)+($H$23*EV23)+($H$24*EV24)+($H$25*EV25)+($H$26*EV26)+($H$27*EV27)+($H$28*EV28)+($H$29*EV29)+($H$30*EV30)+($H$31*EV31)+($H$32*EV32)+($H$33*EV33)+($H$34*EV34)+($H$35*EV35)+($H$36*EV36)+($H$37*EV37)+($H$38*EV38)+($H$39*EV39)+($H$40*EV40)+($H$41*EV41)+($H$42*EV42)+($H$43*EV43)+($H$44*EV44)+($H$45*EV45)+($H$46*EV46)+($H$47*EV47)+($H$48*EV48)+($H$49*EV49)+($H$50*EV50) -> 0 | EZ54: =($H$20*EZ20)+($H$21*EZ21)+($H$22*EZ22)+($H$23*EZ23)+($H$24*EZ24)+($H$25*EZ25)+($H$26*EZ26)+($H$27*EZ27)+($H$28*EZ28)+($H$29*EZ29)+($H$30*EZ30)+($H$31*EZ31)+($H$32*EZ32)+($H$33*EZ33)+($H$34*EZ34)+($H$35*EZ35)+($H$36*EZ36)+($H$37*EZ37)+($H$38*EZ38)+($H$39*EZ39)+($H$40*EZ40)+($H$41*EZ41)+($H$42*EZ42)+($H$43*EZ43)+($H$44*EZ44)+($H$45*EZ45)+($H$46*EZ46)+($H$47*EZ47)+($H$48*EZ48)+($H$49*EZ49)+($H$50*EZ50) -> 0 | FD54: =($H$20*FD20)+($H$21*FD21)+($H$22*FD22)+($H$23*FD23)+($H$24*FD24)+($H$25*FD25)+($H$26*FD26)+($H$27*FD27)+($H$28*FD28)+($H$29*FD29)+($H$30*FD30)+($H$31*FD31)+($H$32*FD32)+($H$33*FD33)+($H$34*FD34)+($H$35*FD35)+($H$36*FD36)+($H$37*FD37)+($H$38*FD38)+($H$39*FD39)+($H$40*FD40)+($H$41*FD41)+($H$42*FD42)+($H$43*FD43)+($H$44*FD44)+($H$45*FD45)+($H$46*FD46)+($H$47*FD47)+($H$48*FD48)+($H$49*FD49)+($H$50*FD50) -> 0 | FH54: =($H$20*FH20)+($H$21*FH21)+($H$22*FH22)+($H$23*FH23)+($H$24*FH24)+($H$25*FH25)+($H$26*FH26)+($H$27*FH27)+($H$28*FH28)+($H$29*FH29)+($H$30*FH30)+($H$31*FH31)+($H$32*FH32)+($H$33*FH33)+($H$34*FH34)+($H$35*FH35)+($H$36*FH36)+($H$37*FH37)+($H$38*FH38)+($H$39*FH39)+($H$40*FH40)+($H$41*FH41)+($H$42*FH42)+($H$43*FH43)+($H$44*FH44)+($H$45*FH45)+($H$46*FH46)+($H$47*FH47)+($H$48*FH48)+($H$49*FH49)+($H$50*FH50) -> 0 | FL54: =($H$20*FL20)+($H$21*FL21)+($H$22*FL22)+($H$23*FL23)+($H$24*FL24)+($H$25*FL25)+($H$26*FL26)+($H$27*FL27)+($H$28*FL28)+($H$29*FL29)+($H$30*FL30)+($H$31*FL31)+($H$32*FL32)+($H$33*FL33)+($H$34*FL34)+($H$35*FL35)+($H$36*FL36)+($H$37*FL37)+($H$38*FL38)+($H$39*FL39)+($H$40*FL40)+($H$41*FL41)+($H$42*FL42)+($H$43*FL43)+($H$44*FL44)+($H$45*FL45)+($H$46*FL46)+($H$47*FL47)+($H$48*FL48)+($H$49*FL49)+($H$50*FL50) -> 0 | FP54: =($H$20*FP20)+($H$21*FP21)+($H$22*FP22)+($H$23*FP23)+($H$24*FP24)+($H$25*FP25)+($H$26*FP26)+($H$27*FP27)+($H$28*FP28)+($H$29*FP29)+($H$30*FP30)+($H$31*FP31)+($H$32*FP32)+($H$33*FP33)+($H$34*FP34)+($H$35*FP35)+($H$36*FP36)+($H$37*FP37)+($H$38*FP38)+($H$39*FP39)+($H$40*FP40)+($H$41*FP41)+($H$42*FP42)+($H$43*FP43)+($H$44*FP44)+($H$45*FP45)+($H$46*FP46)+($H$47*FP47)+($H$48*FP48)+($H$49*FP49)+($H$50*FP50) -> 0 | FT54: =($H$20*FT20)+($H$21*FT21)+($H$22*FT22)+($H$23*FT23)+($H$24*FT24)+($H$25*FT25)+($H$26*FT26)+($H$27*FT27)+($H$28*FT28)+($H$29*FT29)+($H$30*FT30)+($H$31*FT31)+($H$32*FT32)+($H$33*FT33)+($H$34*FT34)+($H$35*FT35)+($H$36*FT36)+($H$37*FT37)+($H$38*FT38)+($H$39*FT39)+($H$40*FT40)+($H$41*FT41)+($H$42*FT42)+($H$43*FT43)+($H$44*FT44)+($H$45*FT45)+($H$46*FT46)+($H$47*FT47)+($H$48*FT48)+($H$49*FT49)+($H$50*FT50) -> 0 | FX54: =($H$20*FX20)+($H$21*FX21)+($H$22*FX22)+($H$23*FX23)+($H$24*FX24)+($H$25*FX25)+($H$26*FX26)+($H$27*FX27)+($H$28*FX28)+($H$29*FX29)+($H$30*FX30)+($H$31*FX31)+($H$32*FX32)+($H$33*FX33)+($H$34*FX34)+($H$35*FX35)+($H$36*FX36)+($H$37*FX37)+($H$38*FX38)+($H$39*FX39)+($H$40*FX40)+($H$41*FX41)+($H$42*FX42)+($H$43*FX43)+($H$44*FX44)+($H$45*FX45)+($H$46*FX46)+($H$47*FX47)+($H$48*FX48)+($H$49*FX49)+($H$50*FX50) -> 0 | GB54: =($H$20*GB20)+($H$21*GB21)+($H$22*GB22)+($H$23*GB23)+($H$24*GB24)+($H$25*GB25)+($H$26*GB26)+($H$27*GB27)+($H$28*GB28)+($H$29*GB29)+($H$30*GB30)+($H$31*GB31)+($H$32*GB32)+($H$33*GB33)+($H$34*GB34)+($H$35*GB35)+($H$36*GB36)+($H$37*GB37)+($H$38*GB38)+($H$39*GB39)+($H$40*GB40)+($H$41*GB41)+($H$42*GB42)+($H$43*GB43)+($H$44*GB44)+($H$45*GB45)+($H$46*GB46)+($H$47*GB47)+($H$48*GB48)+($H$49*GB49)+($H$50*GB50) -> 0 | GF54: =($H$20*GF20)+($H$21*GF21)+($H$22*GF22)+($H$23*GF23)+($H$24*GF24)+($H$25*GF25)+($H$26*GF26)+($H$27*GF27)+($H$28*GF28)+($H$29*GF29)+($H$30*GF30)+($H$31*GF31)+($H$32*GF32)+($H$33*GF33)+($H$34*GF34)+($H$35*GF35)+($H$36*GF36)+($H$37*GF37)+($H$38*GF38)+($H$39*GF39)+($H$40*GF40)+($H$41*GF41)+($H$42*GF42)+($H$43*GF43)+($H$44*GF44)+($H$45*GF45)+($H$46*GF46)+($H$47*GF47)+($H$48*GF48)+($H$49*GF49)+($H$50*GF50) -> 0 | GJ54: =($H$20*GJ20)+($H$21*GJ21)+($H$22*GJ22)+($H$23*GJ23)+($H$24*GJ24)+($H$25*GJ25)+($H$26*GJ26)+($H$27*GJ27)+($H$28*GJ28)+($H$29*GJ29)+($H$30*GJ30)+($H$31*GJ31)+($H$32*GJ32)+($H$33*GJ33)+($H$34*GJ34)+($H$35*GJ35)+($H$36*GJ36)+($H$37*GJ37)+($H$38*GJ38)+($H$39*GJ39)+($H$40*GJ40)+($H$41*GJ41)+($H$42*GJ42)+($H$43*GJ43)+($H$44*GJ44)+($H$45*GJ45)+($H$46*GJ46)+($H$47*GJ47)+($H$48*GJ48)+($H$49*GJ49)+($H$50*GJ50) -> 0 | GN54: =($H$20*GN20)+($H$21*GN21)+($H$22*GN22)+($H$23*GN23)+($H$24*GN24)+($H$25*GN25)+($H$26*GN26)+($H$27*GN27)+($H$28*GN28)+($H$29*GN29)+($H$30*GN30)+($H$31*GN31)+($H$32*GN32)+($H$33*GN33)+($H$34*GN34)+($H$35*GN35)+($H$36*GN36)+($H$37*GN37)+($H$38*GN38)+($H$39*GN39)+($H$40*GN40)+($H$41*GN41)+($H$42*GN42)+($H$43*GN43)+($H$44*GN44)+($H$45*GN45)+($H$46*GN46)+($H$47*GN47)+($H$48*GN48)+($H$49*GN49)+($H$50*GN50) -> 0 | GR54: =($H$20*GR20)+($H$21*GR21)+($H$22*GR22)+($H$23*GR23)+($H$24*GR24)+($H$25*GR25)+($H$26*GR26)+($H$27*GR27)+($H$28*GR28)+($H$29*GR29)+($H$30*GR30)+($H$31*GR31)+($H$32*GR32)+($H$33*GR33)+($H$34*GR34)+($H$35*GR35)+($H$36*GR36)+($H$37*GR37)+($H$38*GR38)+($H$39*GR39)+($H$40*GR40)+($H$41*GR41)+($H$42*GR42)+($H$43*GR43)+($H$44*GR44)+($H$45*GR45)+($H$46*GR46)+($H$47*GR47)+($H$48*GR48)+($H$49*GR49)+($H$50*GR50) -> 0 | GV54: =($H$20*GV20)+($H$21*GV21)+($H$22*GV22)+($H$23*GV23)+($H$24*GV24)+($H$25*GV25)+($H$26*GV26)+($H$27*GV27)+($H$28*GV28)+($H$29*GV29)+($H$30*GV30)+($H$31*GV31)+($H$32*GV32)+($H$33*GV33)+($H$34*GV34)+($H$35*GV35)+($H$36*GV36)+($H$37*GV37)+($H$38*GV38)+($H$39*GV39)+($H$40*GV40)+($H$41*GV41)+($H$42*GV42)+($H$43*GV43)+($H$44*GV44)+($H$45*GV45)+($H$46*GV46)+($H$47*GV47)+($H$48*GV48)+($H$49*GV49)+($H$50*GV50) -> 0 | GZ54: =($H$20*GZ20)+($H$21*GZ21)+($H$22*GZ22)+($H$23*GZ23)+($H$24*GZ24)+($H$25*GZ25)+($H$26*GZ26)+($H$27*GZ27)+($H$28*GZ28)+($H$29*GZ29)+($H$30*GZ30)+($H$31*GZ31)+($H$32*GZ32)+($H$33*GZ33)+($H$34*GZ34)+($H$35*GZ35)+($H$36*GZ36)+($H$37*GZ37)+($H$38*GZ38)+($H$39*GZ39)+($H$40*GZ40)+($H$41*GZ41)+($H$42*GZ42)+($H$43*GZ43)+($H$44*GZ44)+($H$45*GZ45)+($H$46*GZ46)+($H$47*GZ47)+($H$48*GZ48)+($H$49*GZ49)+($H$50*GZ50) -> 0 | HD54: =($H$20*HD20)+($H$21*HD21)+($H$22*HD22)+($H$23*HD23)+($H$24*HD24)+($H$25*HD25)+($H$26*HD26)+($H$27*HD27)+($H$28*HD28)+($H$29*HD29)+($H$30*HD30)+($H$31*HD31)+($H$32*HD32)+($H$33*HD33)+($H$34*HD34)+($H$35*HD35)+($H$36*HD36)+($H$37*HD37)+($H$38*HD38)+($H$39*HD39)+($H$40*HD40)+($H$41*HD41)+($H$42*HD42)+($H$43*HD43)+($H$44*HD44)+($H$45*HD45)+($H$46*HD46)+($H$47*HD47)+($H$48*HD48)+($H$49*HD49)+($H$50*HD50) -> 0
A57: NAME | B57: EMPLOYEE ID NUMBER | C57: Ledger | D57: TITLE | E57: MONTHLY SALARY | F57: BASE SALARY (AT 100% FTE) | G57: BEN % | H57: FTE ON CENTER | I57: TOTAL SALARY | J57: TOTAL BENEFITS | K57: TOTAL SAL & BEN ON CTR | L57: Center Overhead Yr. 1 | P57: Rate 1 Yr. 1 | T57: Rate 2 Yr. 1 | X57: Rate 3 Yr. 1 | AB57: Rate 4 Yr. 1 | AF57: Rate 5 Yr. 1 | AJ57: Rate 6 Yr. 1 | AN57: Rate 7 Yr. 1 | AR57: Rate 8 Yr. 1 | AV57: Rate 9 Yr. 1 | AZ57: Rate 10 Yr. 1 | BD57: Rate 11 Yr. 1 | BH57: Rate 12 Yr. 1 | BL57: Rate 13 Yr. 1 | BP57: Rate 14 Yr. 1 | BT57: Rate 15 Yr. 1 | BX57: Rate 16 Yr. 1 | CB57: Rate 17 Yr. 1 | CF57: Rate 18 Yr. 1 | CJ57: Rate 19 Yr. 1 | CN57: Rate 20 Yr. 1 | CR57: Rate 21 Yr. 1 | CV57: Rate 22 Yr. 1 | CZ57: Rate 23 Yr. 1 | DD57: Rate 24 Yr. 1 | DH57: Rate 25 Yr. 1 | DL57: Rate 26 Yr. 1 | DP57: Rate 27 Yr. 1 | DT57: Rate 28 Yr. 1 | DX57: Rate 29 Yr. 1 | EB57: Rate 30 Yr. 1 | EF57: Rate 31 Yr. 1 | EJ57: Rate 32 Yr. 1 | EN57: Rate 33 Yr. 1 | ER57: Rate 34 Yr. 1 | EV57: Rate 35 Yr. 1 | EZ57: Rate 36 Yr. 1 | FD57: Rate 37 Yr. 1 | FH57: Rate 38 Yr. 1 | FL57: Rate 39 Yr. 1 | FP57: Rate 40 Yr. 1 | FT57: Rate 41 Yr. 1 | FX57: Rate 42 Yr. 1 | GB57: Rate 43 Yr. 1 | GF57: Rate 44 Yr. 1 | GJ57: Rate 45 Yr. 1 | GN57: Rate 46 Yr. 1 | GR57: Rate 47 Yr. 1 | GV57: Rate 48 Yr. 1 | GZ57: Rate 49 Yr. 1 | HD57: Rate 50 Yr. 1 | HI57: Percent Check | HJ57: Dollar Check | HK57: Difference between allocated dollar and total dollar
L58: =IF(Usage!$B$8=0, "", Usage!$B$8) -> Center Overhead | P58: =IF(Usage!$B$9=0, "", Usage!$B$9) | T58: =IF(Usage!$B$10=0, "", Usage!$B$10) | X58: =IF(Usage!$B$11=0, "", Usage!$B$11) | AB58: =IF(Usage!$B$12=0, "", Usage!$B$12) | AF58: =IF(Usage!$B$13=0, "", Usage!$B$13) | AJ58: =IF(Usage!$B$14=0, "", Usage!$B$14) | AN58: =IF(Usage!$B$15=0, "", Usage!$B$15) | AR58: =IF(Usage!$B$16=0, "", Usage!$B$16) | AV58: =IF(Usage!$B$17=0, "", Usage!$B$17) | AZ58: =IF(Usage!$B$18=0, "", Usage!$B$18) | BD58: =IF(Usage!$B$19=0, "", Usage!$B$19) | BH58: =IF(Usage!$B$20=0, "", Usage!$B$20) | BL58: =IF(Usage!$B$21=0, "", Usage!$B$21) | BP58: =IF(Usage!$B$22=0, "", Usage!$B$22) | BT58: =IF(Usage!$B$23=0, "", Usage!$B$23) | BX58: =IF(Usage!$B$24=0, "", Usage!$B$24) | CB58: =IF(Usage!$B$25=0, "", Usage!$B$25) | CF58: =IF(Usage!$B$26=0, "", Usage!$B$26) | CJ58: =IF(Usage!$B$27=0, "", Usage!$B$27) | CN58: =IF(Usage!$B$28=0, "", Usage!$B$28) | CR58: =IF(Usage!$B$29=0, "", Usage!$B$29) | CV58: =IF(Usage!$B$30=0, "", Usage!$B$30) | CZ58: =IF(Usage!$B$31=0, "", Usage!$B$31) | DD58: =IF(Usage!$B$32=0, "", Usage!$B$32) | DH58: =IF(Usage!$B$33=0, "", Usage!$B$33) | DL58: =IF(Usage!$B$34=0, "", Usage!$B$34) | DP58: =IF(Usage!$B$35=0, "", Usage!$B$35) | DT58: =IF(Usage!$B$36=0, "", Usage!$B$36) | DX58: =IF(Usage!$B$37=0, "", Usage!$B$37) | EB58: =IF(Usage!$B$38=0, "", Usage!$B$38) | EF58: =IF(Usage!$B$39=0, "", Usage!$B$39) | EJ58: =IF(Usage!$B$40=0, "", Usage!$B$40) | EN58: =IF(Usage!$B$41=0, "", Usage!$B$41) | ER58: =IF(Usage!$B$42=0, "", Usage!$B$42) | EV58: =IF(Usage!$B$43=0, "", Usage!$B$43) | EZ58: =IF(Usage!$B$44=0, "", Usage!$B$44) | FD58: =IF(Usage!$B$45=0, "", Usage!$B$45) | FH58: =IF(Usage!$B$46=0, "", Usage!$B$46) | FL58: =IF(Usage!$B$47=0, "", Usage!$B$47) | FP58: =IF(Usage!$B$48=0, "", Usage!$B$48) | FT58: =IF(Usage!$B$49=0, "", Usage!$B$49) | FX58: =IF(Usage!$B$50=0, "", Usage!$B$50) | GB58: =IF(Usage!$B$51=0, "", Usage!$B$51) | GF58: =IF(Usage!$B$52=0, "", Usage!$B$52) | GJ58: =IF(Usage!$B$53=0, "", Usage!$B$53) | GN58: =IF(Usage!$B$54=0, "", Usage!$B$54) | GR58: =IF(Usage!$B$55=0, "", Usage!$B$55) | GV58: =IF(Usage!$B$56=0, "", Usage!$B$56) | GZ58: =IF(Usage!$B$57=0, "", Usage!$B$57) | HD58: =IF(Usage!$B$58=0, "", Usage!$B$58) | HI58: (should add up to 100%)
A59: Salaries of Graduate Students, Students, and Hourly Employees | L59: FTE % | M59: Amount | N59: Sal | O59: Ben | P59: FTE % | Q59: Amount | R59: Sal | S59: Ben | T59: FTE % | U59: Amount | V59: Sal | W59: Ben | X59: FTE % | Y59: Amount | Z59: Sal | AA59: Ben | AB59: FTE % | AC59: Amount | AD59: Sal | AE59: Ben | AF59: FTE % | AG59: Amount | AH59: Sal | AI59: Ben | AJ59: FTE % | AK59: Amount | AL59: Sal | AM59: Ben | AN59: FTE % | AO59: Amount | AP59: Sal | AQ59: Ben | AR59: FTE % | AS59: Amount | AT59: Sal | AU59: Ben | AV59: FTE % | AW59: Amount | AX59: Sal | AY59: Ben | AZ59: FTE % | BA59: Amount | BB59: Sal | BC59: Ben | BD59: FTE % | BE59: Amount | BF59: Sal | BG59: Ben | BH59: FTE % | BI59: Amount | BJ59: Sal | BK59: Ben | BL59: FTE % | BM59: Amount | BN59: Sal | BO59: Ben | BP59: FTE % | BQ59: Amount | BR59: Sal | BS59: Ben | BT59: FTE % | BU59: Amount | BV59: Sal | BW59: Ben | BX59: FTE % | BY59: Amount | BZ59: Sal | CA59: Ben | CB59: FTE % | CC59: Amount | CD59: Sal | CE59: Ben | CF59: FTE % | CG59: Amount | CH59: Sal | CI59: Ben | CJ59: FTE % | CK59: Amount | CL59: Sal | CM59: Ben | CN59: FTE % | CO59: Amount | CP59: Sal | CQ59: Ben | CR59: FTE % | CS59: Amount | CT59: Sal | CU59: Ben | CV59: FTE % | CW59: Amount | CX59: Sal | CY59: Ben | CZ59: FTE % | DA59: Amount | DB59: Sal | DC59: Ben | DD59: FTE % | DE59: Amount | DF59: Sal | DG59: Ben | DH59: FTE % | DI59: Amount | DJ59: Sal | DK59: Ben | DL59: FTE % | DM59: Amount | DN59: Sal | DO59: Ben | DP59: FTE % | DQ59: Amount | DR59: Sal | DS59: Ben | DT59: FTE % | DU59: Amount | DV59: Sal | DW59: Ben | DX59: FTE % | DY59: Amount | DZ59: Sal | EA59: Ben | EB59: FTE % | EC59: Amount | ED59: Sal | EE59: Ben | EF59: FTE % | EG59: Amount | EH59: Sal | EI59: Ben | EJ59: FTE % | EK59: Amount | EL59: Sal | EM59: Ben | EN59: FTE % | EO59: Amount | EP59: Sal | EQ59: Ben | ER59: FTE % | ES59: Amount | ET59: Sal | EU59: Ben | EV59: FTE % | EW59: Amount | EX59: Sal | EY59: Ben | EZ59: FTE % | FA59: Amount | FB59: Sal | FC59: Ben | FD59: FTE % | FE59: Amount | FF59: Sal | FG59: Ben | FH59: FTE % | FI59: Amount | FJ59: Sal | FK59: Ben | FL59: FTE % | FM59: Amount | FN59: Sal | FO59: Ben | FP59: FTE % | FQ59: Amount | FR59: Sal | FS59: Ben | FT59: FTE % | FU59: Amount | FV59: Sal | FW59: Ben | FX59: FTE % | FY59: Amount | FZ59: Sal | GA59: Ben | GB59: FTE % | GC59: Amount | GD59: Sal | GE59: Ben | GF59: FTE % | GG59: Amount | GH59: Sal | GI59: Ben | GJ59: FTE % | GK59: Amount | GL59: Sal | GM59: Ben | GN59: FTE % | GO59: Amount | GP59: Sal | GQ59: Ben | GR59: FTE % | GS59: Amount | GT59: Sal | GU59: Ben | GV59: FTE % | GW59: Amount | GX59: Sal | GY59: Ben | GZ59: FTE % | HA59: Amount | HB59: Sal | HC59: Ben | HD59: FTE % | HE59: Amount | HF59: Sal | HG59: Ben
F60: =E60*12 -> 0 | G60: =IF(C60="",0,IF(C60="50000",$G$4,IF(C60="50010",$G$5,IF(C60="50020",$G$6,IF(C60="50030",$G$7,IF(C60="50040",$G$8,IF(C60="50050",$G$9,IF(C60="50060",$G$10,IF(C60="50090",$G$11,IF(C60="50100",$G$12,IF(C60="50110",$G$13))))))))))) -> 0 | H60: 0 | I60: =F60*H60 -> 0 | J60: =F60*G60*H60 -> 0 | K60: =F60*(1+G60)*H60 -> 0 | L60: 0 | M60: =$K60*L60 -> 0 | N60: =$I60*L60 -> 0 | O60: =$J60*L60 -> 0 | P60: 0 | Q60: =$K60*P60 -> 0 | R60: =$I60*P60 -> 0 | S60: =$J60*P60 -> 0 | T60: 0 | U60: =$K60*T60 -> 0 | V60: =$I60*T60 -> 0 | W60: =$J60*T60 -> 0 | X60: 0 | Y60: =$K60*X60 -> 0 | Z60: =$I60*X60 -> 0 | AA60: =$J60*X60 -> 0 | AB60: 0 | AC60: =$K60*AB60 -> 0 | AD60: =$I60*AB60 -> 0 | AE60: =$J60*AB60 -> 0 | AF60: 0 | AG60: =$K60*AF60 -> 0 | AH60: =$I60*AF60 -> 0 | AI60: =$J60*AF60 -> 0 | AJ60: 0 | AK60: =$K60*AJ60 -> 0 | AL60: =$I60*AJ60 -> 0 | AM60: =$J60*AJ60 -> 0 | AN60: 0 | AO60: =$K60*AN60 -> 0 | AP60: =$I60*AN60 -> 0 | AQ60: =$J60*AN60 -> 0 | AR60: 0 | AS60: =$K60*AR60 -> 0 | AT60: =$I60*AR60 -> 0 | AU60: =$J60*AR60 -> 0 | AV60: 0 | AW60: =$K60*AV60 -> 0 | AX60: =$I60*AV60 -> 0 | AY60: =$J60*AV60 -> 0 | AZ60: 0 | BA60: =$K60*AZ60 -> 0 | BB60: =$I60*AZ60 -> 0 | BC60: =$J60*AZ60 -> 0 | BD60: 0 | BE60: =$K60*BD60 -> 0 | BF60: =$I60*BD60 -> 0 | BG60: =$J60*BD60 -> 0 | BH60: 0 | BI60: =$K60*BH60 -> 0 | BJ60: =$I60*BH60 -> 0 | BK60: =$J60*BH60 -> 0 | BL60: 0 | BM60: =$K60*BL60 -> 0 | BN60: =$I60*BL60 -> 0 | BO60: =$J60*BL60 -> 0 | BP60: 0 | BQ60: =$K60*BP60 -> 0 | BR60: =$I60*BP60 -> 0 | BS60: =$J60*BP60 -> 0 | BT60: 0 | BU60: =$K60*BT60 -> 0 | BV60: =$I60*BT60 -> 0 | BW60: =$J60*BT60 -> 0 | BX60: 0 | BY60: =$K60*BX60 -> 0 | BZ60: =$I60*BX60 -> 0 | CA60: =$J60*BX60 -> 0 | CB60: 0 | CC60: =$K60*CB60 -> 0 | CD60: =$I60*CB60 -> 0 | CE60: =$J60*CB60 -> 0 | CF60: 0 | CG60: =$K60*CF60 -> 0 | CH60: =$I60*CF60 -> 0 | CI60: =$J60*CF60 -> 0 | CJ60: 0 | CK60: =$K60*CJ60 -> 0 | CL60: =$I60*CJ60 -> 0 | CM60: =$J60*CJ60 -> 0 | CN60: 0 | CO60: =$K60*CN60 -> 0 | CP60: =$I60*CN60 -> 0 | CQ60: =$J60*CN60 -> 0 | CR60: 0 | CS60: =$K60*CR60 -> 0 | CT60: =$I60*CR60 -> 0 | CU60: =$J60*CR60 -> 0 | CV60: 0 | CW60: =$K60*CV60 -> 0 | CX60: =$I60*CV60 -> 0 | CY60: =$J60*CV60 -> 0 | CZ60: 0 | DA60: =$K60*CZ60 -> 0 | DB60: =$I60*CZ60 -> 0 | DC60: =$J60*CZ60 -> 0 | DD60: 0 | DE60: =$K60*DD60 -> 0 | DF60: =$I60*DD60 -> 0 | DG60: =$J60*DD60 -> 0 | DH60: 0 | DI60: =$K60*DH60 -> 0 | DJ60: =$I60*DH60 -> 0 | DK60: =$J60*DH60 -> 0 | DL60: 0 | DM60: =$K60*DL60 -> 0 | DN60: =$I60*DL60 -> 0 | DO60: =$J60*DL60 -> 0 | DP60: 0 | DQ60: =$K60*DP60 -> 0 | DR60: =$I60*DP60 -> 0 | DS60: =$J60*DP60 -> 0 | DT60: 0 | DU60: =$K60*DT60 -> 0 | DV60: =$I60*DT60 -> 0 | DW60: =$J60*DT60 -> 0 | DX60: 0 | DY60: =$K60*DX60 -> 0 | DZ60: =$I60*DX60 -> 0 | EA60: =$J60*DX60 -> 0 | EB60: 0 | EC60: =$K60*EB60 -> 0 | ED60: =$I60*EB60 -> 0 | EE60: =$J60*EB60 -> 0 | EF60: 0 | EG60: =$K60*EF60 -> 0 | EH60: =$I60*EF60 -> 0 | EI60: =$J60*EF60 -> 0 | EJ60: 0 | EK60: =$K60*EJ60 -> 0 | EL60: =$I60*EJ60 -> 0 | EM60: =$J60*EJ60 -> 0 | EN60: 0 | EO60: =$K60*EN60 -> 0 | EP60: =$I60*EN60 -> 0 | EQ60: =$J60*EN60 -> 0 | ER60: 0 | ES60: =$K60*ER60 -> 0 | ET60: =$I60*ER60 -> 0 | EU60: =$J60*ER60 -> 0 | EV60: 0 | EW60: =$K60*EV60 -> 0 | EX60: =$I60*EV60 -> 0 | EY60: =$J60*EV60 -> 0 | EZ60: 0 | FA60: =$K60*EZ60 -> 0 | FB60: =$I60*EZ60 -> 0 | FC60: =$J60*EZ60 -> 0 | FD60: 0 | FE60: =$K60*FD60 -> 0 | FF60: =$I60*FD60 -> 0 | FG60: =$J60*FD60 -> 0 | FH60: 0 | FI60: =$K60*FH60 -> 0 | FJ60: =$I60*FH60 -> 0 | FK60: =$J60*FH60 -> 0 | FL60: 0 | FM60: =$K60*FL60 -> 0 | FN60: =$I60*FL60 -> 0 | FO60: =$J60*FL60 -> 0 | FP60: 0 | FQ60: =$K60*FP60 -> 0 | FR60: =$I60*FP60 -> 0 | FS60: =$J60*FP60 -> 0 | FT60: 0 | FU60: =$K60*FT60 -> 0 | FV60: =$I60*FT60 -> 0 | FW60: =$J60*FT60 -> 0 | FX60: 0 | FY60: =$K60*FX60 -> 0 | FZ60: =$I60*FX60 -> 0 | GA60: =$J60*FX60 -> 0 | GB60: 0 | GC60: =$K60*GB60 -> 0 | GD60: =$I60*GB60 -> 0 | GE60: =$J60*GB60 -> 0 | GF60: 0 | GG60: =$K60*GF60 -> 0 | GH60: =$I60*GF60 -> 0 | GI60: =$J60*GF60 -> 0 | GJ60: 0 | GK60: =$K60*GJ60 -> 0 | GL60: =$I60*GJ60 -> 0 | GM60: =$J60*GJ60 -> 0 | GN60: 0 | GO60: =$K60*GN60 -> 0 | GP60: =$I60*GN60 -> 0 | GQ60: =$J60*GN60 -> 0 | GR60: 0 | GS60: =$K60*GR60 -> 0 | GT60: =$I60*GR60 -> 0 | GU60: =$J60*GR60 -> 0 | GV60: 0 | GW60: =$K60*GV60 -> 0 | GX60: =$I60*GV60 -> 0 | GY60: =$J60*GV60 -> 0 | GZ60: 0 | HA60: =$K60*GZ60 -> 0 | HB60: =$I60*GZ60 -> 0 | HC60: =$J60*GZ60 -> 0 | HD60: 0 | HE60: =$K60*HD60 -> 0 | HF60: =$I60*HD60 -> 0 | HG60: =$J60*HD60 -> 0 | HI60: =L60+P60+T60+X60+AB60+AF60+AJ60+AN60+AR60+AV60+AZ60+BD60+BH60+BL60+BP60+BT60+BX60+CB60+CF60+CJ60+CN60+CR60+CV60+CZ60+DD60+DH60+DL60+DP60+DT60+DX60+EB60+EF60+EJ60+EN60+ER60+EV60+EZ60+FD60+FH60+FL60+FP60+FT60+FX60+GB60+GF60+GJ60+GN60+GR60+GV60+GZ60+HD60 -> 0 | HJ60: =M60+Q60+U60+Y60+AC60+AG60+AK60+AO60+AS60+AW60+BA60+BE60+BI60+BM60+BQ60+BU60+BY60+CC60+CG60+CK60+CO60+CS60+CW60+DA60+DE60+DI60+DM60+DQ60+DU60+DY60+EC60+EG60+EK60+EO60+ES60+EW60+FA60+FE60+FI60+FM60+FQ60+FU60+FY60+GC60+GG60+GK60+GO60+GS60+GW60+HA60+HE60 -> 0 | HK60: =HJ60-K60 -> 0
F61: =E61*12 -> 0 | G61: =IF(C61="",0,IF(C61="50000",$G$4,IF(C61="50010",$G$5,IF(C61="50020",$G$6,IF(C61="50030",$G$7,IF(C61="50040",$G$8,IF(C61="50050",$G$9,IF(C61="50060",$G$10,IF(C61="50090",$G$11,IF(C61="50100",$G$12,IF(C61="50110",$G$13))))))))))) -> 0 | H61: 0 | I61: =F61*H61 -> 0 | J61: =F61*G61*H61 -> 0 | K61: =F61*(1+G61)*H61 -> 0 | L61: 0 | M61: =$K61*L61 -> 0 | N61: =$I61*L61 -> 0 | O61: =$J61*L61 -> 0 | P61: 0 | Q61: =$K61*P61 -> 0 | R61: =$I61*P61 -> 0 | S61: =$J61*P61 -> 0 | T61: 0 | U61: =$K61*T61 -> 0 | V61: =$I61*T61 -> 0 | W61: =$J61*T61 -> 0 | X61: 0 | Y61: =$K61*X61 -> 0 | Z61: =$I61*X61 -> 0 | AA61: =$J61*X61 -> 0 | AB61: 0 | AC61: =$K61*AB61 -> 0 | AD61: =$I61*AB61 -> 0 | AE61: =$J61*AB61 -> 0 | AF61: 0 | AG61: =$K61*AF61 -> 0 | AH61: =$I61*AF61 -> 0 | AI61: =$J61*AF61 -> 0 | AJ61: 0 | AK61: =$K61*AJ61 -> 0 | AL61: =$I61*AJ61 -> 0 | AM61: =$J61*AJ61 -> 0 | AN61: 0 | AO61: =$K61*AN61 -> 0 | AP61: =$I61*AN61 -> 0 | AQ61: =$J61*AN61 -> 0 | AR61: 0 | AS61: =$K61*AR61 -> 0 | AT61: =$I61*AR61 -> 0 | AU61: =$J61*AR61 -> 0 | AV61: 0 | AW61: =$K61*AV61 -> 0 | AX61: =$I61*AV61 -> 0 | AY61: =$J61*AV61 -> 0 | AZ61: 0 | BA61: =$K61*AZ61 -> 0 | BB61: =$I61*AZ61 -> 0 | BC61: =$J61*AZ61 -> 0 | BD61: 0 | BE61: =$K61*BD61 -> 0 | BF61: =$I61*BD61 -> 0 | BG61: =$J61*BD61 -> 0 | BH61: 0 | BI61: =$K61*BH61 -> 0 | BJ61: =$I61*BH61 -> 0 | BK61: =$J61*BH61 -> 0 | BL61: 0 | BM61: =$K61*BL61 -> 0 | BN61: =$I61*BL61 -> 0 | BO61: =$J61*BL61 -> 0 | BP61: 0 | BQ61: =$K61*BP61 -> 0 | BR61: =$I61*BP61 -> 0 | BS61: =$J61*BP61 -> 0 | BT61: 0 | BU61: =$K61*BT61 -> 0 | BV61: =$I61*BT61 -> 0 | BW61: =$J61*BT61 -> 0 | BX61: 0 | BY61: =$K61*BX61 -> 0 | BZ61: =$I61*BX61 -> 0 | CA61: =$J61*BX61 -> 0 | CB61: 0 | CC61: =$K61*CB61 -> 0 | CD61: =$I61*CB61 -> 0 | CE61: =$J61*CB61 -> 0 | CF61: 0 | CG61: =$K61*CF61 -> 0 | CH61: =$I61*CF61 -> 0 | CI61: =$J61*CF61 -> 0 | CJ61: 0 | CK61: =$K61*CJ61 -> 0 | CL61: =$I61*CJ61 -> 0 | CM61: =$J61*CJ61 -> 0 | CN61: 0 | CO61: =$K61*CN61 -> 0 | CP61: =$I61*CN61 -> 0 | CQ61: =$J61*CN61 -> 0 | CR61: 0 | CS61: =$K61*CR61 -> 0 | CT61: =$I61*CR61 -> 0 | CU61: =$J61*CR61 -> 0 | CV61: 0 | CW61: =$K61*CV61 -> 0 | CX61: =$I61*CV61 -> 0 | CY61: =$J61*CV61 -> 0 | CZ61: 0 | DA61: =$K61*CZ61 -> 0 | DB61: =$I61*CZ61 -> 0 | DC61: =$J61*CZ61 -> 0 | DD61: 0 | DE61: =$K61*DD61 -> 0 | DF61: =$I61*DD61 -> 0 | DG61: =$J61*DD61 -> 0 | DH61: 0 | DI61: =$K61*DH61 -> 0 | DJ61: =$I61*DH61 -> 0 | DK61: =$J61*DH61 -> 0 | DL61: 0 | DM61: =$K61*DL61 -> 0 | DN61: =$I61*DL61 -> 0 | DO61: =$J61*DL61 -> 0 | DP61: 0 | DQ61: =$K61*DP61 -> 0 | DR61: =$I61*DP61 -> 0 | DS61: =$J61*DP61 -> 0 | DT61: 0 | DU61: =$K61*DT61 -> 0 | DV61: =$I61*DT61 -> 0 | DW61: =$J61*DT61 -> 0 | DX61: 0 | DY61: =$K61*DX61 -> 0 | DZ61: =$I61*DX61 -> 0 | EA61: =$J61*DX61 -> 0 | EB61: 0 | EC61: =$K61*EB61 -> 0 | ED61: =$I61*EB61 -> 0 | EE61: =$J61*EB61 -> 0 | EF61: 0 | EG61: =$K61*EF61 -> 0 | EH61: =$I61*EF61 -> 0 | EI61: =$J61*EF61 -> 0 | EJ61: 0 | EK61: =$K61*EJ61 -> 0 | EL61: =$I61*EJ61 -> 0 | EM61: =$J61*EJ61 -> 0 | EN61: 0 | EO61: =$K61*EN61 -> 0 | EP61: =$I61*EN61 -> 0 | EQ61: =$J61*EN61 -> 0 | ER61: 0 | ES61: =$K61*ER61 -> 0 | ET61: =$I61*ER61 -> 0 | EU61: =$J61*ER61 -> 0 | EV61: 0 | EW61: =$K61*EV61 -> 0 | EX61: =$I61*EV61 -> 0 | EY61: =$J61*EV61 -> 0 | EZ61: 0 | FA61: =$K61*EZ61 -> 0 | FB61: =$I61*EZ61 -> 0 | FC61: =$J61*EZ61 -> 0 | FD61: 0 | FE61: =$K61*FD61 -> 0 | FF61: =$I61*FD61 -> 0 | FG61: =$J61*FD61 -> 0 | FH61: 0 | FI61: =$K61*FH61 -> 0 | FJ61: =$I61*FH61 -> 0 | FK61: =$J61*FH61 -> 0 | FL61: 0 | FM61: =$K61*FL61 -> 0 | FN61: =$I61*FL61 -> 0 | FO61: =$J61*FL61 -> 0 | FP61: 0 | FQ61: =$K61*FP61 -> 0 | FR61: =$I61*FP61 -> 0 | FS61: =$J61*FP61 -> 0 | FT61: 0 | FU61: =$K61*FT61 -> 0 | FV61: =$I61*FT61 -> 0 | FW61: =$J61*FT61 -> 0 | FX61: 0 | FY61: =$K61*FX61 -> 0 | FZ61: =$I61*FX61 -> 0 | GA61: =$J61*FX61 -> 0 | GB61: 0 | GC61: =$K61*GB61 -> 0 | GD61: =$I61*GB61 -> 0 | GE61: =$J61*GB61 -> 0 | GF61: 0 | GG61: =$K61*GF61 -> 0 | GH61: =$I61*GF61 -> 0 | GI61: =$J61*GF61 -> 0 | GJ61: 0 | GK61: =$K61*GJ61 -> 0 | GL61: =$I61*GJ61 -> 0 | GM61: =$J61*GJ61 -> 0 | GN61: 0 | GO61: =$K61*GN61 -> 0 | GP61: =$I61*GN61 -> 0 | GQ61: =$J61*GN61 -> 0 | GR61: 0 | GS61: =$K61*GR61 -> 0 | GT61: =$I61*GR61 -> 0 | GU61: =$J61*GR61 -> 0 | GV61: 0 | GW61: =$K61*GV61 -> 0 | GX61: =$I61*GV61 -> 0 | GY61: =$J61*GV61 -> 0 | GZ61: 0 | HA61: =$K61*GZ61 -> 0 | HB61: =$I61*GZ61 -> 0 | HC61: =$J61*GZ61 -> 0 | HD61: 0 | HE61: =$K61*HD61 -> 0 | HF61: =$I61*HD61 -> 0 | HG61: =$J61*HD61 -> 0 | HI61: =L61+P61+T61+X61+AB61+AF61+AJ61+AN61+AR61+AV61+AZ61+BD61+BH61+BL61+BP61+BT61+BX61+CB61+CF61+CJ61+CN61+CR61+CV61+CZ61+DD61+DH61+DL61+DP61+DT61+DX61+EB61+EF61+EJ61+EN61+ER61+EV61+EZ61+FD61+FH61+FL61+FP61+FT61+FX61+GB61+GF61+GJ61+GN61+GR61+GV61+GZ61+HD61 -> 0 | HJ61: =M61+Q61+U61+Y61+AC61+AG61+AK61+AO61+AS61+AW61+BA61+BE61+BI61+BM61+BQ61+BU61+BY61+CC61+CG61+CK61+CO61+CS61+CW61+DA61+DE61+DI61+DM61+DQ61+DU61+DY61+EC61+EG61+EK61+EO61+ES61+EW61+FA61+FE61+FI61+FM61+FQ61+FU61+FY61+GC61+GG61+GK61+GO61+GS61+GW61+HA61+HE61 -> 0 | HK61: =HJ61-K61 -> 0
F62: =E62*12 -> 0 | G62: =IF(C62="",0,IF(C62="50000",$G$4,IF(C62="50010",$G$5,IF(C62="50020",$G$6,IF(C62="50030",$G$7,IF(C62="50040",$G$8,IF(C62="50050",$G$9,IF(C62="50060",$G$10,IF(C62="50090",$G$11,IF(C62="50100",$G$12,IF(C62="50110",$G$13))))))))))) -> 0 | H62: 0 | I62: =F62*H62 -> 0 | J62: =F62*G62*H62 -> 0 | K62: =F62*(1+G62)*H62 -> 0 | L62: 0 | M62: =$K62*L62 -> 0 | N62: =$I62*L62 -> 0 | O62: =$J62*L62 -> 0 | P62: 0 | Q62: =$K62*P62 -> 0 | R62: =$I62*P62 -> 0 | S62: =$J62*P62 -> 0 | T62: 0 | U62: =$K62*T62 -> 0 | V62: =$I62*T62 -> 0 | W62: =$J62*T62 -> 0 | X62: 0 | Y62: =$K62*X62 -> 0 | Z62: =$I62*X62 -> 0 | AA62: =$J62*X62 -> 0 | AB62: 0 | AC62: =$K62*AB62 -> 0 | AD62: =$I62*AB62 -> 0 | AE62: =$J62*AB62 -> 0 | AF62: 0 | AG62: =$K62*AF62 -> 0 | AH62: =$I62*AF62 -> 0 | AI62: =$J62*AF62 -> 0 | AJ62: 0 | AK62: =$K62*AJ62 -> 0 | AL62: =$I62*AJ62 -> 0 | AM62: =$J62*AJ62 -> 0 | AN62: 0 | AO62: =$K62*AN62 -> 0 | AP62: =$I62*AN62 -> 0 | AQ62: =$J62*AN62 -> 0 | AR62: 0 | AS62: =$K62*AR62 -> 0 | AT62: =$I62*AR62 -> 0 | AU62: =$J62*AR62 -> 0 | AV62: 0 | AW62: =$K62*AV62 -> 0 | AX62: =$I62*AV62 -> 0 | AY62: =$J62*AV62 -> 0 | AZ62: 0 | BA62: =$K62*AZ62 -> 0 | BB62: =$I62*AZ62 -> 0 | BC62: =$J62*AZ62 -> 0 | BD62: 0 | BE62: =$K62*BD62 -> 0 | BF62: =$I62*BD62 -> 0 | BG62: =$J62*BD62 -> 0 | BH62: 0 | BI62: =$K62*BH62 -> 0 | BJ62: =$I62*BH62 -> 0 | BK62: =$J62*BH62 -> 0 | BL62: 0 | BM62: =$K62*BL62 -> 0 | BN62: =$I62*BL62 -> 0 | BO62: =$J62*BL62 -> 0 | BP62: 0 | BQ62: =$K62*BP62 -> 0 | BR62: =$I62*BP62 -> 0 | BS62: =$J62*BP62 -> 0 | BT62: 0 | BU62: =$K62*BT62 -> 0 | BV62: =$I62*BT62 -> 0 | BW62: =$J62*BT62 -> 0 | BX62: 0 | BY62: =$K62*BX62 -> 0 | BZ62: =$I62*BX62 -> 0 | CA62: =$J62*BX62 -> 0 | CB62: 0 | CC62: =$K62*CB62 -> 0 | CD62: =$I62*CB62 -> 0 | CE62: =$J62*CB62 -> 0 | CF62: 0 | CG62: =$K62*CF62 -> 0 | CH62: =$I62*CF62 -> 0 | CI62: =$J62*CF62 -> 0 | CJ62: 0 | CK62: =$K62*CJ62 -> 0 | CL62: =$I62*CJ62 -> 0 | CM62: =$J62*CJ62 -> 0 | CN62: 0 | CO62: =$K62*CN62 -> 0 | CP62: =$I62*CN62 -> 0 | CQ62: =$J62*CN62 -> 0 | CR62: 0 | CS62: =$K62*CR62 -> 0 | CT62: =$I62*CR62 -> 0 | CU62: =$J62*CR62 -> 0 | CV62: 0 | CW62: =$K62*CV62 -> 0 | CX62: =$I62*CV62 -> 0 | CY62: =$J62*CV62 -> 0 | CZ62: 0 | DA62: =$K62*CZ62 -> 0 | DB62: =$I62*CZ62 -> 0 | DC62: =$J62*CZ62 -> 0 | DD62: 0 | DE62: =$K62*DD62 -> 0 | DF62: =$I62*DD62 -> 0 | DG62: =$J62*DD62 -> 0 | DH62: 0 | DI62: =$K62*DH62 -> 0 | DJ62: =$I62*DH62 -> 0 | DK62: =$J62*DH62 -> 0 | DL62: 0 | DM62: =$K62*DL62 -> 0 | DN62: =$I62*DL62 -> 0 | DO62: =$J62*DL62 -> 0 | DP62: 0 | DQ62: =$K62*DP62 -> 0 | DR62: =$I62*DP62 -> 0 | DS62: =$J62*DP62 -> 0 | DT62: 0 | DU62: =$K62*DT62 -> 0 | DV62: =$I62*DT62 -> 0 | DW62: =$J62*DT62 -> 0 | DX62: 0 | DY62: =$K62*DX62 -> 0 | DZ62: =$I62*DX62 -> 0 | EA62: =$J62*DX62 -> 0 | EB62: 0 | EC62: =$K62*EB62 -> 0 | ED62: =$I62*EB62 -> 0 | EE62: =$J62*EB62 -> 0 | EF62: 0 | EG62: =$K62*EF62 -> 0 | EH62: =$I62*EF62 -> 0 | EI62: =$J62*EF62 -> 0 | EJ62: 0 | EK62: =$K62*EJ62 -> 0 | EL62: =$I62*EJ62 -> 0 | EM62: =$J62*EJ62 -> 0 | EN62: 0 | EO62: =$K62*EN62 -> 0 | EP62: =$I62*EN62 -> 0 | EQ62: =$J62*EN62 -> 0 | ER62: 0 | ES62: =$K62*ER62 -> 0 | ET62: =$I62*ER62 -> 0 | EU62: =$J62*ER62 -> 0 | EV62: 0 | EW62: =$K62*EV62 -> 0 | EX62: =$I62*EV62 -> 0 | EY62: =$J62*EV62 -> 0 | EZ62: 0 | FA62: =$K62*EZ62 -> 0 | FB62: =$I62*EZ62 -> 0 | FC62: =$J62*EZ62 -> 0 | FD62: 0 | FE62: =$K62*FD62 -> 0 | FF62: =$I62*FD62 -> 0 | FG62: =$J62*FD62 -> 0 | FH62: 0 | FI62: =$K62*FH62 -> 0 | FJ62: =$I62*FH62 -> 0 | FK62: =$J62*FH62 -> 0 | FL62: 0 | FM62: =$K62*FL62 -> 0 | FN62: =$I62*FL62 -> 0 | FO62: =$J62*FL62 -> 0 | FP62: 0 | FQ62: =$K62*FP62 -> 0 | FR62: =$I62*FP62 -> 0 | FS62: =$J62*FP62 -> 0 | FT62: 0 | FU62: =$K62*FT62 -> 0 | FV62: =$I62*FT62 -> 0 | FW62: =$J62*FT62 -> 0 | FX62: 0 | FY62: =$K62*FX62 -> 0 | FZ62: =$I62*FX62 -> 0 | GA62: =$J62*FX62 -> 0 | GB62: 0 | GC62: =$K62*GB62 -> 0 | GD62: =$I62*GB62 -> 0 | GE62: =$J62*GB62 -> 0 | GF62: 0 | GG62: =$K62*GF62 -> 0 | GH62: =$I62*GF62 -> 0 | GI62: =$J62*GF62 -> 0 | GJ62: 0 | GK62: =$K62*GJ62 -> 0 | GL62: =$I62*GJ62 -> 0 | GM62: =$J62*GJ62 -> 0 | GN62: 0 | GO62: =$K62*GN62 -> 0 | GP62: =$I62*GN62 -> 0 | GQ62: =$J62*GN62 -> 0 | GR62: 0 | GS62: =$K62*GR62 -> 0 | GT62: =$I62*GR62 -> 0 | GU62: =$J62*GR62 -> 0 | GV62: 0 | GW62: =$K62*GV62 -> 0 | GX62: =$I62*GV62 -> 0 | GY62: =$J62*GV62 -> 0 | GZ62: 0 | HA62: =$K62*GZ62 -> 0 | HB62: =$I62*GZ62 -> 0 | HC62: =$J62*GZ62 -> 0 | HD62: 0 | HE62: =$K62*HD62 -> 0 | HF62: =$I62*HD62 -> 0 | HG62: =$J62*HD62 -> 0 | HI62: =L62+P62+T62+X62+AB62+AF62+AJ62+AN62+AR62+AV62+AZ62+BD62+BH62+BL62+BP62+BT62+BX62+CB62+CF62+CJ62+CN62+CR62+CV62+CZ62+DD62+DH62+DL62+DP62+DT62+DX62+EB62+EF62+EJ62+EN62+ER62+EV62+EZ62+FD62+FH62+FL62+FP62+FT62+FX62+GB62+GF62+GJ62+GN62+GR62+GV62+GZ62+HD62 -> 0 | HJ62: =M62+Q62+U62+Y62+AC62+AG62+AK62+AO62+AS62+AW62+BA62+BE62+BI62+BM62+BQ62+BU62+BY62+CC62+CG62+CK62+CO62+CS62+CW62+DA62+DE62+DI62+DM62+DQ62+DU62+DY62+EC62+EG62+EK62+EO62+ES62+EW62+FA62+FE62+FI62+FM62+FQ62+FU62+FY62+GC62+GG62+GK62+GO62+GS62+GW62+HA62+HE62 -> 0 | HK62: =HJ62-K62 -> 0
F63: =E63*12 -> 0 | G63: =IF(C63="",0,IF(C63="50000",$G$4,IF(C63="50010",$G$5,IF(C63="50020",$G$6,IF(C63="50030",$G$7,IF(C63="50040",$G$8,IF(C63="50050",$G$9,IF(C63="50060",$G$10,IF(C63="50090",$G$11,IF(C63="50100",$G$12,IF(C63="50110",$G$13))))))))))) -> 0 | H63: 0 | I63: =F63*H63 -> 0 | J63: =F63*G63*H63 -> 0 | K63: =F63*(1+G63)*H63 -> 0 | L63: 0 | M63: =$K63*L63 -> 0 | N63: =$I63*L63 -> 0 | O63: =$J63*L63 -> 0 | P63: 0 | Q63: =$K63*P63 -> 0 | R63: =$I63*P63 -> 0 | S63: =$J63*P63 -> 0 | T63: 0 | U63: =$K63*T63 -> 0 | V63: =$I63*T63 -> 0 | W63: =$J63*T63 -> 0 | X63: 0 | Y63: =$K63*X63 -> 0 | Z63: =$I63*X63 -> 0 | AA63: =$J63*X63 -> 0 | AB63: 0 | AC63: =$K63*AB63 -> 0 | AD63: =$I63*AB63 -> 0 | AE63: =$J63*AB63 -> 0 | AF63: 0 | AG63: =$K63*AF63 -> 0 | AH63: =$I63*AF63 -> 0 | AI63: =$J63*AF63 -> 0 | AJ63: 0 | AK63: =$K63*AJ63 -> 0 | AL63: =$I63*AJ63 -> 0 | AM63: =$J63*AJ63 -> 0 | AN63: 0 | AO63: =$K63*AN63 -> 0 | AP63: =$I63*AN63 -> 0 | AQ63: =$J63*AN63 -> 0 | AR63: 0 | AS63: =$K63*AR63 -> 0 | AT63: =$I63*AR63 -> 0 | AU63: =$J63*AR63 -> 0 | AV63: 0 | AW63: =$K63*AV63 -> 0 | AX63: =$I63*AV63 -> 0 | AY63: =$J63*AV63 -> 0 | AZ63: 0 | BA63: =$K63*AZ63 -> 0 | BB63: =$I63*AZ63 -> 0 | BC63: =$J63*AZ63 -> 0 | BD63: 0 | BE63: =$K63*BD63 -> 0 | BF63: =$I63*BD63 -> 0 | BG63: =$J63*BD63 -> 0 | BH63: 0 | BI63: =$K63*BH63 -> 0 | BJ63: =$I63*BH63 -> 0 | BK63: =$J63*BH63 -> 0 | BL63: 0 | BM63: =$K63*BL63 -> 0 | BN63: =$I63*BL63 -> 0 | BO63: =$J63*BL63 -> 0 | BP63: 0 | BQ63: =$K63*BP63 -> 0 | BR63: =$I63*BP63 -> 0 | BS63: =$J63*BP63 -> 0 | BT63: 0 | BU63: =$K63*BT63 -> 0 | BV63: =$I63*BT63 -> 0 | BW63: =$J63*BT63 -> 0 | BX63: 0 | BY63: =$K63*BX63 -> 0 | BZ63: =$I63*BX63 -> 0 | CA63: =$J63*BX63 -> 0 | CB63: 0 | CC63: =$K63*CB63 -> 0 | CD63: =$I63*CB63 -> 0 | CE63: =$J63*CB63 -> 0 | CF63: 0 | CG63: =$K63*CF63 -> 0 | CH63: =$I63*CF63 -> 0 | CI63: =$J63*CF63 -> 0 | CJ63: 0 | CK63: =$K63*CJ63 -> 0 | CL63: =$I63*CJ63 -> 0 | CM63: =$J63*CJ63 -> 0 | CN63: 0 | CO63: =$K63*CN63 -> 0 | CP63: =$I63*CN63 -> 0 | CQ63: =$J63*CN63 -> 0 | CR63: 0 | CS63: =$K63*CR63 -> 0 | CT63: =$I63*CR63 -> 0 | CU63: =$J63*CR63 -> 0 | CV63: 0 | CW63: =$K63*CV63 -> 0 | CX63: =$I63*CV63 -> 0 | CY63: =$J63*CV63 -> 0 | CZ63: 0 | DA63: =$K63*CZ63 -> 0 | DB63: =$I63*CZ63 -> 0 | DC63: =$J63*CZ63 -> 0 | DD63: 0 | DE63: =$K63*DD63 -> 0 | DF63: =$I63*DD63 -> 0 | DG63: =$J63*DD63 -> 0 | DH63: 0 | DI63: =$K63*DH63 -> 0 | DJ63: =$I63*DH63 -> 0 | DK63: =$J63*DH63 -> 0 | DL63: 0 | DM63: =$K63*DL63 -> 0 | DN63: =$I63*DL63 -> 0 | DO63: =$J63*DL63 -> 0 | DP63: 0 | DQ63: =$K63*DP63 -> 0 | DR63: =$I63*DP63 -> 0 | DS63: =$J63*DP63 -> 0 | DT63: 0 | DU63: =$K63*DT63 -> 0 | DV63: =$I63*DT63 -> 0 | DW63: =$J63*DT63 -> 0 | DX63: 0 | DY63: =$K63*DX63 -> 0 | DZ63: =$I63*DX63 -> 0 | EA63: =$J63*DX63 -> 0 | EB63: 0 | EC63: =$K63*EB63 -> 0 | ED63: =$I63*EB63 -> 0 | EE63: =$J63*EB63 -> 0 | EF63: 0 | EG63: =$K63*EF63 -> 0 | EH63: =$I63*EF63 -> 0 | EI63: =$J63*EF63 -> 0 | EJ63: 0 | EK63: =$K63*EJ63 -> 0 | EL63: =$I63*EJ63 -> 0 | EM63: =$J63*EJ63 -> 0 | EN63: 0 | EO63: =$K63*EN63 -> 0 | EP63: =$I63*EN63 -> 0 | EQ63: =$J63*EN63 -> 0 | ER63: 0 | ES63: =$K63*ER63 -> 0 | ET63: =$I63*ER63 -> 0 | EU63: =$J63*ER63 -> 0 | EV63: 0 | EW63: =$K63*EV63 -> 0 | EX63: =$I63*EV63 -> 0 | EY63: =$J63*EV63 -> 0 | EZ63: 0 | FA63: =$K63*EZ63 -> 0 | FB63: =$I63*EZ63 -> 0 | FC63: =$J63*EZ63 -> 0 | FD63: 0 | FE63: =$K63*FD63 -> 0 | FF63: =$I63*FD63 -> 0 | FG63: =$J63*FD63 -> 0 | FH63: 0 | FI63: =$K63*FH63 -> 0 | FJ63: =$I63*FH63 -> 0 | FK63: =$J63*FH63 -> 0 | FL63: 0 | FM63: =$K63*FL63 -> 0 | FN63: =$I63*FL63 -> 0 | FO63: =$J63*FL63 -> 0 | FP63: 0 | FQ63: =$K63*FP63 -> 0 | FR63: =$I63*FP63 -> 0 | FS63: =$J63*FP63 -> 0 | FT63: 0 | FU63: =$K63*FT63 -> 0 | FV63: =$I63*FT63 -> 0 | FW63: =$J63*FT63 -> 0 | FX63: 0 | FY63: =$K63*FX63 -> 0 | FZ63: =$I63*FX63 -> 0 | GA63: =$J63*FX63 -> 0 | GB63: 0 | GC63: =$K63*GB63 -> 0 | GD63: =$I63*GB63 -> 0 | GE63: =$J63*GB63 -> 0 | GF63: 0 | GG63: =$K63*GF63 -> 0 | GH63: =$I63*GF63 -> 0 | GI63: =$J63*GF63 -> 0 | GJ63: 0 | GK63: =$K63*GJ63 -> 0 | GL63: =$I63*GJ63 -> 0 | GM63: =$J63*GJ63 -> 0 | GN63: 0 | GO63: =$K63*GN63 -> 0 | GP63: =$I63*GN63 -> 0 | GQ63: =$J63*GN63 -> 0 | GR63: 0 | GS63: =$K63*GR63 -> 0 | GT63: =$I63*GR63 -> 0 | GU63: =$J63*GR63 -> 0 | GV63: 0 | GW63: =$K63*GV63 -> 0 | GX63: =$I63*GV63 -> 0 | GY63: =$J63*GV63 -> 0 | GZ63: 0 | HA63: =$K63*GZ63 -> 0 | HB63: =$I63*GZ63 -> 0 | HC63: =$J63*GZ63 -> 0 | HD63: 0 | HE63: =$K63*HD63 -> 0 | HF63: =$I63*HD63 -> 0 | HG63: =$J63*HD63 -> 0 | HI63: =L63+P63+T63+X63+AB63+AF63+AJ63+AN63+AR63+AV63+AZ63+BD63+BH63+BL63+BP63+BT63+BX63+CB63+CF63+CJ63+CN63+CR63+CV63+CZ63+DD63+DH63+DL63+DP63+DT63+DX63+EB63+EF63+EJ63+EN63+ER63+EV63+EZ63+FD63+FH63+FL63+FP63+FT63+FX63+GB63+GF63+GJ63+GN63+GR63+GV63+GZ63+HD63 -> 0 | HJ63: =M63+Q63+U63+Y63+AC63+AG63+AK63+AO63+AS63+AW63+BA63+BE63+BI63+BM63+BQ63+BU63+BY63+CC63+CG63+CK63+CO63+CS63+CW63+DA63+DE63+DI63+DM63+DQ63+DU63+DY63+EC63+EG63+EK63+EO63+ES63+EW63+FA63+FE63+FI63+FM63+FQ63+FU63+FY63+GC63+GG63+GK63+GO63+GS63+GW63+HA63+HE63 -> 0 | HK63: =HJ63-K63 -> 0
F64: =E64*12 -> 0 | G64: =IF(C64="",0,IF(C64="50000",$G$4,IF(C64="50010",$G$5,IF(C64="50020",$G$6,IF(C64="50030",$G$7,IF(C64="50040",$G$8,IF(C64="50050",$G$9,IF(C64="50060",$G$10,IF(C64="50090",$G$11,IF(C64="50100",$G$12,IF(C64="50110",$G$13))))))))))) -> 0 | H64: 0 | I64: =F64*H64 -> 0 | J64: =F64*G64*H64 -> 0 | K64: =F64*(1+G64)*H64 -> 0 | L64: 0 | M64: =$K64*L64 -> 0 | N64: =$I64*L64 -> 0 | O64: =$J64*L64 -> 0 | P64: 0 | Q64: =$K64*P64 -> 0 | R64: =$I64*P64 -> 0 | S64: =$J64*P64 -> 0 | T64: 0 | U64: =$K64*T64 -> 0 | V64: =$I64*T64 -> 0 | W64: =$J64*T64 -> 0 | X64: 0 | Y64: =$K64*X64 -> 0 | Z64: =$I64*X64 -> 0 | AA64: =$J64*X64 -> 0 | AB64: 0 | AC64: =$K64*AB64 -> 0 | AD64: =$I64*AB64 -> 0 | AE64: =$J64*AB64 -> 0 | AF64: 0 | AG64: =$K64*AF64 -> 0 | AH64: =$I64*AF64 -> 0 | AI64: =$J64*AF64 -> 0 | AJ64: 0 | AK64: =$K64*AJ64 -> 0 | AL64: =$I64*AJ64 -> 0 | AM64: =$J64*AJ64 -> 0 | AN64: 0 | AO64: =$K64*AN64 -> 0 | AP64: =$I64*AN64 -> 0 | AQ64: =$J64*AN64 -> 0 | AR64: 0 | AS64: =$K64*AR64 -> 0 | AT64: =$I64*AR64 -> 0 | AU64: =$J64*AR64 -> 0 | AV64: 0 | AW64: =$K64*AV64 -> 0 | AX64: =$I64*AV64 -> 0 | AY64: =$J64*AV64 -> 0 | AZ64: 0 | BA64: =$K64*AZ64 -> 0 | BB64: =$I64*AZ64 -> 0 | BC64: =$J64*AZ64 -> 0 | BD64: 0 | BE64: =$K64*BD64 -> 0 | BF64: =$I64*BD64 -> 0 | BG64: =$J64*BD64 -> 0 | BH64: 0 | BI64: =$K64*BH64 -> 0 | BJ64: =$I64*BH64 -> 0 | BK64: =$J64*BH64 -> 0 | BL64: 0 | BM64: =$K64*BL64 -> 0 | BN64: =$I64*BL64 -> 0 | BO64: =$J64*BL64 -> 0 | BP64: 0 | BQ64: =$K64*BP64 -> 0 | BR64: =$I64*BP64 -> 0 | BS64: =$J64*BP64 -> 0 | BT64: 0 | BU64: =$K64*BT64 -> 0 | BV64: =$I64*BT64 -> 0 | BW64: =$J64*BT64 -> 0 | BX64: 0 | BY64: =$K64*BX64 -> 0 | BZ64: =$I64*BX64 -> 0 | CA64: =$J64*BX64 -> 0 | CB64: 0 | CC64: =$K64*CB64 -> 0 | CD64: =$I64*CB64 -> 0 | CE64: =$J64*CB64 -> 0 | CF64: 0 | CG64: =$K64*CF64 -> 0 | CH64: =$I64*CF64 -> 0 | CI64: =$J64*CF64 -> 0 | CJ64: 0 | CK64: =$K64*CJ64 -> 0 | CL64: =$I64*CJ64 -> 0 | CM64: =$J64*CJ64 -> 0 | CN64: 0 | CO64: =$K64*CN64 -> 0 | CP64: =$I64*CN64 -> 0 | CQ64: =$J64*CN64 -> 0 | CR64: 0 | CS64: =$K64*CR64 -> 0 | CT64: =$I64*CR64 -> 0 | CU64: =$J64*CR64 -> 0 | CV64: 0 | CW64: =$K64*CV64 -> 0 | CX64: =$I64*CV64 -> 0 | CY64: =$J64*CV64 -> 0 | CZ64: 0 | DA64: =$K64*CZ64 -> 0 | DB64: =$I64*CZ64 -> 0 | DC64: =$J64*CZ64 -> 0 | DD64: 0 | DE64: =$K64*DD64 -> 0 | DF64: =$I64*DD64 -> 0 | DG64: =$J64*DD64 -> 0 | DH64: 0 | DI64: =$K64*DH64 -> 0 | DJ64: =$I64*DH64 -> 0 | DK64: =$J64*DH64 -> 0 | DL64: 0 | DM64: =$K64*DL64 -> 0 | DN64: =$I64*DL64 -> 0 | DO64: =$J64*DL64 -> 0 | DP64: 0 | DQ64: =$K64*DP64 -> 0 | DR64: =$I64*DP64 -> 0 | DS64: =$J64*DP64 -> 0 | DT64: 0 | DU64: =$K64*DT64 -> 0 | DV64: =$I64*DT64 -> 0 | DW64: =$J64*DT64 -> 0 | DX64: 0 | DY64: =$K64*DX64 -> 0 | DZ64: =$I64*DX64 -> 0 | EA64: =$J64*DX64 -> 0 | EB64: 0 | EC64: =$K64*EB64 -> 0 | ED64: =$I64*EB64 -> 0 | EE64: =$J64*EB64 -> 0 | EF64: 0 | EG64: =$K64*EF64 -> 0 | EH64: =$I64*EF64 -> 0 | EI64: =$J64*EF64 -> 0 | EJ64: 0 | EK64: =$K64*EJ64 -> 0 | EL64: =$I64*EJ64 -> 0 | EM64: =$J64*EJ64 -> 0 | EN64: 0 | EO64: =$K64*EN64 -> 0 | EP64: =$I64*EN64 -> 0 | EQ64: =$J64*EN64 -> 0 | ER64: 0 | ES64: =$K64*ER64 -> 0 | ET64: =$I64*ER64 -> 0 | EU64: =$J64*ER64 -> 0 | EV64: 0 | EW64: =$K64*EV64 -> 0 | EX64: =$I64*EV64 -> 0 | EY64: =$J64*EV64 -> 0 | EZ64: 0 | FA64: =$K64*EZ64 -> 0 | FB64: =$I64*EZ64 -> 0 | FC64: =$J64*EZ64 -> 0 | FD64: 0 | FE64: =$K64*FD64 -> 0 | FF64: =$I64*FD64 -> 0 | FG64: =$J64*FD64 -> 0 | FH64: 0 | FI64: =$K64*FH64 -> 0 | FJ64: =$I64*FH64 -> 0 | FK64: =$J64*FH64 -> 0 | FL64: 0 | FM64: =$K64*FL64 -> 0 | FN64: =$I64*FL64 -> 0 | FO64: =$J64*FL64 -> 0 | FP64: 0 | FQ64: =$K64*FP64 -> 0 | FR64: =$I64*FP64 -> 0 | FS64: =$J64*FP64 -> 0 | FT64: 0 | FU64: =$K64*FT64 -> 0 | FV64: =$I64*FT64 -> 0 | FW64: =$J64*FT64 -> 0 | FX64: 0 | FY64: =$K64*FX64 -> 0 | FZ64: =$I64*FX64 -> 0 | GA64: =$J64*FX64 -> 0 | GB64: 0 | GC64: =$K64*GB64 -> 0 | GD64: =$I64*GB64 -> 0 | GE64: =$J64*GB64 -> 0 | GF64: 0 | GG64: =$K64*GF64 -> 0 | GH64: =$I64*GF64 -> 0 | GI64: =$J64*GF64 -> 0 | GJ64: 0 | GK64: =$K64*GJ64 -> 0 | GL64: =$I64*GJ64 -> 0 | GM64: =$J64*GJ64 -> 0 | GN64: 0 | GO64: =$K64*GN64 -> 0 | GP64: =$I64*GN64 -> 0 | GQ64: =$J64*GN64 -> 0 | GR64: 0 | GS64: =$K64*GR64 -> 0 | GT64: =$I64*GR64 -> 0 | GU64: =$J64*GR64 -> 0 | GV64: 0 | GW64: =$K64*GV64 -> 0 | GX64: =$I64*GV64 -> 0 | GY64: =$J64*GV64 -> 0 | GZ64: 0 | HA64: =$K64*GZ64 -> 0 | HB64: =$I64*GZ64 -> 0 | HC64: =$J64*GZ64 -> 0 | HD64: 0 | HE64: =$K64*HD64 -> 0 | HF64: =$I64*HD64 -> 0 | HG64: =$J64*HD64 -> 0 | HI64: =L64+P64+T64+X64+AB64+AF64+AJ64+AN64+AR64+AV64+AZ64+BD64+BH64+BL64+BP64+BT64+BX64+CB64+CF64+CJ64+CN64+CR64+CV64+CZ64+DD64+DH64+DL64+DP64+DT64+DX64+EB64+EF64+EJ64+EN64+ER64+EV64+EZ64+FD64+FH64+FL64+FP64+FT64+FX64+GB64+GF64+GJ64+GN64+GR64+GV64+GZ64+HD64 -> 0 | HJ64: =M64+Q64+U64+Y64+AC64+AG64+AK64+AO64+AS64+AW64+BA64+BE64+BI64+BM64+BQ64+BU64+BY64+CC64+CG64+CK64+CO64+CS64+CW64+DA64+DE64+DI64+DM64+DQ64+DU64+DY64+EC64+EG64+EK64+EO64+ES64+EW64+FA64+FE64+FI64+FM64+FQ64+FU64+FY64+GC64+GG64+GK64+GO64+GS64+GW64+HA64+HE64 -> 0 | HK64: =HJ64-K64 -> 0
F65: =E65*12 -> 0 | G65: =IF(C65="",0,IF(C65="50000",$G$4,IF(C65="50010",$G$5,IF(C65="50020",$G$6,IF(C65="50030",$G$7,IF(C65="50040",$G$8,IF(C65="50050",$G$9,IF(C65="50060",$G$10,IF(C65="50090",$G$11,IF(C65="50100",$G$12,IF(C65="50110",$G$13))))))))))) -> 0 | H65: 0 | I65: =F65*H65 -> 0 | J65: =F65*G65*H65 -> 0 | K65: =F65*(1+G65)*H65 -> 0 | L65: 0 | M65: =$K65*L65 -> 0 | N65: =$I65*L65 -> 0 | O65: =$J65*L65 -> 0 | P65: 0 | Q65: =$K65*P65 -> 0 | R65: =$I65*P65 -> 0 | S65: =$J65*P65 -> 0 | T65: 0 | U65: =$K65*T65 -> 0 | V65: =$I65*T65 -> 0 | W65: =$J65*T65 -> 0 | X65: 0 | Y65: =$K65*X65 -> 0 | Z65: =$I65*X65 -> 0 | AA65: =$J65*X65 -> 0 | AB65: 0 | AC65: =$K65*AB65 -> 0 | AD65: =$I65*AB65 -> 0 | AE65: =$J65*AB65 -> 0 | AF65: 0 | AG65: =$K65*AF65 -> 0 | AH65: =$I65*AF65 -> 0 | AI65: =$J65*AF65 -> 0 | AJ65: 0 | AK65: =$K65*AJ65 -> 0 | AL65: =$I65*AJ65 -> 0 | AM65: =$J65*AJ65 -> 0 | AN65: 0 | AO65: =$K65*AN65 -> 0 | AP65: =$I65*AN65 -> 0 | AQ65: =$J65*AN65 -> 0 | AR65: 0 | AS65: =$K65*AR65 -> 0 | AT65: =$I65*AR65 -> 0 | AU65: =$J65*AR65 -> 0 | AV65: 0 | AW65: =$K65*AV65 -> 0 | AX65: =$I65*AV65 -> 0 | AY65: =$J65*AV65 -> 0 | AZ65: 0 | BA65: =$K65*AZ65 -> 0 | BB65: =$I65*AZ65 -> 0 | BC65: =$J65*AZ65 -> 0 | BD65: 0 | BE65: =$K65*BD65 -> 0 | BF65: =$I65*BD65 -> 0 | BG65: =$J65*BD65 -> 0 | BH65: 0 | BI65: =$K65*BH65 -> 0 | BJ65: =$I65*BH65 -> 0 | BK65: =$J65*BH65 -> 0 | BL65: 0 | BM65: =$K65*BL65 -> 0 | BN65: =$I65*BL65 -> 0 | BO65: =$J65*BL65 -> 0 | BP65: 0 | BQ65: =$K65*BP65 -> 0 | BR65: =$I65*BP65 -> 0 | BS65: =$J65*BP65 -> 0 | BT65: 0 | BU65: =$K65*BT65 -> 0 | BV65: =$I65*BT65 -> 0 | BW65: =$J65*BT65 -> 0 | BX65: 0 | BY65: =$K65*BX65 -> 0 | BZ65: =$I65*BX65 -> 0 | CA65: =$J65*BX65 -> 0 | CB65: 0 | CC65: =$K65*CB65 -> 0 | CD65: =$I65*CB65 -> 0 | CE65: =$J65*CB65 -> 0 | CF65: 0 | CG65: =$K65*CF65 -> 0 | CH65: =$I65*CF65 -> 0 | CI65: =$J65*CF65 -> 0 | CJ65: 0 | CK65: =$K65*CJ65 -> 0 | CL65: =$I65*CJ65 -> 0 | CM65: =$J65*CJ65 -> 0 | CN65: 0 | CO65: =$K65*CN65 -> 0 | CP65: =$I65*CN65 -> 0 | CQ65: =$J65*CN65 -> 0 | CR65: 0 | CS65: =$K65*CR65 -> 0 | CT65: =$I65*CR65 -> 0 | CU65: =$J65*CR65 -> 0 | CV65: 0 | CW65: =$K65*CV65 -> 0 | CX65: =$I65*CV65 -> 0 | CY65: =$J65*CV65 -> 0 | CZ65: 0 | DA65: =$K65*CZ65 -> 0 | DB65: =$I65*CZ65 -> 0 | DC65: =$J65*CZ65 -> 0 | DD65: 0 | DE65: =$K65*DD65 -> 0 | DF65: =$I65*DD65 -> 0 | DG65: =$J65*DD65 -> 0 | DH65: 0 | DI65: =$K65*DH65 -> 0 | DJ65: =$I65*DH65 -> 0 | DK65: =$J65*DH65 -> 0 | DL65: 0 | DM65: =$K65*DL65 -> 0 | DN65: =$I65*DL65 -> 0 | DO65: =$J65*DL65 -> 0 | DP65: 0 | DQ65: =$K65*DP65 -> 0 | DR65: =$I65*DP65 -> 0 | DS65: =$J65*DP65 -> 0 | DT65: 0 | DU65: =$K65*DT65 -> 0 | DV65: =$I65*DT65 -> 0 | DW65: =$J65*DT65 -> 0 | DX65: 0 | DY65: =$K65*DX65 -> 0 | DZ65: =$I65*DX65 -> 0 | EA65: =$J65*DX65 -> 0 | EB65: 0 | EC65: =$K65*EB65 -> 0 | ED65: =$I65*EB65 -> 0 | EE65: =$J65*EB65 -> 0 | EF65: 0 | EG65: =$K65*EF65 -> 0 | EH65: =$I65*EF65 -> 0 | EI65: =$J65*EF65 -> 0 | EJ65: 0 | EK65: =$K65*EJ65 -> 0 | EL65: =$I65*EJ65 -> 0 | EM65: =$J65*EJ65 -> 0 | EN65: 0 | EO65: =$K65*EN65 -> 0 | EP65: =$I65*EN65 -> 0 | EQ65: =$J65*EN65 -> 0 | ER65: 0 | ES65: =$K65*ER65 -> 0 | ET65: =$I65*ER65 -> 0 | EU65: =$J65*ER65 -> 0 | EV65: 0 | EW65: =$K65*EV65 -> 0 | EX65: =$I65*EV65 -> 0 | EY65: =$J65*EV65 -> 0 | EZ65: 0 | FA65: =$K65*EZ65 -> 0 | FB65: =$I65*EZ65 -> 0 | FC65: =$J65*EZ65 -> 0 | FD65: 0 | FE65: =$K65*FD65 -> 0 | FF65: =$I65*FD65 -> 0 | FG65: =$J65*FD65 -> 0 | FH65: 0 | FI65: =$K65*FH65 -> 0 | FJ65: =$I65*FH65 -> 0 | FK65: =$J65*FH65 -> 0 | FL65: 0 | FM65: =$K65*FL65 -> 0 | FN65: =$I65*FL65 -> 0 | FO65: =$J65*FL65 -> 0 | FP65: 0 | FQ65: =$K65*FP65 -> 0 | FR65: =$I65*FP65 -> 0 | FS65: =$J65*FP65 -> 0 | FT65: 0 | FU65: =$K65*FT65 -> 0 | FV65: =$I65*FT65 -> 0 | FW65: =$J65*FT65 -> 0 | FX65: 0 | FY65: =$K65*FX65 -> 0 | FZ65: =$I65*FX65 -> 0 | GA65: =$J65*FX65 -> 0 | GB65: 0 | GC65: =$K65*GB65 -> 0 | GD65: =$I65*GB65 -> 0 | GE65: =$J65*GB65 -> 0 | GF65: 0 | GG65: =$K65*GF65 -> 0 | GH65: =$I65*GF65 -> 0 | GI65: =$J65*GF65 -> 0 | GJ65: 0 | GK65: =$K65*GJ65 -> 0 | GL65: =$I65*GJ65 -> 0 | GM65: =$J65*GJ65 -> 0 | GN65: 0 | GO65: =$K65*GN65 -> 0 | GP65: =$I65*GN65 -> 0 | GQ65: =$J65*GN65 -> 0 | GR65: 0 | GS65: =$K65*GR65 -> 0 | GT65: =$I65*GR65 -> 0 | GU65: =$J65*GR65 -> 0 | GV65: 0 | GW65: =$K65*GV65 -> 0 | GX65: =$I65*GV65 -> 0 | GY65: =$J65*GV65 -> 0 | GZ65: 0 | HA65: =$K65*GZ65 -> 0 | HB65: =$I65*GZ65 -> 0 | HC65: =$J65*GZ65 -> 0 | HD65: 0 | HE65: =$K65*HD65 -> 0 | HF65: =$I65*HD65 -> 0 | HG65: =$J65*HD65 -> 0 | HI65: =L65+P65+T65+X65+AB65+AF65+AJ65+AN65+AR65+AV65+AZ65+BD65+BH65+BL65+BP65+BT65+BX65+CB65+CF65+CJ65+CN65+CR65+CV65+CZ65+DD65+DH65+DL65+DP65+DT65+DX65+EB65+EF65+EJ65+EN65+ER65+EV65+EZ65+FD65+FH65+FL65+FP65+FT65+FX65+GB65+GF65+GJ65+GN65+GR65+GV65+GZ65+HD65 -> 0 | HJ65: =M65+Q65+U65+Y65+AC65+AG65+AK65+AO65+AS65+AW65+BA65+BE65+BI65+BM65+BQ65+BU65+BY65+CC65+CG65+CK65+CO65+CS65+CW65+DA65+DE65+DI65+DM65+DQ65+DU65+DY65+EC65+EG65+EK65+EO65+ES65+EW65+FA65+FE65+FI65+FM65+FQ65+FU65+FY65+GC65+GG65+GK65+GO65+GS65+GW65+HA65+HE65 -> 0 | HK65: =HJ65-K65 -> 0
F66: =E66*12 -> 0 | G66: =IF(C66="",0,IF(C66="50000",$G$4,IF(C66="50010",$G$5,IF(C66="50020",$G$6,IF(C66="50030",$G$7,IF(C66="50040",$G$8,IF(C66="50050",$G$9,IF(C66="50060",$G$10,IF(C66="50090",$G$11,IF(C66="50100",$G$12,IF(C66="50110",$G$13))))))))))) -> 0 | H66: 0 | I66: =F66*H66 -> 0 | J66: =F66*G66*H66 -> 0 | K66: =F66*(1+G66)*H66 -> 0 | L66: 0 | M66: =$K66*L66 -> 0 | N66: =$I66*L66 -> 0 | O66: =$J66*L66 -> 0 | P66: 0 | Q66: =$K66*P66 -> 0 | R66: =$I66*P66 -> 0 | S66: =$J66*P66 -> 0 | T66: 0 | U66: =$K66*T66 -> 0 | V66: =$I66*T66 -> 0 | W66: =$J66*T66 -> 0 | X66: 0 | Y66: =$K66*X66 -> 0 | Z66: =$I66*X66 -> 0 | AA66: =$J66*X66 -> 0 | AB66: 0 | AC66: =$K66*AB66 -> 0 | AD66: =$I66*AB66 -> 0 | AE66: =$J66*AB66 -> 0 | AF66: 0 | AG66: =$K66*AF66 -> 0 | AH66: =$I66*AF66 -> 0 | AI66: =$J66*AF66 -> 0 | AJ66: 0 | AK66: =$K66*AJ66 -> 0 | AL66: =$I66*AJ66 -> 0 | AM66: =$J66*AJ66 -> 0 | AN66: 0 | AO66: =$K66*AN66 -> 0 | AP66: =$I66*AN66 -> 0 | AQ66: =$J66*AN66 -> 0 | AR66: 0 | AS66: =$K66*AR66 -> 0 | AT66: =$I66*AR66 -> 0 | AU66: =$J66*AR66 -> 0 | AV66: 0 | AW66: =$K66*AV66 -> 0 | AX66: =$I66*AV66 -> 0 | AY66: =$J66*AV66 -> 0 | AZ66: 0 | BA66: =$K66*AZ66 -> 0 | BB66: =$I66*AZ66 -> 0 | BC66: =$J66*AZ66 -> 0 | BD66: 0 | BE66: =$K66*BD66 -> 0 | BF66: =$I66*BD66 -> 0 | BG66: =$J66*BD66 -> 0 | BH66: 0 | BI66: =$K66*BH66 -> 0 | BJ66: =$I66*BH66 -> 0 | BK66: =$J66*BH66 -> 0 | BL66: 0 | BM66: =$K66*BL66 -> 0 | BN66: =$I66*BL66 -> 0 | BO66: =$J66*BL66 -> 0 | BP66: 0 | BQ66: =$K66*BP66 -> 0 | BR66: =$I66*BP66 -> 0 | BS66: =$J66*BP66 -> 0 | BT66: 0 | BU66: =$K66*BT66 -> 0 | BV66: =$I66*BT66 -> 0 | BW66: =$J66*BT66 -> 0 | BX66: 0 | BY66: =$K66*BX66 -> 0 | BZ66: =$I66*BX66 -> 0 | CA66: =$J66*BX66 -> 0 | CB66: 0 | CC66: =$K66*CB66 -> 0 | CD66: =$I66*CB66 -> 0 | CE66: =$J66*CB66 -> 0 | CF66: 0 | CG66: =$K66*CF66 -> 0 | CH66: =$I66*CF66 -> 0 | CI66: =$J66*CF66 -> 0 | CJ66: 0 | CK66: =$K66*CJ66 -> 0 | CL66: =$I66*CJ66 -> 0 | CM66: =$J66*CJ66 -> 0 | CN66: 0 | CO66: =$K66*CN66 -> 0 | CP66: =$I66*CN66 -> 0 | CQ66: =$J66*CN66 -> 0 | CR66: 0 | CS66: =$K66*CR66 -> 0 | CT66: =$I66*CR66 -> 0 | CU66: =$J66*CR66 -> 0 | CV66: 0 | CW66: =$K66*CV66 -> 0 | CX66: =$I66*CV66 -> 0 | CY66: =$J66*CV66 -> 0 | CZ66: 0 | DA66: =$K66*CZ66 -> 0 | DB66: =$I66*CZ66 -> 0 | DC66: =$J66*CZ66 -> 0 | DD66: 0 | DE66: =$K66*DD66 -> 0 | DF66: =$I66*DD66 -> 0 | DG66: =$J66*DD66 -> 0 | DH66: 0 | DI66: =$K66*DH66 -> 0 | DJ66: =$I66*DH66 -> 0 | DK66: =$J66*DH66 -> 0 | DL66: 0 | DM66: =$K66*DL66 -> 0 | DN66: =$I66*DL66 -> 0 | DO66: =$J66*DL66 -> 0 | DP66: 0 | DQ66: =$K66*DP66 -> 0 | DR66: =$I66*DP66 -> 0 | DS66: =$J66*DP66 -> 0 | DT66: 0 | DU66: =$K66*DT66 -> 0 | DV66: =$I66*DT66 -> 0 | DW66: =$J66*DT66 -> 0 | DX66: 0 | DY66: =$K66*DX66 -> 0 | DZ66: =$I66*DX66 -> 0 | EA66: =$J66*DX66 -> 0 | EB66: 0 | EC66: =$K66*EB66 -> 0 | ED66: =$I66*EB66 -> 0 | EE66: =$J66*EB66 -> 0 | EF66: 0 | EG66: =$K66*EF66 -> 0 | EH66: =$I66*EF66 -> 0 | EI66: =$J66*EF66 -> 0 | EJ66: 0 | EK66: =$K66*EJ66 -> 0 | EL66: =$I66*EJ66 -> 0 | EM66: =$J66*EJ66 -> 0 | EN66: 0 | EO66: =$K66*EN66 -> 0 | EP66: =$I66*EN66 -> 0 | EQ66: =$J66*EN66 -> 0 | ER66: 0 | ES66: =$K66*ER66 -> 0 | ET66: =$I66*ER66 -> 0 | EU66: =$J66*ER66 -> 0 | EV66: 0 | EW66: =$K66*EV66 -> 0 | EX66: =$I66*EV66 -> 0 | EY66: =$J66*EV66 -> 0 | EZ66: 0 | FA66: =$K66*EZ66 -> 0 | FB66: =$I66*EZ66 -> 0 | FC66: =$J66*EZ66 -> 0 | FD66: 0 | FE66: =$K66*FD66 -> 0 | FF66: =$I66*FD66 -> 0 | FG66: =$J66*FD66 -> 0 | FH66: 0 | FI66: =$K66*FH66 -> 0 | FJ66: =$I66*FH66 -> 0 | FK66: =$J66*FH66 -> 0 | FL66: 0 | FM66: =$K66*FL66 -> 0 | FN66: =$I66*FL66 -> 0 | FO66: =$J66*FL66 -> 0 | FP66: 0 | FQ66: =$K66*FP66 -> 0 | FR66: =$I66*FP66 -> 0 | FS66: =$J66*FP66 -> 0 | FT66: 0 | FU66: =$K66*FT66 -> 0 | FV66: =$I66*FT66 -> 0 | FW66: =$J66*FT66 -> 0 | FX66: 0 | FY66: =$K66*FX66 -> 0 | FZ66: =$I66*FX66 -> 0 | GA66: =$J66*FX66 -> 0 | GB66: 0 | GC66: =$K66*GB66 -> 0 | GD66: =$I66*GB66 -> 0 | GE66: =$J66*GB66 -> 0 | GF66: 0 | GG66: =$K66*GF66 -> 0 | GH66: =$I66*GF66 -> 0 | GI66: =$J66*GF66 -> 0 | GJ66: 0 | GK66: =$K66*GJ66 -> 0 | GL66: =$I66*GJ66 -> 0 | GM66: =$J66*GJ66 -> 0 | GN66: 0 | GO66: =$K66*GN66 -> 0 | GP66: =$I66*GN66 -> 0 | GQ66: =$J66*GN66 -> 0 | GR66: 0 | GS66: =$K66*GR66 -> 0 | GT66: =$I66*GR66 -> 0 | GU66: =$J66*GR66 -> 0 | GV66: 0 | GW66: =$K66*GV66 -> 0 | GX66: =$I66*GV66 -> 0 | GY66: =$J66*GV66 -> 0 | GZ66: 0 | HA66: =$K66*GZ66 -> 0 | HB66: =$I66*GZ66 -> 0 | HC66: =$J66*GZ66 -> 0 | HD66: 0 | HE66: =$K66*HD66 -> 0 | HF66: =$I66*HD66 -> 0 | HG66: =$J66*HD66 -> 0 | HI66: =L66+P66+T66+X66+AB66+AF66+AJ66+AN66+AR66+AV66+AZ66+BD66+BH66+BL66+BP66+BT66+BX66+CB66+CF66+CJ66+CN66+CR66+CV66+CZ66+DD66+DH66+DL66+DP66+DT66+DX66+EB66+EF66+EJ66+EN66+ER66+EV66+EZ66+FD66+FH66+FL66+FP66+FT66+FX66+GB66+GF66+GJ66+GN66+GR66+GV66+GZ66+HD66 -> 0 | HJ66: =M66+Q66+U66+Y66+AC66+AG66+AK66+AO66+AS66+AW66+BA66+BE66+BI66+BM66+BQ66+BU66+BY66+CC66+CG66+CK66+CO66+CS66+CW66+DA66+DE66+DI66+DM66+DQ66+DU66+DY66+EC66+EG66+EK66+EO66+ES66+EW66+FA66+FE66+FI66+FM66+FQ66+FU66+FY66+GC66+GG66+GK66+GO66+GS66+GW66+HA66+HE66 -> 0 | HK66: =HJ66-K66 -> 0
F67: =E67*12 -> 0 | G67: =IF(C67="",0,IF(C67="50000",$G$4,IF(C67="50010",$G$5,IF(C67="50020",$G$6,IF(C67="50030",$G$7,IF(C67="50040",$G$8,IF(C67="50050",$G$9,IF(C67="50060",$G$10,IF(C67="50090",$G$11,IF(C67="50100",$G$12,IF(C67="50110",$G$13))))))))))) -> 0 | H67: 0 | I67: =F67*H67 -> 0 | J67: =F67*G67*H67 -> 0 | K67: =F67*(1+G67)*H67 -> 0 | L67: 0 | M67: =$K67*L67 -> 0 | N67: =$I67*L67 -> 0 | O67: =$J67*L67 -> 0 | P67: 0 | Q67: =$K67*P67 -> 0 | R67: =$I67*P67 -> 0 | S67: =$J67*P67 -> 0 | T67: 0 | U67: =$K67*T67 -> 0 | V67: =$I67*T67 -> 0 | W67: =$J67*T67 -> 0 | X67: 0 | Y67: =$K67*X67 -> 0 | Z67: =$I67*X67 -> 0 | AA67: =$J67*X67 -> 0 | AB67: 0 | AC67: =$K67*AB67 -> 0 | AD67: =$I67*AB67 -> 0 | AE67: =$J67*AB67 -> 0 | AF67: 0 | AG67: =$K67*AF67 -> 0 | AH67: =$I67*AF67 -> 0 | AI67: =$J67*AF67 -> 0 | AJ67: 0 | AK67: =$K67*AJ67 -> 0 | AL67: =$I67*AJ67 -> 0 | AM67: =$J67*AJ67 -> 0 | AN67: 0 | AO67: =$K67*AN67 -> 0 | AP67: =$I67*AN67 -> 0 | AQ67: =$J67*AN67 -> 0 | AR67: 0 | AS67: =$K67*AR67 -> 0 | AT67: =$I67*AR67 -> 0 | AU67: =$J67*AR67 -> 0 | AV67: 0 | AW67: =$K67*AV67 -> 0 | AX67: =$I67*AV67 -> 0 | AY67: =$J67*AV67 -> 0 | AZ67: 0 | BA67: =$K67*AZ67 -> 0 | BB67: =$I67*AZ67 -> 0 | BC67: =$J67*AZ67 -> 0 | BD67: 0 | BE67: =$K67*BD67 -> 0 | BF67: =$I67*BD67 -> 0 | BG67: =$J67*BD67 -> 0 | BH67: 0 | BI67: =$K67*BH67 -> 0 | BJ67: =$I67*BH67 -> 0 | BK67: =$J67*BH67 -> 0 | BL67: 0 | BM67: =$K67*BL67 -> 0 | BN67: =$I67*BL67 -> 0 | BO67: =$J67*BL67 -> 0 | BP67: 0 | BQ67: =$K67*BP67 -> 0 | BR67: =$I67*BP67 -> 0 | BS67: =$J67*BP67 -> 0 | BT67: 0 | BU67: =$K67*BT67 -> 0 | BV67: =$I67*BT67 -> 0 | BW67: =$J67*BT67 -> 0 | BX67: 0 | BY67: =$K67*BX67 -> 0 | BZ67: =$I67*BX67 -> 0 | CA67: =$J67*BX67 -> 0 | CB67: 0 | CC67: =$K67*CB67 -> 0 | CD67: =$I67*CB67 -> 0 | CE67: =$J67*CB67 -> 0 | CF67: 0 | CG67: =$K67*CF67 -> 0 | CH67: =$I67*CF67 -> 0 | CI67: =$J67*CF67 -> 0 | CJ67: 0 | CK67: =$K67*CJ67 -> 0 | CL67: =$I67*CJ67 -> 0 | CM67: =$J67*CJ67 -> 0 | CN67: 0 | CO67: =$K67*CN67 -> 0 | CP67: =$I67*CN67 -> 0 | CQ67: =$J67*CN67 -> 0 | CR67: 0 | CS67: =$K67*CR67 -> 0 | CT67: =$I67*CR67 -> 0 | CU67: =$J67*CR67 -> 0 | CV67: 0 | CW67: =$K67*CV67 -> 0 | CX67: =$I67*CV67 -> 0 | CY67: =$J67*CV67 -> 0 | CZ67: 0 | DA67: =$K67*CZ67 -> 0 | DB67: =$I67*CZ67 -> 0 | DC67: =$J67*CZ67 -> 0 | DD67: 0 | DE67: =$K67*DD67 -> 0 | DF67: =$I67*DD67 -> 0 | DG67: =$J67*DD67 -> 0 | DH67: 0 | DI67: =$K67*DH67 -> 0 | DJ67: =$I67*DH67 -> 0 | DK67: =$J67*DH67 -> 0 | DL67: 0 | DM67: =$K67*DL67 -> 0 | DN67: =$I67*DL67 -> 0 | DO67: =$J67*DL67 -> 0 | DP67: 0 | DQ67: =$K67*DP67 -> 0 | DR67: =$I67*DP67 -> 0 | DS67: =$J67*DP67 -> 0 | DT67: 0 | DU67: =$K67*DT67 -> 0 | DV67: =$I67*DT67 -> 0 | DW67: =$J67*DT67 -> 0 | DX67: 0 | DY67: =$K67*DX67 -> 0 | DZ67: =$I67*DX67 -> 0 | EA67: =$J67*DX67 -> 0 | EB67: 0 | EC67: =$K67*EB67 -> 0 | ED67: =$I67*EB67 -> 0 | EE67: =$J67*EB67 -> 0 | EF67: 0 | EG67: =$K67*EF67 -> 0 | EH67: =$I67*EF67 -> 0 | EI67: =$J67*EF67 -> 0 | EJ67: 0 | EK67: =$K67*EJ67 -> 0 | EL67: =$I67*EJ67 -> 0 | EM67: =$J67*EJ67 -> 0 | EN67: 0 | EO67: =$K67*EN67 -> 0 | EP67: =$I67*EN67 -> 0 | EQ67: =$J67*EN67 -> 0 | ER67: 0 | ES67: =$K67*ER67 -> 0 | ET67: =$I67*ER67 -> 0 | EU67: =$J67*ER67 -> 0 | EV67: 0 | EW67: =$K67*EV67 -> 0 | EX67: =$I67*EV67 -> 0 | EY67: =$J67*EV67 -> 0 | EZ67: 0 | FA67: =$K67*EZ67 -> 0 | FB67: =$I67*EZ67 -> 0 | FC67: =$J67*EZ67 -> 0 | FD67: 0 | FE67: =$K67*FD67 -> 0 | FF67: =$I67*FD67 -> 0 | FG67: =$J67*FD67 -> 0 | FH67: 0 | FI67: =$K67*FH67 -> 0 | FJ67: =$I67*FH67 -> 0 | FK67: =$J67*FH67 -> 0 | FL67: 0 | FM67: =$K67*FL67 -> 0 | FN67: =$I67*FL67 -> 0 | FO67: =$J67*FL67 -> 0 | FP67: 0 | FQ67: =$K67*FP67 -> 0 | FR67: =$I67*FP67 -> 0 | FS67: =$J67*FP67 -> 0 | FT67: 0 | FU67: =$K67*FT67 -> 0 | FV67: =$I67*FT67 -> 0 | FW67: =$J67*FT67 -> 0 | FX67: 0 | FY67: =$K67*FX67 -> 0 | FZ67: =$I67*FX67 -> 0 | GA67: =$J67*FX67 -> 0 | GB67: 0 | GC67: =$K67*GB67 -> 0 | GD67: =$I67*GB67 -> 0 | GE67: =$J67*GB67 -> 0 | GF67: 0 | GG67: =$K67*GF67 -> 0 | GH67: =$I67*GF67 -> 0 | GI67: =$J67*GF67 -> 0 | GJ67: 0 | GK67: =$K67*GJ67 -> 0 | GL67: =$I67*GJ67 -> 0 | GM67: =$J67*GJ67 -> 0 | GN67: 0 | GO67: =$K67*GN67 -> 0 | GP67: =$I67*GN67 -> 0 | GQ67: =$J67*GN67 -> 0 | GR67: 0 | GS67: =$K67*GR67 -> 0 | GT67: =$I67*GR67 -> 0 | GU67: =$J67*GR67 -> 0 | GV67: 0 | GW67: =$K67*GV67 -> 0 | GX67: =$I67*GV67 -> 0 | GY67: =$J67*GV67 -> 0 | GZ67: 0 | HA67: =$K67*GZ67 -> 0 | HB67: =$I67*GZ67 -> 0 | HC67: =$J67*GZ67 -> 0 | HD67: 0 | HE67: =$K67*HD67 -> 0 | HF67: =$I67*HD67 -> 0 | HG67: =$J67*HD67 -> 0 | HI67: =L67+P67+T67+X67+AB67+AF67+AJ67+AN67+AR67+AV67+AZ67+BD67+BH67+BL67+BP67+BT67+BX67+CB67+CF67+CJ67+CN67+CR67+CV67+CZ67+DD67+DH67+DL67+DP67+DT67+DX67+EB67+EF67+EJ67+EN67+ER67+EV67+EZ67+FD67+FH67+FL67+FP67+FT67+FX67+GB67+GF67+GJ67+GN67+GR67+GV67+GZ67+HD67 -> 0 | HJ67: =M67+Q67+U67+Y67+AC67+AG67+AK67+AO67+AS67+AW67+BA67+BE67+BI67+BM67+BQ67+BU67+BY67+CC67+CG67+CK67+CO67+CS67+CW67+DA67+DE67+DI67+DM67+DQ67+DU67+DY67+EC67+EG67+EK67+EO67+ES67+EW67+FA67+FE67+FI67+FM67+FQ67+FU67+FY67+GC67+GG67+GK67+GO67+GS67+GW67+HA67+HE67 -> 0 | HK67: =HJ67-K67 -> 0
F68: =E68*12 -> 0 | G68: =IF(C68="",0,IF(C68="50000",$G$4,IF(C68="50010",$G$5,IF(C68="50020",$G$6,IF(C68="50030",$G$7,IF(C68="50040",$G$8,IF(C68="50050",$G$9,IF(C68="50060",$G$10,IF(C68="50090",$G$11,IF(C68="50100",$G$12,IF(C68="50110",$G$13))))))))))) -> 0 | H68: 0 | I68: =F68*H68 -> 0 | J68: =F68*G68*H68 -> 0 | K68: =F68*(1+G68)*H68 -> 0 | L68: 0 | M68: =$K68*L68 -> 0 | N68: =$I68*L68 -> 0 | O68: =$J68*L68 -> 0 | P68: 0 | Q68: =$K68*P68 -> 0 | R68: =$I68*P68 -> 0 | S68: =$J68*P68 -> 0 | T68: 0 | U68: =$K68*T68 -> 0 | V68: =$I68*T68 -> 0 | W68: =$J68*T68 -> 0 | X68: 0 | Y68: =$K68*X68 -> 0 | Z68: =$I68*X68 -> 0 | AA68: =$J68*X68 -> 0 | AB68: 0 | AC68: =$K68*AB68 -> 0 | AD68: =$I68*AB68 -> 0 | AE68: =$J68*AB68 -> 0 | AF68: 0 | AG68: =$K68*AF68 -> 0 | AH68: =$I68*AF68 -> 0 | AI68: =$J68*AF68 -> 0 | AJ68: 0 | AK68: =$K68*AJ68 -> 0 | AL68: =$I68*AJ68 -> 0 | AM68: =$J68*AJ68 -> 0 | AN68: 0 | AO68: =$K68*AN68 -> 0 | AP68: =$I68*AN68 -> 0 | AQ68: =$J68*AN68 -> 0 | AR68: 0 | AS68: =$K68*AR68 -> 0 | AT68: =$I68*AR68 -> 0 | AU68: =$J68*AR68 -> 0 | AV68: 0 | AW68: =$K68*AV68 -> 0 | AX68: =$I68*AV68 -> 0 | AY68: =$J68*AV68 -> 0 | AZ68: 0 | BA68: =$K68*AZ68 -> 0 | BB68: =$I68*AZ68 -> 0 | BC68: =$J68*AZ68 -> 0 | BD68: 0 | BE68: =$K68*BD68 -> 0 | BF68: =$I68*BD68 -> 0 | BG68: =$J68*BD68 -> 0 | BH68: 0 | BI68: =$K68*BH68 -> 0 | BJ68: =$I68*BH68 -> 0 | BK68: =$J68*BH68 -> 0 | BL68: 0 | BM68: =$K68*BL68 -> 0 | BN68: =$I68*BL68 -> 0 | BO68: =$J68*BL68 -> 0 | BP68: 0 | BQ68: =$K68*BP68 -> 0 | BR68: =$I68*BP68 -> 0 | BS68: =$J68*BP68 -> 0 | BT68: 0 | BU68: =$K68*BT68 -> 0 | BV68: =$I68*BT68 -> 0 | BW68: =$J68*BT68 -> 0 | BX68: 0 | BY68: =$K68*BX68 -> 0 | BZ68: =$I68*BX68 -> 0 | CA68: =$J68*BX68 -> 0 | CB68: 0 | CC68: =$K68*CB68 -> 0 | CD68: =$I68*CB68 -> 0 | CE68: =$J68*CB68 -> 0 | CF68: 0 | CG68: =$K68*CF68 -> 0 | CH68: =$I68*CF68 -> 0 | CI68: =$J68*CF68 -> 0 | CJ68: 0 | CK68: =$K68*CJ68 -> 0 | CL68: =$I68*CJ68 -> 0 | CM68: =$J68*CJ68 -> 0 | CN68: 0 | CO68: =$K68*CN68 -> 0 | CP68: =$I68*CN68 -> 0 | CQ68: =$J68*CN68 -> 0 | CR68: 0 | CS68: =$K68*CR68 -> 0 | CT68: =$I68*CR68 -> 0 | CU68: =$J68*CR68 -> 0 | CV68: 0 | CW68: =$K68*CV68 -> 0 | CX68: =$I68*CV68 -> 0 | CY68: =$J68*CV68 -> 0 | CZ68: 0 | DA68: =$K68*CZ68 -> 0 | DB68: =$I68*CZ68 -> 0 | DC68: =$J68*CZ68 -> 0 | DD68: 0 | DE68: =$K68*DD68 -> 0 | DF68: =$I68*DD68 -> 0 | DG68: =$J68*DD68 -> 0 | DH68: 0 | DI68: =$K68*DH68 -> 0 | DJ68: =$I68*DH68 -> 0 | DK68: =$J68*DH68 -> 0 | DL68: 0 | DM68: =$K68*DL68 -> 0 | DN68: =$I68*DL68 -> 0 | DO68: =$J68*DL68 -> 0 | DP68: 0 | DQ68: =$K68*DP68 -> 0 | DR68: =$I68*DP68 -> 0 | DS68: =$J68*DP68 -> 0 | DT68: 0 | DU68: =$K68*DT68 -> 0 | DV68: =$I68*DT68 -> 0 | DW68: =$J68*DT68 -> 0 | DX68: 0 | DY68: =$K68*DX68 -> 0 | DZ68: =$I68*DX68 -> 0 | EA68: =$J68*DX68 -> 0 | EB68: 0 | EC68: =$K68*EB68 -> 0 | ED68: =$I68*EB68 -> 0 | EE68: =$J68*EB68 -> 0 | EF68: 0 | EG68: =$K68*EF68 -> 0 | EH68: =$I68*EF68 -> 0 | EI68: =$J68*EF68 -> 0 | EJ68: 0 | EK68: =$K68*EJ68 -> 0 | EL68: =$I68*EJ68 -> 0 | EM68: =$J68*EJ68 -> 0 | EN68: 0 | EO68: =$K68*EN68 -> 0 | EP68: =$I68*EN68 -> 0 | EQ68: =$J68*EN68 -> 0 | ER68: 0 | ES68: =$K68*ER68 -> 0 | ET68: =$I68*ER68 -> 0 | EU68: =$J68*ER68 -> 0 | EV68: 0 | EW68: =$K68*EV68 -> 0 | EX68: =$I68*EV68 -> 0 | EY68: =$J68*EV68 -> 0 | EZ68: 0 | FA68: =$K68*EZ68 -> 0 | FB68: =$I68*EZ68 -> 0 | FC68: =$J68*EZ68 -> 0 | FD68: 0 | FE68: =$K68*FD68 -> 0 | FF68: =$I68*FD68 -> 0 | FG68: =$J68*FD68 -> 0 | FH68: 0 | FI68: =$K68*FH68 -> 0 | FJ68: =$I68*FH68 -> 0 | FK68: =$J68*FH68 -> 0 | FL68: 0 | FM68: =$K68*FL68 -> 0 | FN68: =$I68*FL68 -> 0 | FO68: =$J68*FL68 -> 0 | FP68: 0 | FQ68: =$K68*FP68 -> 0 | FR68: =$I68*FP68 -> 0 | FS68: =$J68*FP68 -> 0 | FT68: 0 | FU68: =$K68*FT68 -> 0 | FV68: =$I68*FT68 -> 0 | FW68: =$J68*FT68 -> 0 | FX68: 0 | FY68: =$K68*FX68 -> 0 | FZ68: =$I68*FX68 -> 0 | GA68: =$J68*FX68 -> 0 | GB68: 0 | GC68: =$K68*GB68 -> 0 | GD68: =$I68*GB68 -> 0 | GE68: =$J68*GB68 -> 0 | GF68: 0 | GG68: =$K68*GF68 -> 0 | GH68: =$I68*GF68 -> 0 | GI68: =$J68*GF68 -> 0 | GJ68: 0 | GK68: =$K68*GJ68 -> 0 | GL68: =$I68*GJ68 -> 0 | GM68: =$J68*GJ68 -> 0 | GN68: 0 | GO68: =$K68*GN68 -> 0 | GP68: =$I68*GN68 -> 0 | GQ68: =$J68*GN68 -> 0 | GR68: 0 | GS68: =$K68*GR68 -> 0 | GT68: =$I68*GR68 -> 0 | GU68: =$J68*GR68 -> 0 | GV68: 0 | GW68: =$K68*GV68 -> 0 | GX68: =$I68*GV68 -> 0 | GY68: =$J68*GV68 -> 0 | GZ68: 0 | HA68: =$K68*GZ68 -> 0 | HB68: =$I68*GZ68 -> 0 | HC68: =$J68*GZ68 -> 0 | HD68: 0 | HE68: =$K68*HD68 -> 0 | HF68: =$I68*HD68 -> 0 | HG68: =$J68*HD68 -> 0 | HI68: =L68+P68+T68+X68+AB68+AF68+AJ68+AN68+AR68+AV68+AZ68+BD68+BH68+BL68+BP68+BT68+BX68+CB68+CF68+CJ68+CN68+CR68+CV68+CZ68+DD68+DH68+DL68+DP68+DT68+DX68+EB68+EF68+EJ68+EN68+ER68+EV68+EZ68+FD68+FH68+FL68+FP68+FT68+FX68+GB68+GF68+GJ68+GN68+GR68+GV68+GZ68+HD68 -> 0 | HJ68: =M68+Q68+U68+Y68+AC68+AG68+AK68+AO68+AS68+AW68+BA68+BE68+BI68+BM68+BQ68+BU68+BY68+CC68+CG68+CK68+CO68+CS68+CW68+DA68+DE68+DI68+DM68+DQ68+DU68+DY68+EC68+EG68+EK68+EO68+ES68+EW68+FA68+FE68+FI68+FM68+FQ68+FU68+FY68+GC68+GG68+GK68+GO68+GS68+GW68+HA68+HE68 -> 0 | HK68: =HJ68-K68 -> 0
F69: =E69*12 -> 0 | G69: =IF(C69="",0,IF(C69="50000",$G$4,IF(C69="50010",$G$5,IF(C69="50020",$G$6,IF(C69="50030",$G$7,IF(C69="50040",$G$8,IF(C69="50050",$G$9,IF(C69="50060",$G$10,IF(C69="50090",$G$11,IF(C69="50100",$G$12,IF(C69="50110",$G$13))))))))))) -> 0 | H69: 0 | I69: =F69*H69 -> 0 | J69: =F69*G69*H69 -> 0 | K69: =F69*(1+G69)*H69 -> 0 | L69: 0 | M69: =$K69*L69 -> 0 | N69: =$I69*L69 -> 0 | O69: =$J69*L69 -> 0 | P69: 0 | Q69: =$K69*P69 -> 0 | R69: =$I69*P69 -> 0 | S69: =$J69*P69 -> 0 | T69: 0 | U69: =$K69*T69 -> 0 | V69: =$I69*T69 -> 0 | W69: =$J69*T69 -> 0 | X69: 0 | Y69: =$K69*X69 -> 0 | Z69: =$I69*X69 -> 0 | AA69: =$J69*X69 -> 0 | AB69: 0 | AC69: =$K69*AB69 -> 0 | AD69: =$I69*AB69 -> 0 | AE69: =$J69*AB69 -> 0 | AF69: 0 | AG69: =$K69*AF69 -> 0 | AH69: =$I69*AF69 -> 0 | AI69: =$J69*AF69 -> 0 | AJ69: 0 | AK69: =$K69*AJ69 -> 0 | AL69: =$I69*AJ69 -> 0 | AM69: =$J69*AJ69 -> 0 | AN69: 0 | AO69: =$K69*AN69 -> 0 | AP69: =$I69*AN69 -> 0 | AQ69: =$J69*AN69 -> 0 | AR69: 0 | AS69: =$K69*AR69 -> 0 | AT69: =$I69*AR69 -> 0 | AU69: =$J69*AR69 -> 0 | AV69: 0 | AW69: =$K69*AV69 -> 0 | AX69: =$I69*AV69 -> 0 | AY69: =$J69*AV69 -> 0 | AZ69: 0 | BA69: =$K69*AZ69 -> 0 | BB69: =$I69*AZ69 -> 0 | BC69: =$J69*AZ69 -> 0 | BD69: 0 | BE69: =$K69*BD69 -> 0 | BF69: =$I69*BD69 -> 0 | BG69: =$J69*BD69 -> 0 | BH69: 0 | BI69: =$K69*BH69 -> 0 | BJ69: =$I69*BH69 -> 0 | BK69: =$J69*BH69 -> 0 | BL69: 0 | BM69: =$K69*BL69 -> 0 | BN69: =$I69*BL69 -> 0 | BO69: =$J69*BL69 -> 0 | BP69: 0 | BQ69: =$K69*BP69 -> 0 | BR69: =$I69*BP69 -> 0 | BS69: =$J69*BP69 -> 0 | BT69: 0 | BU69: =$K69*BT69 -> 0 | BV69: =$I69*BT69 -> 0 | BW69: =$J69*BT69 -> 0 | BX69: 0 | BY69: =$K69*BX69 -> 0 | BZ69: =$I69*BX69 -> 0 | CA69: =$J69*BX69 -> 0 | CB69: 0 | CC69: =$K69*CB69 -> 0 | CD69: =$I69*CB69 -> 0 | CE69: =$J69*CB69 -> 0 | CF69: 0 | CG69: =$K69*CF69 -> 0 | CH69: =$I69*CF69 -> 0 | CI69: =$J69*CF69 -> 0 | CJ69: 0 | CK69: =$K69*CJ69 -> 0 | CL69: =$I69*CJ69 -> 0 | CM69: =$J69*CJ69 -> 0 | CN69: 0 | CO69: =$K69*CN69 -> 0 | CP69: =$I69*CN69 -> 0 | CQ69: =$J69*CN69 -> 0 | CR69: 0 | CS69: =$K69*CR69 -> 0 | CT69: =$I69*CR69 -> 0 | CU69: =$J69*CR69 -> 0 | CV69: 0 | CW69: =$K69*CV69 -> 0 | CX69: =$I69*CV69 -> 0 | CY69: =$J69*CV69 -> 0 | CZ69: 0 | DA69: =$K69*CZ69 -> 0 | DB69: =$I69*CZ69 -> 0 | DC69: =$J69*CZ69 -> 0 | DD69: 0 | DE69: =$K69*DD69 -> 0 | DF69: =$I69*DD69 -> 0 | DG69: =$J69*DD69 -> 0 | DH69: 0 | DI69: =$K69*DH69 -> 0 | DJ69: =$I69*DH69 -> 0 | DK69: =$J69*DH69 -> 0 | DL69: 0 | DM69: =$K69*DL69 -> 0 | DN69: =$I69*DL69 -> 0 | DO69: =$J69*DL69 -> 0 | DP69: 0 | DQ69: =$K69*DP69 -> 0 | DR69: =$I69*DP69 -> 0 | DS69: =$J69*DP69 -> 0 | DT69: 0 | DU69: =$K69*DT69 -> 0 | DV69: =$I69*DT69 -> 0 | DW69: =$J69*DT69 -> 0 | DX69: 0 | DY69: =$K69*DX69 -> 0 | DZ69: =$I69*DX69 -> 0 | EA69: =$J69*DX69 -> 0 | EB69: 0 | EC69: =$K69*EB69 -> 0 | ED69: =$I69*EB69 -> 0 | EE69: =$J69*EB69 -> 0 | EF69: 0 | EG69: =$K69*EF69 -> 0 | EH69: =$I69*EF69 -> 0 | EI69: =$J69*EF69 -> 0 | EJ69: 0 | EK69: =$K69*EJ69 -> 0 | EL69: =$I69*EJ69 -> 0 | EM69: =$J69*EJ69 -> 0 | EN69: 0 | EO69: =$K69*EN69 -> 0 | EP69: =$I69*EN69 -> 0 | EQ69: =$J69*EN69 -> 0 | ER69: 0 | ES69: =$K69*ER69 -> 0 | ET69: =$I69*ER69 -> 0 | EU69: =$J69*ER69 -> 0 | EV69: 0 | EW69: =$K69*EV69 -> 0 | EX69: =$I69*EV69 -> 0 | EY69: =$J69*EV69 -> 0 | EZ69: 0 | FA69: =$K69*EZ69 -> 0 | FB69: =$I69*EZ69 -> 0 | FC69: =$J69*EZ69 -> 0 | FD69: 0 | FE69: =$K69*FD69 -> 0 | FF69: =$I69*FD69 -> 0 | FG69: =$J69*FD69 -> 0 | FH69: 0 | FI69: =$K69*FH69 -> 0 | FJ69: =$I69*FH69 -> 0 | FK69: =$J69*FH69 -> 0 | FL69: 0 | FM69: =$K69*FL69 -> 0 | FN69: =$I69*FL69 -> 0 | FO69: =$J69*FL69 -> 0 | FP69: 0 | FQ69: =$K69*FP69 -> 0 | FR69: =$I69*FP69 -> 0 | FS69: =$J69*FP69 -> 0 | FT69: 0 | FU69: =$K69*FT69 -> 0 | FV69: =$I69*FT69 -> 0 | FW69: =$J69*FT69 -> 0 | FX69: 0 | FY69: =$K69*FX69 -> 0 | FZ69: =$I69*FX69 -> 0 | GA69: =$J69*FX69 -> 0 | GB69: 0 | GC69: =$K69*GB69 -> 0 | GD69: =$I69*GB69 -> 0 | GE69: =$J69*GB69 -> 0 | GF69: 0 | GG69: =$K69*GF69 -> 0 | GH69: =$I69*GF69 -> 0 | GI69: =$J69*GF69 -> 0 | GJ69: 0 | GK69: =$K69*GJ69 -> 0 | GL69: =$I69*GJ69 -> 0 | GM69: =$J69*GJ69 -> 0 | GN69: 0 | GO69: =$K69*GN69 -> 0 | GP69: =$I69*GN69 -> 0 | GQ69: =$J69*GN69 -> 0 | GR69: 0 | GS69: =$K69*GR69 -> 0 | GT69: =$I69*GR69 -> 0 | GU69: =$J69*GR69 -> 0 | GV69: 0 | GW69: =$K69*GV69 -> 0 | GX69: =$I69*GV69 -> 0 | GY69: =$J69*GV69 -> 0 | GZ69: 0 | HA69: =$K69*GZ69 -> 0 | HB69: =$I69*GZ69 -> 0 | HC69: =$J69*GZ69 -> 0 | HD69: 0 | HE69: =$K69*HD69 -> 0 | HF69: =$I69*HD69 -> 0 | HG69: =$J69*HD69 -> 0 | HI69: =L69+P69+T69+X69+AB69+AF69+AJ69+AN69+AR69+AV69+AZ69+BD69+BH69+BL69+BP69+BT69+BX69+CB69+CF69+CJ69+CN69+CR69+CV69+CZ69+DD69+DH69+DL69+DP69+DT69+DX69+EB69+EF69+EJ69+EN69+ER69+EV69+EZ69+FD69+FH69+FL69+FP69+FT69+FX69+GB69+GF69+GJ69+GN69+GR69+GV69+GZ69+HD69 -> 0 | HJ69: =M69+Q69+U69+Y69+AC69+AG69+AK69+AO69+AS69+AW69+BA69+BE69+BI69+BM69+BQ69+BU69+BY69+CC69+CG69+CK69+CO69+CS69+CW69+DA69+DE69+DI69+DM69+DQ69+DU69+DY69+EC69+EG69+EK69+EO69+ES69+EW69+FA69+FE69+FI69+FM69+FQ69+FU69+FY69+GC69+GG69+GK69+GO69+GS69+GW69+HA69+HE69 -> 0 | HK69: =HJ69-K69 -> 0
F70: =E70*12 -> 0 | G70: =IF(C70="",0,IF(C70="50000",$G$4,IF(C70="50010",$G$5,IF(C70="50020",$G$6,IF(C70="50030",$G$7,IF(C70="50040",$G$8,IF(C70="50050",$G$9,IF(C70="50060",$G$10,IF(C70="50090",$G$11,IF(C70="50100",$G$12,IF(C70="50110",$G$13))))))))))) -> 0 | H70: 0 | I70: =F70*H70 -> 0 | J70: =F70*G70*H70 -> 0 | K70: =F70*(1+G70)*H70 -> 0 | L70: 0 | M70: =$K70*L70 -> 0 | N70: =$I70*L70 -> 0 | O70: =$J70*L70 -> 0 | P70: 0 | Q70: =$K70*P70 -> 0 | R70: =$I70*P70 -> 0 | S70: =$J70*P70 -> 0 | T70: 0 | U70: =$K70*T70 -> 0 | V70: =$I70*T70 -> 0 | W70: =$J70*T70 -> 0 | X70: 0 | Y70: =$K70*X70 -> 0 | Z70: =$I70*X70 -> 0 | AA70: =$J70*X70 -> 0 | AB70: 0 | AC70: =$K70*AB70 -> 0 | AD70: =$I70*AB70 -> 0 | AE70: =$J70*AB70 -> 0 | AF70: 0 | AG70: =$K70*AF70 -> 0 | AH70: =$I70*AF70 -> 0 | AI70: =$J70*AF70 -> 0 | AJ70: 0 | AK70: =$K70*AJ70 -> 0 | AL70: =$I70*AJ70 -> 0 | AM70: =$J70*AJ70 -> 0 | AN70: 0 | AO70: =$K70*AN70 -> 0 | AP70: =$I70*AN70 -> 0 | AQ70: =$J70*AN70 -> 0 | AR70: 0 | AS70: =$K70*AR70 -> 0 | AT70: =$I70*AR70 -> 0 | AU70: =$J70*AR70 -> 0 | AV70: 0 | AW70: =$K70*AV70 -> 0 | AX70: =$I70*AV70 -> 0 | AY70: =$J70*AV70 -> 0 | AZ70: 0 | BA70: =$K70*AZ70 -> 0 | BB70: =$I70*AZ70 -> 0 | BC70: =$J70*AZ70 -> 0 | BD70: 0 | BE70: =$K70*BD70 -> 0 | BF70: =$I70*BD70 -> 0 | BG70: =$J70*BD70 -> 0 | BH70: 0 | BI70: =$K70*BH70 -> 0 | BJ70: =$I70*BH70 -> 0 | BK70: =$J70*BH70 -> 0 | BL70: 0 | BM70: =$K70*BL70 -> 0 | BN70: =$I70*BL70 -> 0 | BO70: =$J70*BL70 -> 0 | BP70: 0 | BQ70: =$K70*BP70 -> 0 | BR70: =$I70*BP70 -> 0 | BS70: =$J70*BP70 -> 0 | BT70: 0 | BU70: =$K70*BT70 -> 0 | BV70: =$I70*BT70 -> 0 | BW70: =$J70*BT70 -> 0 | BX70: 0 | BY70: =$K70*BX70 -> 0 | BZ70: =$I70*BX70 -> 0 | CA70: =$J70*BX70 -> 0 | CB70: 0 | CC70: =$K70*CB70 -> 0 | CD70: =$I70*CB70 -> 0 | CE70: =$J70*CB70 -> 0 | CF70: 0 | CG70: =$K70*CF70 -> 0 | CH70: =$I70*CF70 -> 0 | CI70: =$J70*CF70 -> 0 | CJ70: 0 | CK70: =$K70*CJ70 -> 0 | CL70: =$I70*CJ70 -> 0 | CM70: =$J70*CJ70 -> 0 | CN70: 0 | CO70: =$K70*CN70 -> 0 | CP70: =$I70*CN70 -> 0 | CQ70: =$J70*CN70 -> 0 | CR70: 0 | CS70: =$K70*CR70 -> 0 | CT70: =$I70*CR70 -> 0 | CU70: =$J70*CR70 -> 0 | CV70: 0 | CW70: =$K70*CV70 -> 0 | CX70: =$I70*CV70 -> 0 | CY70: =$J70*CV70 -> 0 | CZ70: 0 | DA70: =$K70*CZ70 -> 0 | DB70: =$I70*CZ70 -> 0 | DC70: =$J70*CZ70 -> 0 | DD70: 0 | DE70: =$K70*DD70 -> 0 | DF70: =$I70*DD70 -> 0 | DG70: =$J70*DD70 -> 0 | DH70: 0 | DI70: =$K70*DH70 -> 0 | DJ70: =$I70*DH70 -> 0 | DK70: =$J70*DH70 -> 0 | DL70: 0 | DM70: =$K70*DL70 -> 0 | DN70: =$I70*DL70 -> 0 | DO70: =$J70*DL70 -> 0 | DP70: 0 | DQ70: =$K70*DP70 -> 0 | DR70: =$I70*DP70 -> 0 | DS70: =$J70*DP70 -> 0 | DT70: 0 | DU70: =$K70*DT70 -> 0 | DV70: =$I70*DT70 -> 0 | DW70: =$J70*DT70 -> 0 | DX70: 0 | DY70: =$K70*DX70 -> 0 | DZ70: =$I70*DX70 -> 0 | EA70: =$J70*DX70 -> 0 | EB70: 0 | EC70: =$K70*EB70 -> 0 | ED70: =$I70*EB70 -> 0 | EE70: =$J70*EB70 -> 0 | EF70: 0 | EG70: =$K70*EF70 -> 0 | EH70: =$I70*EF70 -> 0 | EI70: =$J70*EF70 -> 0 | EJ70: 0 | EK70: =$K70*EJ70 -> 0 | EL70: =$I70*EJ70 -> 0 | EM70: =$J70*EJ70 -> 0 | EN70: 0 | EO70: =$K70*EN70 -> 0 | EP70: =$I70*EN70 -> 0 | EQ70: =$J70*EN70 -> 0 | ER70: 0 | ES70: =$K70*ER70 -> 0 | ET70: =$I70*ER70 -> 0 | EU70: =$J70*ER70 -> 0 | EV70: 0 | EW70: =$K70*EV70 -> 0 | EX70: =$I70*EV70 -> 0 | EY70: =$J70*EV70 -> 0 | EZ70: 0 | FA70: =$K70*EZ70 -> 0 | FB70: =$I70*EZ70 -> 0 | FC70: =$J70*EZ70 -> 0 | FD70: 0 | FE70: =$K70*FD70 -> 0 | FF70: =$I70*FD70 -> 0 | FG70: =$J70*FD70 -> 0 | FH70: 0 | FI70: =$K70*FH70 -> 0 | FJ70: =$I70*FH70 -> 0 | FK70: =$J70*FH70 -> 0 | FL70: 0 | FM70: =$K70*FL70 -> 0 | FN70: =$I70*FL70 -> 0 | FO70: =$J70*FL70 -> 0 | FP70: 0 | FQ70: =$K70*FP70 -> 0 | FR70: =$I70*FP70 -> 0 | FS70: =$J70*FP70 -> 0 | FT70: 0 | FU70: =$K70*FT70 -> 0 | FV70: =$I70*FT70 -> 0 | FW70: =$J70*FT70 -> 0 | FX70: 0 | FY70: =$K70*FX70 -> 0 | FZ70: =$I70*FX70 -> 0 | GA70: =$J70*FX70 -> 0 | GB70: 0 | GC70: =$K70*GB70 -> 0 | GD70: =$I70*GB70 -> 0 | GE70: =$J70*GB70 -> 0 | GF70: 0 | GG70: =$K70*GF70 -> 0 | GH70: =$I70*GF70 -> 0 | GI70: =$J70*GF70 -> 0 | GJ70: 0 | GK70: =$K70*GJ70 -> 0 | GL70: =$I70*GJ70 -> 0 | GM70: =$J70*GJ70 -> 0 | GN70: 0 | GO70: =$K70*GN70 -> 0 | GP70: =$I70*GN70 -> 0 | GQ70: =$J70*GN70 -> 0 | GR70: 0 | GS70: =$K70*GR70 -> 0 | GT70: =$I70*GR70 -> 0 | GU70: =$J70*GR70 -> 0 | GV70: 0 | GW70: =$K70*GV70 -> 0 | GX70: =$I70*GV70 -> 0 | GY70: =$J70*GV70 -> 0 | GZ70: 0 | HA70: =$K70*GZ70 -> 0 | HB70: =$I70*GZ70 -> 0 | HC70: =$J70*GZ70 -> 0 | HD70: 0 | HE70: =$K70*HD70 -> 0 | HF70: =$I70*HD70 -> 0 | HG70: =$J70*HD70 -> 0 | HI70: =L70+P70+T70+X70+AB70+AF70+AJ70+AN70+AR70+AV70+AZ70+BD70+BH70+BL70+BP70+BT70+BX70+CB70+CF70+CJ70+CN70+CR70+CV70+CZ70+DD70+DH70+DL70+DP70+DT70+DX70+EB70+EF70+EJ70+EN70+ER70+EV70+EZ70+FD70+FH70+FL70+FP70+FT70+FX70+GB70+GF70+GJ70+GN70+GR70+GV70+GZ70+HD70 -> 0 | HJ70: =M70+Q70+U70+Y70+AC70+AG70+AK70+AO70+AS70+AW70+BA70+BE70+BI70+BM70+BQ70+BU70+BY70+CC70+CG70+CK70+CO70+CS70+CW70+DA70+DE70+DI70+DM70+DQ70+DU70+DY70+EC70+EG70+EK70+EO70+ES70+EW70+FA70+FE70+FI70+FM70+FQ70+FU70+FY70+GC70+GG70+GK70+GO70+GS70+GW70+HA70+HE70 -> 0 | HK70: =HJ70-K70 -> 0
F71: =E71*12 -> 0 | G71: =IF(C71="",0,IF(C71="50000",$G$4,IF(C71="50010",$G$5,IF(C71="50020",$G$6,IF(C71="50030",$G$7,IF(C71="50040",$G$8,IF(C71="50050",$G$9,IF(C71="50060",$G$10,IF(C71="50090",$G$11,IF(C71="50100",$G$12,IF(C71="50110",$G$13))))))))))) -> 0 | H71: 0 | I71: =F71*H71 -> 0 | J71: =F71*G71*H71 -> 0 | K71: =F71*(1+G71)*H71 -> 0 | L71: 0 | M71: =$K71*L71 -> 0 | N71: =$I71*L71 -> 0 | O71: =$J71*L71 -> 0 | P71: 0 | Q71: =$K71*P71 -> 0 | R71: =$I71*P71 -> 0 | S71: =$J71*P71 -> 0 | T71: 0 | U71: =$K71*T71 -> 0 | V71: =$I71*T71 -> 0 | W71: =$J71*T71 -> 0 | X71: 0 | Y71: =$K71*X71 -> 0 | Z71: =$I71*X71 -> 0 | AA71: =$J71*X71 -> 0 | AB71: 0 | AC71: =$K71*AB71 -> 0 | AD71: =$I71*AB71 -> 0 | AE71: =$J71*AB71 -> 0 | AF71: 0 | AG71: =$K71*AF71 -> 0 | AH71: =$I71*AF71 -> 0 | AI71: =$J71*AF71 -> 0 | AJ71: 0 | AK71: =$K71*AJ71 -> 0 | AL71: =$I71*AJ71 -> 0 | AM71: =$J71*AJ71 -> 0 | AN71: 0 | AO71: =$K71*AN71 -> 0 | AP71: =$I71*AN71 -> 0 | AQ71: =$J71*AN71 -> 0 | AR71: 0 | AS71: =$K71*AR71 -> 0 | AT71: =$I71*AR71 -> 0 | AU71: =$J71*AR71 -> 0 | AV71: 0 | AW71: =$K71*AV71 -> 0 | AX71: =$I71*AV71 -> 0 | AY71: =$J71*AV71 -> 0 | AZ71: 0 | BA71: =$K71*AZ71 -> 0 | BB71: =$I71*AZ71 -> 0 | BC71: =$J71*AZ71 -> 0 | BD71: 0 | BE71: =$K71*BD71 -> 0 | BF71: =$I71*BD71 -> 0 | BG71: =$J71*BD71 -> 0 | BH71: 0 | BI71: =$K71*BH71 -> 0 | BJ71: =$I71*BH71 -> 0 | BK71: =$J71*BH71 -> 0 | BL71: 0 | BM71: =$K71*BL71 -> 0 | BN71: =$I71*BL71 -> 0 | BO71: =$J71*BL71 -> 0 | BP71: 0 | BQ71: =$K71*BP71 -> 0 | BR71: =$I71*BP71 -> 0 | BS71: =$J71*BP71 -> 0 | BT71: 0 | BU71: =$K71*BT71 -> 0 | BV71: =$I71*BT71 -> 0 | BW71: =$J71*BT71 -> 0 | BX71: 0 | BY71: =$K71*BX71 -> 0 | BZ71: =$I71*BX71 -> 0 | CA71: =$J71*BX71 -> 0 | CB71: 0 | CC71: =$K71*CB71 -> 0 | CD71: =$I71*CB71 -> 0 | CE71: =$J71*CB71 -> 0 | CF71: 0 | CG71: =$K71*CF71 -> 0 | CH71: =$I71*CF71 -> 0 | CI71: =$J71*CF71 -> 0 | CJ71: 0 | CK71: =$K71*CJ71 -> 0 | CL71: =$I71*CJ71 -> 0 | CM71: =$J71*CJ71 -> 0 | CN71: 0 | CO71: =$K71*CN71 -> 0 | CP71: =$I71*CN71 -> 0 | CQ71: =$J71*CN71 -> 0 | CR71: 0 | CS71: =$K71*CR71 -> 0 | CT71: =$I71*CR71 -> 0 | CU71: =$J71*CR71 -> 0 | CV71: 0 | CW71: =$K71*CV71 -> 0 | CX71: =$I71*CV71 -> 0 | CY71: =$J71*CV71 -> 0 | CZ71: 0 | DA71: =$K71*CZ71 -> 0 | DB71: =$I71*CZ71 -> 0 | DC71: =$J71*CZ71 -> 0 | DD71: 0 | DE71: =$K71*DD71 -> 0 | DF71: =$I71*DD71 -> 0 | DG71: =$J71*DD71 -> 0 | DH71: 0 | DI71: =$K71*DH71 -> 0 | DJ71: =$I71*DH71 -> 0 | DK71: =$J71*DH71 -> 0 | DL71: 0 | DM71: =$K71*DL71 -> 0 | DN71: =$I71*DL71 -> 0 | DO71: =$J71*DL71 -> 0 | DP71: 0 | DQ71: =$K71*DP71 -> 0 | DR71: =$I71*DP71 -> 0 | DS71: =$J71*DP71 -> 0 | DT71: 0 | DU71: =$K71*DT71 -> 0 | DV71: =$I71*DT71 -> 0 | DW71: =$J71*DT71 -> 0 | DX71: 0 | DY71: =$K71*DX71 -> 0 | DZ71: =$I71*DX71 -> 0 | EA71: =$J71*DX71 -> 0 | EB71: 0 | EC71: =$K71*EB71 -> 0 | ED71: =$I71*EB71 -> 0 | EE71: =$J71*EB71 -> 0 | EF71: 0 | EG71: =$K71*EF71 -> 0 | EH71: =$I71*EF71 -> 0 | EI71: =$J71*EF71 -> 0 | EJ71: 0 | EK71: =$K71*EJ71 -> 0 | EL71: =$I71*EJ71 -> 0 | EM71: =$J71*EJ71 -> 0 | EN71: 0 | EO71: =$K71*EN71 -> 0 | EP71: =$I71*EN71 -> 0 | EQ71: =$J71*EN71 -> 0 | ER71: 0 | ES71: =$K71*ER71 -> 0 | ET71: =$I71*ER71 -> 0 | EU71: =$J71*ER71 -> 0 | EV71: 0 | EW71: =$K71*EV71 -> 0 | EX71: =$I71*EV71 -> 0 | EY71: =$J71*EV71 -> 0 | EZ71: 0 | FA71: =$K71*EZ71 -> 0 | FB71: =$I71*EZ71 -> 0 | FC71: =$J71*EZ71 -> 0 | FD71: 0 | FE71: =$K71*FD71 -> 0 | FF71: =$I71*FD71 -> 0 | FG71: =$J71*FD71 -> 0 | FH71: 0 | FI71: =$K71*FH71 -> 0 | FJ71: =$I71*FH71 -> 0 | FK71: =$J71*FH71 -> 0 | FL71: 0 | FM71: =$K71*FL71 -> 0 | FN71: =$I71*FL71 -> 0 | FO71: =$J71*FL71 -> 0 | FP71: 0 | FQ71: =$K71*FP71 -> 0 | FR71: =$I71*FP71 -> 0 | FS71: =$J71*FP71 -> 0 | FT71: 0 | FU71: =$K71*FT71 -> 0 | FV71: =$I71*FT71 -> 0 | FW71: =$J71*FT71 -> 0 | FX71: 0 | FY71: =$K71*FX71 -> 0 | FZ71: =$I71*FX71 -> 0 | GA71: =$J71*FX71 -> 0 | GB71: 0 | GC71: =$K71*GB71 -> 0 | GD71: =$I71*GB71 -> 0 | GE71: =$J71*GB71 -> 0 | GF71: 0 | GG71: =$K71*GF71 -> 0 | GH71: =$I71*GF71 -> 0 | GI71: =$J71*GF71 -> 0 | GJ71: 0 | GK71: =$K71*GJ71 -> 0 | GL71: =$I71*GJ71 -> 0 | GM71: =$J71*GJ71 -> 0 | GN71: 0 | GO71: =$K71*GN71 -> 0 | GP71: =$I71*GN71 -> 0 | GQ71: =$J71*GN71 -> 0 | GR71: 0 | GS71: =$K71*GR71 -> 0 | GT71: =$I71*GR71 -> 0 | GU71: =$J71*GR71 -> 0 | GV71: 0 | GW71: =$K71*GV71 -> 0 | GX71: =$I71*GV71 -> 0 | GY71: =$J71*GV71 -> 0 | GZ71: 0 | HA71: =$K71*GZ71 -> 0 | HB71: =$I71*GZ71 -> 0 | HC71: =$J71*GZ71 -> 0 | HD71: 0 | HE71: =$K71*HD71 -> 0 | HF71: =$I71*HD71 -> 0 | HG71: =$J71*HD71 -> 0 | HI71: =L71+P71+T71+X71+AB71+AF71+AJ71+AN71+AR71+AV71+AZ71+BD71+BH71+BL71+BP71+BT71+BX71+CB71+CF71+CJ71+CN71+CR71+CV71+CZ71+DD71+DH71+DL71+DP71+DT71+DX71+EB71+EF71+EJ71+EN71+ER71+EV71+EZ71+FD71+FH71+FL71+FP71+FT71+FX71+GB71+GF71+GJ71+GN71+GR71+GV71+GZ71+HD71 -> 0 | HJ71: =M71+Q71+U71+Y71+AC71+AG71+AK71+AO71+AS71+AW71+BA71+BE71+BI71+BM71+BQ71+BU71+BY71+CC71+CG71+CK71+CO71+CS71+CW71+DA71+DE71+DI71+DM71+DQ71+DU71+DY71+EC71+EG71+EK71+EO71+ES71+EW71+FA71+FE71+FI71+FM71+FQ71+FU71+FY71+GC71+GG71+GK71+GO71+GS71+GW71+HA71+HE71 -> 0 | HK71: =HJ71-K71 -> 0
... F75: =E75*12 -> 0 | G75: =IF(C75="",0,IF(C75="50000",$G$4,IF(C75="50010",$G$5,IF(C75="50020",$G$6,IF(C75="50030",$G$7,IF(C75="50040",$G$8,IF(C75="50050",$G$9,IF(C75="50060",$G$10,IF(C75="50090",$G$11,IF(C75="50100",$G$12,IF(C75="50110",$G$13))))))))))) -> 0 | H75: 0 | I75: =F75*H75 -> 0 | J75: =F75*G75*H75 -> 0 | K75: =F75*(1+G75)*H75 -> 0 | L75: 0 | M75: =$K75*L75 -> 0 | N75: =$I75*L75 -> 0 | O75: =$J75*L75 -> 0 | P75: 0 | Q75: =$K75*P75 -> 0 | R75: =$I75*P75 -> 0 | S75: =$J75*P75 -> 0 | T75: 0 | U75: =$K75*T75 -> 0 | V75: =$I75*T75 -> 0 | W75: =$J75*T75 -> 0 | X75: 0 | Y75: =$K75*X75 -> 0 | Z75: =$I75*X75 -> 0 | AA75: =$J75*X75 -> 0 | AB75: 0 | AC75: =$K75*AB75 -> 0 | AD75: =$I75*AB75 -> 0 | AE75: =$J75*AB75 -> 0 | AF75: 0 | AG75: =$K75*AF75 -> 0 | AH75: =$I75*AF75 -> 0 | AI75: =$J75*AF75 -> 0 | AJ75: 0 | AK75: =$K75*AJ75 -> 0 | AL75: =$I75*AJ75 -> 0 | AM75: =$J75*AJ75 -> 0 | AN75: 0 | AO75: =$K75*AN75 -> 0 | AP75: =$I75*AN75 -> 0 | AQ75: =$J75*AN75 -> 0 | AR75: 0 | AS75: =$K75*AR75 -> 0 | AT75: =$I75*AR75 -> 0 | AU75: =$J75*AR75 -> 0 | AV75: 0 | AW75: =$K75*AV75 -> 0 | AX75: =$I75*AV75 -> 0 | AY75: =$J75*AV75 -> 0 | AZ75: 0 | BA75: =$K75*AZ75 -> 0 | BB75: =$I75*AZ75 -> 0 | BC75: =$J75*AZ75 -> 0 | BD75: 0 | BE75: =$K75*BD75 -> 0 | BF75: =$I75*BD75 -> 0 | BG75: =$J75*BD75 -> 0 | BH75: 0 | BI75: =$K75*BH75 -> 0 | BJ75: =$I75*BH75 -> 0 | BK75: =$J75*BH75 -> 0 | BL75: 0 | BM75: =$K75*BL75 -> 0 | BN75: =$I75*BL75 -> 0 | BO75: =$J75*BL75 -> 0 | BP75: 0 | BQ75: =$K75*BP75 -> 0 | BR75: =$I75*BP75 -> 0 | BS75: =$J75*BP75 -> 0 | BT75: 0 | BU75: =$K75*BT75 -> 0 | BV75: =$I75*BT75 -> 0 | BW75: =$J75*BT75 -> 0 | BX75: 0 | BY75: =$K75*BX75 -> 0 | BZ75: =$I75*BX75 -> 0 | CA75: =$J75*BX75 -> 0 | CB75: 0 | CC75: =$K75*CB75 -> 0 | CD75: =$I75*CB75 -> 0 | CE75: =$J75*CB75 -> 0 | CF75: 0 | CG75: =$K75*CF75 -> 0 | CH75: =$I75*CF75 -> 0 | CI75: =$J75*CF75 -> 0 | CJ75: 0 | CK75: =$K75*CJ75 -> 0 | CL75: =$I75*CJ75 -> 0 | CM75: =$J75*CJ75 -> 0 | CN75: 0 | CO75: =$K75*CN75 -> 0 | CP75: =$I75*CN75 -> 0 | CQ75: =$J75*CN75 -> 0 | CR75: 0 | CS75: =$K75*CR75 -> 0 | CT75: =$I75*CR75 -> 0 | CU75: =$J75*CR75 -> 0 | CV75: 0 | CW75: =$K75*CV75 -> 0 | CX75: =$I75*CV75 -> 0 | CY75: =$J75*CV75 -> 0 | CZ75: 0 | DA75: =$K75*CZ75 -> 0 | DB75: =$I75*CZ75 -> 0 | DC75: =$J75*CZ75 -> 0 | DD75: 0 | DE75: =$K75*DD75 -> 0 | DF75: =$I75*DD75 -> 0 | DG75: =$J75*DD75 -> 0 | DH75: 0 | DI75: =$K75*DH75 -> 0 | DJ75: =$I75*DH75 -> 0 | DK75: =$J75*DH75 -> 0 | DL75: 0 | DM75: =$K75*DL75 -> 0 | DN75: =$I75*DL75 -> 0 | DO75: =$J75*DL75 -> 0 | DP75: 0 | DQ75: =$K75*DP75 -> 0 | DR75: =$I75*DP75 -> 0 | DS75: =$J75*DP75 -> 0 | DT75: 0 | DU75: =$K75*DT75 -> 0 | DV75: =$I75*DT75 -> 0 | DW75: =$J75*DT75 -> 0 | DX75: 0 | DY75: =$K75*DX75 -> 0 | DZ75: =$I75*DX75 -> 0 | EA75: =$J75*DX75 -> 0 | EB75: 0 | EC75: =$K75*EB75 -> 0 | ED75: =$I75*EB75 -> 0 | EE75: =$J75*EB75 -> 0 | EF75: 0 | EG75: =$K75*EF75 -> 0 | EH75: =$I75*EF75 -> 0 | EI75: =$J75*EF75 -> 0 | EJ75: 0 | EK75: =$K75*EJ75 -> 0 | EL75: =$I75*EJ75 -> 0 | EM75: =$J75*EJ75 -> 0 | EN75: 0 | EO75: =$K75*EN75 -> 0 | EP75: =$I75*EN75 -> 0 | EQ75: =$J75*EN75 -> 0 | ER75: 0 | ES75: =$K75*ER75 -> 0 | ET75: =$I75*ER75 -> 0 | EU75: =$J75*ER75 -> 0 | EV75: 0 | EW75: =$K75*EV75 -> 0 | EX75: =$I75*EV75 -> 0 | EY75: =$J75*EV75 -> 0 | EZ75: 0 | FA75: =$K75*EZ75 -> 0 | FB75: =$I75*EZ75 -> 0 | FC75: =$J75*EZ75 -> 0 | FD75: 0 | FE75: =$K75*FD75 -> 0 | FF75: =$I75*FD75 -> 0 | FG75: =$J75*FD75 -> 0 | FH75: 0 | FI75: =$K75*FH75 -> 0 | FJ75: =$I75*FH75 -> 0 | FK75: =$J75*FH75 -> 0 | FL75: 0 | FM75: =$K75*FL75 -> 0 | FN75: =$I75*FL75 -> 0 | FO75: =$J75*FL75 -> 0 | FP75: 0 | FQ75: =$K75*FP75 -> 0 | FR75: =$I75*FP75 -> 0 | FS75: =$J75*FP75 -> 0 | FT75: 0 | FU75: =$K75*FT75 -> 0 | FV75: =$I75*FT75 -> 0 | FW75: =$J75*FT75 -> 0 | FX75: 0 | FY75: =$K75*FX75 -> 0 | FZ75: =$I75*FX75 -> 0 | GA75: =$J75*FX75 -> 0 | GB75: 0 | GC75: =$K75*GB75 -> 0 | GD75: =$I75*GB75 -> 0 | GE75: =$J75*GB75 -> 0 | GF75: 0 | GG75: =$K75*GF75 -> 0 | GH75: =$I75*GF75 -> 0 | GI75: =$J75*GF75 -> 0 | GJ75: 0 | GK75: =$K75*GJ75 -> 0 | GL75: =$I75*GJ75 -> 0 | GM75: =$J75*GJ75 -> 0 | GN75: 0 | GO75: =$K75*GN75 -> 0 | GP75: =$I75*GN75 -> 0 | GQ75: =$J75*GN75 -> 0 | GR75: 0 | GS75: =$K75*GR75 -> 0 | GT75: =$I75*GR75 -> 0 | GU75: =$J75*GR75 -> 0 | GV75: 0 | GW75: =$K75*GV75 -> 0 | GX75: =$I75*GV75 -> 0 | GY75: =$J75*GV75 -> 0 | GZ75: 0 | HA75: =$K75*GZ75 -> 0 | HB75: =$I75*GZ75 -> 0 | HC75: =$J75*GZ75 -> 0 | HD75: 0 | HE75: =$K75*HD75 -> 0 | HF75: =$I75*HD75 -> 0 | HG75: =$J75*HD75 -> 0 | HI75: =L75+P75+T75+X75+AB75+AF75+AJ75+AN75+AR75+AV75+AZ75+BD75+BH75+BL75+BP75+BT75+BX75+CB75+CF75+CJ75+CN75+CR75+CV75+CZ75+DD75+DH75+DL75+DP75+DT75+DX75+EB75+EF75+EJ75+EN75+ER75+EV75+EZ75+FD75+FH75+FL75+FP75+FT75+FX75+GB75+GF75+GJ75+GN75+GR75+GV75+GZ75+HD75 -> 0 | HJ75: =M75+Q75+U75+Y75+AC75+AG75+AK75+AO75+AS75+AW75+BA75+BE75+BI75+BM75+BQ75+BU75+BY75+CC75+CG75+CK75+CO75+CS75+CW75+DA75+DE75+DI75+DM75+DQ75+DU75+DY75+EC75+EG75+EK75+EO75+ES75+EW75+FA75+FE75+FI75+FM75+FQ75+FU75+FY75+GC75+GG75+GK75+GO75+GS75+GW75+HA75+HE75 -> 0 | HK75: =HJ75-K75 -> 0
A77: Direct Salaries-Faculty and Staff | F77: =SUM(F60:F75) -> 0 | I77: =SUM(I60:I75) -> 0 | J77: =SUM(J60:J75) -> 0 | K77: =SUM(K60:K75) -> 0 | M77: =SUM(M60:M75) -> 0 | N77: =SUM(N60:N75) -> 0 | O77: =SUM(O60:O75) -> 0 | Q77: =SUM(Q60:Q75) -> 0 | R77: =SUM(R60:R75) -> 0 | S77: =SUM(S60:S75) -> 0 | U77: =SUM(U60:U75) -> 0 | V77: =SUM(V60:V75) -> 0 | W77: =SUM(W60:W75) -> 0 | Y77: =SUM(Y60:Y75) -> 0 | Z77: =SUM(Z60:Z75) -> 0 | AA77: =SUM(AA60:AA75) -> 0 | AC77: =SUM(AC60:AC75) -> 0 | AD77: =SUM(AD60:AD75) -> 0 | AE77: =SUM(AE60:AE75) -> 0 | AG77: =SUM(AG60:AG75) -> 0 | AH77: =SUM(AH60:AH75) -> 0 | AI77: =SUM(AI60:AI75) -> 0 | AK77: =SUM(AK60:AK75) -> 0 | AL77: =SUM(AL60:AL75) -> 0 | AM77: =SUM(AM60:AM75) -> 0 | AO77: =SUM(AO60:AO75) -> 0 | AP77: =SUM(AP60:AP75) -> 0 | AQ77: =SUM(AQ60:AQ75) -> 0 | AS77: =SUM(AS60:AS75) -> 0 | AT77: =SUM(AT60:AT75) -> 0 | AU77: =SUM(AU60:AU75) -> 0 | AW77: =SUM(AW60:AW75) -> 0 | AX77: =SUM(AX60:AX75) -> 0 | AY77: =SUM(AY60:AY75) -> 0 | BA77: =SUM(BA60:BA75) -> 0 | BB77: =SUM(BB60:BB75) -> 0 | BC77: =SUM(BC60:BC75) -> 0 | BE77: =SUM(BE60:BE75) -> 0 | BF77: =SUM(BF60:BF75) -> 0 | BG77: =SUM(BG60:BG75) -> 0 | BI77: =SUM(BI60:BI75) -> 0 | BJ77: =SUM(BJ60:BJ75) -> 0 | BK77: =SUM(BK60:BK75) -> 0 | BM77: =SUM(BM60:BM75) -> 0 | BN77: =SUM(BN60:BN75) -> 0 | BO77: =SUM(BO60:BO75) -> 0 | BQ77: =SUM(BQ60:BQ75) -> 0 | BR77: =SUM(BR60:BR75) -> 0 | BS77: =SUM(BS60:BS75) -> 0 | BU77: =SUM(BU60:BU75) -> 0 | BV77: =SUM(BV60:BV75) -> 0 | BW77: =SUM(BW60:BW75) -> 0 | BY77: =SUM(BY60:BY75) -> 0 | BZ77: =SUM(BZ60:BZ75) -> 0 | CA77: =SUM(CA60:CA75) -> 0 | CC77: =SUM(CC60:CC75) -> 0 | CD77: =SUM(CD60:CD75) -> 0 | CE77: =SUM(CE60:CE75) -> 0 | CG77: =SUM(CG60:CG75) -> 0 | CH77: =SUM(CH60:CH75) -> 0 | CI77: =SUM(CI60:CI75) -> 0 | CK77: =SUM(CK60:CK75) -> 0 | CL77: =SUM(CL60:CL75) -> 0 | CM77: =SUM(CM60:CM75) -> 0 | CO77: =SUM(CO60:CO75) -> 0 | CP77: =SUM(CP60:CP75) -> 0 | CQ77: =SUM(CQ60:CQ75) -> 0 | CS77: =SUM(CS60:CS75) -> 0 | CT77: =SUM(CT60:CT75) -> 0 | CU77: =SUM(CU60:CU75) -> 0 | CW77: =SUM(CW60:CW75) -> 0 | CX77: =SUM(CX60:CX75) -> 0 | CY77: =SUM(CY60:CY75) -> 0 | DA77: =SUM(DA60:DA75) -> 0 | DB77: =SUM(DB60:DB75) -> 0 | DC77: =SUM(DC60:DC75) -> 0 | DE77: =SUM(DE60:DE75) -> 0 | DF77: =SUM(DF60:DF75) -> 0 | DG77: =SUM(DG60:DG75) -> 0 | DI77: =SUM(DI60:DI75) -> 0 | DJ77: =SUM(DJ60:DJ75) -> 0 | DK77: =SUM(DK60:DK75) -> 0 | DM77: =SUM(DM60:DM75) -> 0 | DN77: =SUM(DN60:DN75) -> 0 | DO77: =SUM(DO60:DO75) -> 0 | DQ77: =SUM(DQ60:DQ75) -> 0 | DR77: =SUM(DR60:DR75) -> 0 | DS77: =SUM(DS60:DS75) -> 0 | DU77: =SUM(DU60:DU75) -> 0 | DV77: =SUM(DV60:DV75) -> 0 | DW77: =SUM(DW60:DW75) -> 0 | DY77: =SUM(DY60:DY75) -> 0 | DZ77: =SUM(DZ60:DZ75) -> 0 | EA77: =SUM(EA60:EA75) -> 0 | EC77: =SUM(EC60:EC75) -> 0 | ED77: =SUM(ED60:ED75) -> 0 | EE77: =SUM(EE60:EE75) -> 0 | EG77: =SUM(EG60:EG75) -> 0 | EH77: =SUM(EH60:EH75) -> 0 | EI77: =SUM(EI60:EI75) -> 0 | EK77: =SUM(EK60:EK75) -> 0 | EL77: =SUM(EL60:EL75) -> 0 | EM77: =SUM(EM60:EM75) -> 0 | EO77: =SUM(EO60:EO75) -> 0 | EP77: =SUM(EP60:EP75) -> 0 | EQ77: =SUM(EQ60:EQ75) -> 0 | ES77: =SUM(ES60:ES75) -> 0 | ET77: =SUM(ET60:ET75) -> 0 | EU77: =SUM(EU60:EU75) -> 0 | EW77: =SUM(EW60:EW75) -> 0 | EX77: =SUM(EX60:EX75) -> 0 | EY77: =SUM(EY60:EY75) -> 0 | FA77: =SUM(FA60:FA75) -> 0 | FB77: =SUM(FB60:FB75) -> 0 | FC77: =SUM(FC60:FC75) -> 0 | FE77: =SUM(FE60:FE75) -> 0 | FF77: =SUM(FF60:FF75) -> 0 | FG77: =SUM(FG60:FG75) -> 0 | FI77: =SUM(FI60:FI75) -> 0 | FJ77: =SUM(FJ60:FJ75) -> 0 | FK77: =SUM(FK60:FK75) -> 0 | FM77: =SUM(FM60:FM75) -> 0 | FN77: =SUM(FN60:FN75) -> 0 | FO77: =SUM(FO60:FO75) -> 0 | FQ77: =SUM(FQ60:FQ75) -> 0 | FR77: =SUM(FR60:FR75) -> 0 | FS77: =SUM(FS60:FS75) -> 0 | FU77: =SUM(FU60:FU75) -> 0 | FV77: =SUM(FV60:FV75) -> 0 | FW77: =SUM(FW60:FW75) -> 0 | FY77: =SUM(FY60:FY75) -> 0 | FZ77: =SUM(FZ60:FZ75) -> 0 | GA77: =SUM(GA60:GA75) -> 0 | GC77: =SUM(GC60:GC75) -> 0 | GD77: =SUM(GD60:GD75) -> 0 | GE77: =SUM(GE60:GE75) -> 0 | GG77: =SUM(GG60:GG75) -> 0 | GH77: =SUM(GH60:GH75) -> 0 | GI77: =SUM(GI60:GI75) -> 0 | GK77: =SUM(GK60:GK75) -> 0 | GL77: =SUM(GL60:GL75) -> 0 | GM77: =SUM(GM60:GM75) -> 0 | GO77: =SUM(GO60:GO75) -> 0 | GP77: =SUM(GP60:GP75) -> 0 | GQ77: =SUM(GQ60:GQ75) -> 0 | GS77: =SUM(GS60:GS75) -> 0 | GT77: =SUM(GT60:GT75) -> 0 | GU77: =SUM(GU60:GU75) -> 0 | GW77: =SUM(GW60:GW75) -> 0 | GX77: =SUM(GX60:GX75) -> 0 | GY77: =SUM(GY60:GY75) -> 0 | HA77: =SUM(HA60:HA75) -> 0 | HB77: =SUM(HB60:HB75) -> 0 | HC77: =SUM(HC60:HC75) -> 0 | HE77: =SUM(HE60:HE75) -> 0 | HF77: =SUM(HF60:HF75) -> 0 | HG77: =SUM(HG60:HG75) -> 0 | HJ77: =M77+Q77+U77+Y77+AC77+AG77+AK77+AO77+AS77+AW77+BA77+BE77+BI77+BM77+BQ77+BU77+BY77+CC77+CG77+CK77+CO77+CS77+CW77+DA77+DE77+DI77 -> 0 | HK77: =HJ77-K77 -> 0
F80: Total Salaries Year 1 | I80: =I52+I77 -> 0 | J80: =J52+J77 -> 0 | K80: =K52+K77 -> 0 | M80: =M52+M77 -> 0 | N80: =N52+N77 -> 0 | O80: =O52+O77 -> 0 | Q80: =Q52+Q77 -> 0 | R80: =R52+R77 -> 0 | S80: =S52+S77 -> 0 | U80: =U52+U77 -> 0 | V80: =V52+V77 -> 0 | W80: =W52+W77 -> 0 | Y80: =Y52+Y77 -> 0 | Z80: =Z52+Z77 -> 0 | AA80: =AA52+AA77 -> 0 | AC80: =AC52+AC77 -> 0 | AD80: =AD52+AD77 -> 0 | AE80: =AE52+AE77 -> 0 | AG80: =AG52+AG77 -> 0 | AH80: =AH52+AH77 -> 0 | AI80: =AI52+AI77 -> 0 | AK80: =AK52+AK77 -> 0 | AL80: =AL52+AL77 -> 0 | AM80: =AM52+AM77 -> 0 | AO80: =AO52+AO77 -> 0 | AP80: =AP52+AP77 -> 0 | AQ80: =AQ52+AQ77 -> 0 | AS80: =AS52+AS77 -> 0 | AT80: =AT52+AT77 -> 0 | AU80: =AU52+AU77 -> 0 | AW80: =AW52+AW77 -> 0 | AX80: =AX52+AX77 -> 0 | AY80: =AY52+AY77 -> 0 | BA80: =BA52+BA77 -> 0 | BB80: =BB52+BB77 -> 0 | BC80: =BC52+BC77 -> 0 | BE80: =BE52+BE77 -> 0 | BF80: =BF52+BF77 -> 0 | BG80: =BG52+BG77 -> 0 | BI80: =BI52+BI77 -> 0 | BJ80: =BJ52+BJ77 -> 0 | BK80: =BK52+BK77 -> 0 | BM80: =BM52+BM77 -> 0 | BN80: =BN52+BN77 -> 0 | BO80: =BO52+BO77 -> 0 | BQ80: =BQ52+BQ77 -> 0 | BR80: =BR52+BR77 -> 0 | BS80: =BS52+BS77 -> 0 | BU80: =BU52+BU77 -> 0 | BV80: =BV52+BV77 -> 0 | BW80: =BW52+BW77 -> 0 | BY80: =BY52+BY77 -> 0 | BZ80: =BZ52+BZ77 -> 0 | CA80: =CA52+CA77 -> 0 | CC80: =CC52+CC77 -> 0 | CD80: =CD52+CD77 -> 0 | CE80: =CE52+CE77 -> 0 | CG80: =CG52+CG77 -> 0 | CH80: =CH52+CH77 -> 0 | CI80: =CI52+CI77 -> 0 | CK80: =CK52+CK77 -> 0 | CL80: =CL52+CL77 -> 0 | CM80: =CM52+CM77 -> 0 | CO80: =CO52+CO77 -> 0 | CP80: =CP52+CP77 -> 0 | CQ80: =CQ52+CQ77 -> 0 | CS80: =CS52+CS77 -> 0 | CT80: =CT52+CT77 -> 0 | CU80: =CU52+CU77 -> 0 | CW80: =CW52+CW77 -> 0 | CX80: =CX52+CX77 -> 0 | CY80: =CY52+CY77 -> 0 | DA80: =DA52+DA77 -> 0 | DB80: =DB52+DB77 -> 0 | DC80: =DC52+DC77 -> 0 | DE80: =DE52+DE77 -> 0 | DF80: =DF52+DF77 -> 0 | DG80: =DG52+DG77 -> 0 | DI80: =DI52+DI77 -> 0 | DJ80: =DJ52+DJ77 -> 0 | DK80: =DK52+DK77 -> 0 | DM80: =DM52+DM77 -> 0 | DN80: =DN52+DN77 -> 0 | DO80: =DO52+DO77 -> 0 | DQ80: =DQ52+DQ77 -> 0 | DR80: =DR52+DR77 -> 0 | DS80: =DS52+DS77 -> 0 | DU80: =DU52+DU77 -> 0 | DV80: =DV52+DV77 -> 0 | DW80: =DW52+DW77 -> 0 | DY80: =DY52+DY77 -> 0 | DZ80: =DZ52+DZ77 -> 0 | EA80: =EA52+EA77 -> 0 | EC80: =EC52+EC77 -> 0 | ED80: =ED52+ED77 -> 0 | EE80: =EE52+EE77 -> 0 | EG80: =EG52+EG77 -> 0 | EH80: =EH52+EH77 -> 0 | EI80: =EI52+EI77 -> 0 | EK80: =EK52+EK77 -> 0 | EL80: =EL52+EL77 -> 0 | EM80: =EM52+EM77 -> 0 | EO80: =EO52+EO77 -> 0 | EP80: =EP52+EP77 -> 0 | EQ80: =EQ52+EQ77 -> 0 | ES80: =ES52+ES77 -> 0 | ET80: =ET52+ET77 -> 0 | EU80: =EU52+EU77 -> 0 | EW80: =EW52+EW77 -> 0 | EX80: =EX52+EX77 -> 0 | EY80: =EY52+EY77 -> 0 | FA80: =FA52+FA77 -> 0 | FB80: =FB52+FB77 -> 0 | FC80: =FC52+FC77 -> 0 | FE80: =FE52+FE77 -> 0 | FF80: =FF52+FF77 -> 0 | FG80: =FG52+FG77 -> 0 | FI80: =FI52+FI77 -> 0 | FJ80: =FJ52+FJ77 -> 0 | FK80: =FK52+FK77 -> 0 | FM80: =FM52+FM77 -> 0 | FN80: =FN52+FN77 -> 0 | FO80: =FO52+FO77 -> 0 | FQ80: =FQ52+FQ77 -> 0 | FR80: =FR52+FR77 -> 0 | FS80: =FS52+FS77 -> 0 | FU80: =FU52+FU77 -> 0 | FV80: =FV52+FV77 -> 0 | FW80: =FW52+FW77 -> 0 | FY80: =FY52+FY77 -> 0 | FZ80: =FZ52+FZ77 -> 0 | GA80: =GA52+GA77 -> 0 | GC80: =GC52+GC77 -> 0 | GD80: =GD52+GD77 -> 0 | GE80: =GE52+GE77 -> 0 | GG80: =GG52+GG77 -> 0 | GH80: =GH52+GH77 -> 0 | GI80: =GI52+GI77 -> 0 | GK80: =GK52+GK77 -> 0 | GL80: =GL52+GL77 -> 0 | GM80: =GM52+GM77 -> 0 | GO80: =GO52+GO77 -> 0 | GP80: =GP52+GP77 -> 0 | GQ80: =GQ52+GQ77 -> 0 | GS80: =GS52+GS77 -> 0 | GT80: =GT52+GT77 -> 0 | GU80: =GU52+GU77 -> 0 | GW80: =GW52+GW77 -> 0 | GX80: =GX52+GX77 -> 0 | GY80: =GY52+GY77 -> 0 | HA80: =HA52+HA77 -> 0 | HB80: =HB52+HB77 -> 0 | HC80: =HC52+HC77 -> 0 | HE80: =HE52+HE77 -> 0 | HF80: =HF52+HF77 -> 0 | HG80: =HG52+HG77 -> 0
A83: Notes: | D83: Add additional lines as necessary
D84: If you have costs in the Center Overhead column please see the below note
D85: *Administrative and clerical salaries can be included in rates if they meet the following criteria:
D86: 1. There is an unlike circumstance and,
D87: 2. They were not included in the F&A rate proposal previously (contact MAA for more information).
D88: * Please include a description of the unlike circumstance

Sheet Salary Cap Worksheet
A1: Salary Cap Summary
A13: Link
A15: Directions: Identify salaries in rate over current cap
B16: Employee 1 | C16: Employee 2 | D16: Employee 3
A17: Annual Salary | B17: 250000
A18: Current Salary Cap | B18: 228000 | C18: 228000 | D18: 228000
A19: FTE on Center Rate | B19: 0.1
A20: Allowable Annual Salary on Rate Proposal | B20: =B18*B19 -> 22800 | C20: =C18*C19 -> 0 | D20: =D18*D19 -> 0
A21: Allowable Monthly Salary on Rate Proposal | B21: =B20/12 -> 1900 | C21: =C20/12 -> 0 | D21: =D20/12 -> 0

Sheet Depreciation
A1: Year 1 Depreciation | N1: Year 1 Allocation Schedule
A2: Purpose: Calculate depreciation for equipment that costs more than $5,000 per individual item. | N2: Purpose: Allocate depreciation to the different rates
N3: Center Overhead Yr. 1 | P3: Rate 1 Yr. 1 | R3: Rate 2 Yr. 1 | T3: Rate 3 Yr. 1 | V3: Rate 4 Yr. 1 | X3: Rate 5 Yr. 1 | Z3: Rate 6 Yr. 1 | AB3: Rate 7 Yr. 1 | AD3: Rate 8 Yr. 1 | AF3: Rate 9 Yr. 1 | AH3: Rate 10 Yr. 1 | AJ3: Rate 11 Yr. 1 | AL3: Rate 12 Yr. 1 | AN3: Rate 13 Yr. 1 | AP3: Rate 14 Yr. 1 | AR3: Rate 15 Yr. 1 | AT3: Rate 16 Yr. 1 | AV3: Rate 17 Yr. 1 | AX3: Rate 18 Yr. 1 | AZ3: Rate 19 Yr. 1 | BB3: Rate 20 Yr. 1 | BD3: Rate 21 Yr. 1 | BF3: Rate 22 Yr. 1 | BH3: Rate 23 Yr. 1 | BJ3: Rate 24 Yr. 1 | BL3: Rate 25 Yr. 1 | BN3: Rate 26 Yr. 1 | BP3: Rate 27 Yr. 1 | BR3: Rate 28 Yr. 1 | BT3: Rate 29 Yr. 1 | BV3: Rate 30 Yr. 1 | BX3: Rate 31 Yr. 1 | BZ3: Rate 32 Yr. 1 | CB3: Rate 33 Yr. 1 | CD3: Rate 34 Yr. 1 | CF3: Rate 35 Yr. 1 | CH3: Rate 36 Yr. 1 | CJ3: Rate 37 Yr. 1 | CL3: Rate 38 Yr. 1 | CN3: Rate 39 Yr. 1 | CP3: Rate 40 Yr. 1 | CR3: Rate 41 Yr. 1 | CT3: Rate 42 Yr. 1 | CV3: Rate 43 Yr. 1 | CX3: Rate 44 Yr. 1 | CZ3: Rate 45 Yr. 1 | DB3: Rate 46 Yr. 1 | DD3: Rate 47 Yr. 1 | DF3: Rate 48 Yr. 1 | DH3: Rate 49 Yr. 1 | DJ3: Rate 50 Yr. 1 | DM3: Percent Check | DN3: Dollar Check | DO3: Difference between allocated dollar and total dollar
A4: =IF('General Information'!B7=0, "Please Enter Start Date On General Information Sheet", "Year 1: "&TEXT('General Information'!B7,"mm/dd/yy")&" to "&TEXT('General Information'!B8-365, "mm/dd/yy")) -> Please Enter Start Date On General Information Sheet | N4: =IF(Usage!$B$8=0, "", Usage!$B$8) -> Center Overhead | P4: =IF(Usage!$B$9=0, "", Usage!$B$9) | R4: =IF(Usage!$B$10=0, "", Usage!$B$10) | T4: =IF(Usage!$B$11=0, "", Usage!$B$11) | V4: =IF(Usage!$B$12=0, "", Usage!$B$12) | X4: =IF(Usage!$B$13=0, "", Usage!$B$13) | Z4: =IF(Usage!$B$14=0, "", Usage!$B$14) | AB4: =IF(Usage!$B$15=0, "", Usage!$B$15) | AD4: =IF(Usage!$B$16=0, "", Usage!$B$16) | AF4: =IF(Usage!$B$17=0, "", Usage!$B$17) | AH4: =IF(Usage!$B$18=0, "", Usage!$B$18) | AJ4: =IF(Usage!$B$19=0, "", Usage!$B$19) | AL4: =IF(Usage!$B$20=0, "", Usage!$B$20) | AN4: =IF(Usage!$B$21=0, "", Usage!$B$21) | AP4: =IF(Usage!$B$22=0, "", Usage!$B$22) | AR4: =IF(Usage!$B$23=0, "", Usage!$B$23) | AT4: =IF(Usage!$B$24=0, "", Usage!$B$24) | AV4: =IF(Usage!$B$25=0, "", Usage!$B$25) | AX4: =IF(Usage!$B$26=0, "", Usage!$B$26) | AZ4: =IF(Usage!$B$27=0, "", Usage!$B$27) | BB4: =IF(Usage!$B$28=0, "", Usage!$B$28) | BD4: =IF(Usage!$B$29=0, "", Usage!$B$29) | BF4: =IF(Usage!$B$30=0, "", Usage!$B$30) | BH4: =IF(Usage!$B$31=0, "", Usage!$B$31) | BJ4: =IF(Usage!$B$32=0, "", Usage!$B$32) | BL4: =IF(Usage!$B$33=0, "", Usage!$B$33) | BN4: =IF(Usage!$B$34=0, "", Usage!$B$34) | BP4: =IF(Usage!$B$35=0, "", Usage!$B$35) | BR4: =IF(Usage!$B$36=0, "", Usage!$B$36) | BT4: =IF(Usage!$B$37=0, "", Usage!$B$37) | BV4: =IF(Usage!$B$38=0, "", Usage!$B$38) | BX4: =IF(Usage!$B$39=0, "", Usage!$B$39) | BZ4: =IF(Usage!$B$40=0, "", Usage!$B$40) | CB4: =IF(Usage!$B$41=0, "", Usage!$B$41) | CD4: =IF(Usage!$B$42=0, "", Usage!$B$42) | CF4: =IF(Usage!$B$43=0, "", Usage!$B$43) | CH4: =IF(Usage!$B$44=0, "", Usage!$B$44) | CJ4: =IF(Usage!$B$45=0, "", Usage!$B$45) | CL4: =IF(Usage!$B$46=0, "", Usage!$B$46) | CN4: =IF(Usage!$B$47=0, "", Usage!$B$47) | CP4: =IF(Usage!$B$48=0, "", Usage!$B$48) | CR4: =IF(Usage!$B$49=0, "", Usage!$B$49) | CT4: =IF(Usage!$B$50=0, "", Usage!$B$50) | CV4: =IF(Usage!$B$51=0, "", Usage!$B$51) | CX4: =IF(Usage!$B$52=0, "", Usage!$B$52) | CZ4: =IF(Usage!$B$53=0, "", Usage!$B$53) | DB4: =IF(Usage!$B$54=0, "", Usage!$B$54) | DD4: =IF(Usage!$B$55=0, "", Usage!$B$55) | DF4: =IF(Usage!$B$56=0, "", Usage!$B$56) | DH4: =IF(Usage!$B$57=0, "", Usage!$B$57) | DJ4: =IF(Usage!$B$58=0, "", Usage!$B$58) | DM4: (should add up to 100%)
